Workbook
Name Acero: #REF!
Name Acero: #REF!
Name Agregados: #REF!
Name Agregados: #REF!
Name Apar.Sanitarios: #REF!
Name Apar.Sanitarios: #REF!
Name Carp.Aluminio: #REF!
Name Carp.Aluminio: #REF!
Name Carp.Metalica: #REF!
Name Carp.Metalica: #REF!
Name Cerrajeria: #REF!
Name Cerrajeria: #REF!
Name Ciudades: #REF!
Name Ciudades: #REF!
Name Combustible: #REF!
Name Combustible: #REF!
Name Concretos: #REF!
Name Concretos: #REF!
Name Cuadrillas: #REF!
Name Cuadrillas: #REF!
Name Cubierta: #REF!
Name Cubierta: #REF!
Name Drywall: #REF!
Name Drywall: #REF!
Name Equipos: #REF!
Name Equipos: #REF!
Name EquiposEspeciales: #REF!
Name EquiposEspeciales: #REF!
Name Ferreteria: #REF!
Name Ferreteria: #REF!
Name Formaletas: #REF!
Name Formaletas: #REF!
Name Geosinteticos: #REF!
Name Geosinteticos: #REF!
Name Impermeabilizantes: #REF!
Name Impermeabilizantes: #REF!
Name Inst.Electricas: #REF!
Name Inst.Electricas: #REF!
Name Inst.Hidrosanitarias: #REF!
Name Inst.Hidrosanitarias: #REF!
Name INSUMOS: [1]INSUMOS!$A$1:$A$859
Name Ladrillos: #REF!
Name Ladrillos: #REF!
Name Leh: [2]Ins_EH!$B$2:$B$33
Name LiMo: [2]Ins_MO!$B$2:$B$14
Name Ltr: [2]Ins_TR!$B$2:$B$12
Name Maderas: #REF!
Name Maderas: #REF!
Name Pinturas: #REF!
Name Pinturas: #REF!
Name PisosEnchapes: #REF!
Name PisosEnchapes: #REF!
Name Prefabricados: #REF!
Name Prefabricados: #REF!
Name VariosAnalisis: #REF!
Name VariosAnalisis: #REF!

Sheet PRESUPUESTO TOTALIZADO
A2: PROYECTO. “REALIZAR LAS ACTIVIDADES PARA LA INSTALACIÓN DE ELEMENTOS DE SEÑALIZACIÓN VIAL EN DIFERENTES SECTORES CON EL FIN DE MEJORAR LA SEGURIDAD VIAL Y LA ORIENTACIÓN DEL TRÁNSITO EN EL MUNICIPIO DE PENSILVANIA. ”.
A5: ITEM | B5: ACTIVIDADES | C5: UN | D5: CANT. | E5: VALOR | F5: VALOR
E6: UNITARIO | F6: TOTAL
A7: 1 | B7: DESCRIPCIÓN
A8: 1.1. | B8: SUMINISTRO, TRANSPORTE E INSTALACIÓN HORIZONTAL DE VIAS PINTURA PLASTICO EN FRÍO | C8: M2 | D8: 99 | E8: 93000 | F8: =ROUND(D8*E8,0) -> 9207000 | G8: 620786
A9: 1.2. | B9: SUMINISTRO, TRANSPORTE E INSTALACIÓN DEMARCACIÓN PASOS PEATONALES, LINEAS DE PARE, SIMBOLOS, TEXTOS Y OTRAS CON PINTURA PLÁSTICO EN FRIO METODO LLANA | C9: M2 | D9: 90 | E9: 80900 | F9: =ROUND(D9*E9,0) -> 7281000 | G9: 3870
A10: 1.3. | B10: SUMINISTRO, TRANSPORTE E INSTALACIÓN DEMARCACIÓN LINEAS CENTRALES CON PINTURA PLÁSTICA EN FRIO APLICADA CON VEHICULO (DE BORDE, DE CARRIL Y OTRAS) ANCHO 12 CMS | C10: ML | D10: 21 | E10: 9450 | F10: =ROUND(D10*E10,0) -> 198450 | G10: 396567
A11: 1.4. | B11: FRESADO DE MARCAS VIALES | C11: ML | D11: 39 | E11: 13980 | F11: =ROUND(D11*E11,0) -> 545220 | G11: 369549
A12: 1.5. | B12: INSTALACIÓN DE REDUCTORES EXISTENTES (INCLUYE MANO DE OBRA, PEGANTE,PERNOS DE ANCLAJE, Y TODO LO NECESARIO PARA LA INSTALACIÓN) | C12: ML | D12: 20 | E12: 167000 | F12: =ROUND(D12*E12,0) -> 3340000 | G12: 1079929
A13: 1.6. | B13: SUMINISTRO, TRANSPORTE E INSTALACIÓN DE REDUCTORES PLÁSTICOS (INCLUYE MANO DE OBRA, PEGANTE,PERNOS DE ANCLAJE, Y TODO LO NECESARIO PARA LA INSTALACIÓN) | C13: ML | D13: 29 | E13: 321300 | F13: =ROUND(D13*E13,0) -> 9317700
B14: COSTO DIRECTO | F14: =+SUM(F8:F13) -> 29889370
B16: AIU | E16: =+AIU!J28 -> 0.3315 | F16: =ROUND(F14*E16,0) -> 9908326
B17: COSTO TOAL | F17: =+F16+F14 -> 39797696
B21: ALEJANDRO URREA GÓMEZ
B22: SECRETARIO DE PLANEACIÓN, INFRAESTRUCTURA, DESARROLLO SOCIAL Y MEDIO AMBIENTE MUNICIPAL

Sheet CRONOGRAMA Y FLUJO DE INVERSION
G2: ETAPA PRECONTRACTUAL | H2: ETAPA CONTRACTUAL
H4: MES 1 | L4: MES 2 | P4: MES 3 | T4: MES 4 | X4: MES 5 | AB4: MES 6
A5: ITEM | B5: ACTIVIDADES | C5: UN | D5: CANT. | E5: VALOR | F5: VALOR
A6: 1 | B6: OBRAS PRELIMINARES
A7: 1.1 | B7: LOCALIZACIÓN Y REPLANTEO DE INTERVENCIÓN, INCLUYE PLANO RECORD | C7: DÍA | D7: =+'PRESUPUESTO TOTALIZADO'!D8 -> 99 | E7: =+'PRESUPUESTO TOTALIZADO'!E8 -> 93000 | F7: =+'PRESUPUESTO TOTALIZADO'!F8 -> 9207000 | H7: =+H8*$F$7 -> 2762100 | I7: =+I8*$F$7 -> 2762100 | J7: =+J8*$F$7 -> 1841400 | K7: =+K8*$F$7 -> 1841400
H8: 0.3 | I8: 0.3 | J8: 0.2 | K8: 0.2
A9: 1.2 | B9: DESCAPOTE Y LIMPIEZA | C9: M2 | D9: =+'PRESUPUESTO TOTALIZADO'!D9 -> 90 | E9: =+'PRESUPUESTO TOTALIZADO'!E9 -> 80900 | F9: =+'PRESUPUESTO TOTALIZADO'!F9 -> 7281000 | I9: =+I10*$F$9 -> 3276450 | J9: =+J10*$F$9 -> 2548350 | K9: =+K10*$F$9 -> 1456200
I10: 0.45 | J10: 0.35 | K10: 0.2
A11: 2 | B11: MOVIMIENTO DE TIERRAS
A12: 2.1. | B12: EXCAVACIÓN MECANIZADA CIELO ABIERTO EN MAT COMÚN/CONGLOMERADO 0-6m | C12: M3 | D12: =+'PRESUPUESTO TOTALIZADO'!#REF! -> #REF! | E12: =+'PRESUPUESTO TOTALIZADO'!#REF! -> #REF! | F12: =+'PRESUPUESTO TOTALIZADO'!#REF! -> #REF! | I12: =+I13*$F$12 -> #REF! | J12: =+J13*$F$12 -> #REF! | K12: =+K13*$F$12 -> #REF! | L12: =+L13*$F$12 -> #REF!
I13: 0.35 | J13: 0.35 | K13: 0.2 | L13: 0.1
A14: 2.2. | B14: EXCAVACIÓN EN MATERIAL COMÚN DE 0-2m | C14: M3 | D14: =+'PRESUPUESTO TOTALIZADO'!#REF! -> #REF! | E14: =+'PRESUPUESTO TOTALIZADO'!#REF! -> #REF! | F14: =+'PRESUPUESTO TOTALIZADO'!#REF! -> #REF! | I14: =+I15*$F$14 -> #REF! | J14: =+J15*$F$14 -> #REF! | K14: =+K15*$F$14 -> #REF! | L14: =+L15*$F$14 -> #REF!
I15: 0.3 | J15: 0.3 | K15: 0.25 | L15: 0.15
A16: 2.3. | B16: LLENO COMPACTADO CON MATERIAL DE SITIO (CANGURO) | C16: M3 | D16: =+'PRESUPUESTO TOTALIZADO'!#REF! -> #REF! | E16: =+'PRESUPUESTO TOTALIZADO'!#REF! -> #REF! | F16: =+'PRESUPUESTO TOTALIZADO'!#REF! -> #REF! | J16: =+J17*$F$16 -> #REF! | K16: =+K17*$F$16 -> #REF! | L16: =+L17*$F$16 -> #REF!
J17: 0.33 | K17: 0.33 | L17: 0.34
A18: 2.4. | B18: RETIRO MATERIAL SOBRANTE EN VEHÍCULO AUTOMOTOR (HASTA 20 Km) | C18: M3 | D18: =+'PRESUPUESTO TOTALIZADO'!#REF! -> #REF! | E18: =+'PRESUPUESTO TOTALIZADO'!#REF! -> #REF! | F18: =+'PRESUPUESTO TOTALIZADO'!#REF! -> #REF! | K18: =+K19*$F$18 -> #REF! | L18: =+L19*$F$18 -> #REF! | M18: =+M19*$F$18 -> #REF!
K19: 0.4 | L19: 0.4 | M19: 0.2
A20: 2.5. | B20: NIVELACIÓN DE TERRENO CON MATERIAL DE SITIO | C20: M2 | D20: =+'PRESUPUESTO TOTALIZADO'!#REF! -> #REF! | E20: =+'PRESUPUESTO TOTALIZADO'!#REF! -> #REF! | F20: =+'PRESUPUESTO TOTALIZADO'!#REF! -> #REF! | K20: =+K21*$F$20 -> #REF! | L20: =+L21*$F$20 -> #REF! | M20: =+M21*$F$20 -> #REF!
K21: 0.35 | L21: 0.35 | M21: 0.3
A22: 2.6. | B22: CONFORMACIÓN DE TALUDES EN TIERRA Y EMPRADIZADO | C22: M2 | D22: =+'PRESUPUESTO TOTALIZADO'!#REF! -> #REF! | E22: =+'PRESUPUESTO TOTALIZADO'!#REF! -> #REF! | F22: =+'PRESUPUESTO TOTALIZADO'!#REF! -> #REF! | L22: =+L23*$F$22 -> #REF! | M22: =+M23*$F$22 -> #REF! | N22: =+N23*$F$22 -> #REF!
L23: 0.34 | M23: 0.33 | N23: 0.33
A24: 3 | B24: BORDILLOS, ANDENES VÍAS Y/O MUROS
A25: 3.1. | B25: SUMINISTRO TRANSPORTE E INSTALACIÓN AFIRMADO COMPACTADO | C25: M3 | D25: =+'PRESUPUESTO TOTALIZADO'!#REF! -> #REF! | E25: =+'PRESUPUESTO TOTALIZADO'!#REF! -> #REF! | F25: =+'PRESUPUESTO TOTALIZADO'!#REF! -> #REF! | L25: =+L26*$F$25 -> #REF! | M25: =+M26*$F$25 -> #REF! | N25: =+N26*$F$25 -> #REF!
L26: 0.35 | M26: 0.35 | N26: 0.3
A27: 3.2. | B27: SUMINISTRO TRANSPORTE E INSTALACIÓN BORDILLO CUNETA EN CONCRETO DE 3000 PSI (21 MPA) INCLUYE REFUERZO | C27: ML | D27: =+'PRESUPUESTO TOTALIZADO'!#REF! -> #REF! | E27: =+'PRESUPUESTO TOTALIZADO'!#REF! -> #REF! | F27: =+'PRESUPUESTO TOTALIZADO'!#REF! -> #REF! | M27: =+M28*$F$27 -> #REF! | N27: =+N28*$F$27 -> #REF! | O27: =+O28*$F$27 -> #REF!
M28: 0.33 | N28: 0.33 | O28: 0.34
A29: 3.3. | B29: SUMINISTRO TRANSPORTE E INSTALACIÓN ANDEN DE 2500 PSI (17.5 MPA) e=8cm. | C29: M2 | D29: =+'PRESUPUESTO TOTALIZADO'!#REF! -> #REF! | E29: =+'PRESUPUESTO TOTALIZADO'!#REF! -> #REF! | F29: =+'PRESUPUESTO TOTALIZADO'!#REF! -> #REF! | M29: =+M30*$F$29 -> #REF! | N29: =+N30*$F$29 -> #REF! | O29: =+O30*$F$29 -> #REF! | P29: =+P30*$F$29 -> #REF! | T29: |
M30: 0.3 | N30: 0.3 | O30: 0.25 | P30: 0.15
A31: 3.4. | B31: SUMINISTRO Y CONSTRUCCION DE MURO EN CONCRETO CICLOPEO PARA SUBMURACIÓN | C31: M3 | D31: =+'PRESUPUESTO TOTALIZADO'!#REF! -> #REF! | E31: =+'PRESUPUESTO TOTALIZADO'!#REF! -> #REF! | F31: =+'PRESUPUESTO TOTALIZADO'!#REF! -> #REF! | M31: =+M32*$F$31 -> #REF! | N31: =+N32*$F$31 -> #REF! | O31: =+O32*$F$31 -> #REF! | P31: =+P32*$F$31 -> #REF!
M32: 0.25 | N32: 0.25 | O32: 0.25 | P32: 0.25
A33: 4 | B33: REDES DE ACUEDUCTO, ALCANTARILLADO Y MANEJO DE AGUAS LLUVIAS.
A34: 4.1. | B34: SUMINISTRO TRANSPORTE E INSTALACIÓN DE EMPALME DE RED DE ACUEDUCTO DE 3" CON LÍNEA PRINCIPAL EXISTENTE. | C34: UN | D34: =+'PRESUPUESTO TOTALIZADO'!#REF! -> #REF! | E34: =+'PRESUPUESTO TOTALIZADO'!#REF! -> #REF! | F34: =+'PRESUPUESTO TOTALIZADO'!#REF! -> #REF! | N34: =+N35*$F$34 -> #REF! | O34: =+O35*$F$34 -> #REF!
N35: 0.7 | O35: 0.3
A36: 4.2. | B36: SUMINISTROTRANSPORTE E INSTALACIÓN TUBERÍA PVC UNIÓN PLATINO DE 3" RDE 21 | C36: ML | D36: =+'PRESUPUESTO TOTALIZADO'!#REF! -> #REF! | E36: =+'PRESUPUESTO TOTALIZADO'!#REF! -> #REF! | F36: =+'PRESUPUESTO TOTALIZADO'!#REF! -> #REF! | L36: =+L37*$F$36 -> #REF! | M36: =+M37*$F$36 -> #REF! | N36: =+N37*$F$36 -> #REF!
L37: 0.34 | M37: 0.34 | N37: 0.32
A38: 4.3. | B38: SUMINISTROTRANSPORTE E INSTALACIÓN DE VALVULAS DE COMPUERTA ELASTICA JH. DE 3" | C38: UN | D38: =+'PRESUPUESTO TOTALIZADO'!#REF! -> #REF! | E38: =+'PRESUPUESTO TOTALIZADO'!#REF! -> #REF! | F38: =+'PRESUPUESTO TOTALIZADO'!#REF! -> #REF! | M38: =+M39*F38 -> #REF!
M39: 1
A40: 4.4. | B40: SUMINISTROTRANSPORTE E INSTALACIÓN TUBERÍA PVC ALCANTARILLADO PARED ESTRUCTURAL 160mm (6"). (Incluye nivelación) | C40: ML | D40: =+'PRESUPUESTO TOTALIZADO'!#REF! -> #REF! | E40: =+'PRESUPUESTO TOTALIZADO'!#REF! -> #REF! | F40: =+'PRESUPUESTO TOTALIZADO'!#REF! -> #REF! | N40: =+N41*$F$40 -> #REF! | O40: =+O41*$F$40 -> #REF! | P40: =+P41*$F$40 -> #REF!
N41: 0.4 | O41: 0.3 | P41: 0.3
A42: 4.5. | B42: SUMINISTROTRANSPORTE E INSTALACIÓN TUBERÍA PVC ALCANTARILLADO PARED ESTRUCTURAL 200mm (8"). (Incluye nivelación) | C42: ML | D42: =+'PRESUPUESTO TOTALIZADO'!#REF! -> #REF! | E42: =+'PRESUPUESTO TOTALIZADO'!#REF! -> #REF! | F42: =+'PRESUPUESTO TOTALIZADO'!#REF! -> #REF! | N42: =+N43*$F$42 -> #REF! | O42: =+O43*$F$42 -> #REF! | P42: =+P43*$F$42 -> #REF!
N43: 0.35 | O43: 0.35 | P43: 0.3
A44: 4.6. | B44: SUMINISTROTRANSPORTE E INSTALACIÓN TUBERÍA PVC ALCANTARILLADO PARED ESTRUCTURAL 250mm (10"). (Incluye nivelación) | C44: ML | D44: =+'PRESUPUESTO TOTALIZADO'!#REF! -> #REF! | E44: =+'PRESUPUESTO TOTALIZADO'!#REF! -> #REF! | F44: =+'PRESUPUESTO TOTALIZADO'!#REF! -> #REF! | O44: =+O45*$F$44 -> #REF!
O45: 1
A46: 4.7. | B46: SUMINISTROTRANSPORTE E INSTALACIÓN TUBERÍA PVC ALCANTARILLADO PARED ESTRUCTURAL 315mm (12"). (Incluye nivelación) | C46: ML | D46: =+'PRESUPUESTO TOTALIZADO'!#REF! -> #REF! | E46: =+'PRESUPUESTO TOTALIZADO'!#REF! -> #REF! | F46: =+'PRESUPUESTO TOTALIZADO'!#REF! -> #REF! | O46: =+O47*F46 -> #REF!
O47: 1
A48: 4.8. | B48: SUMINISTROTRANSPORTE E INSTALACIÓN TUBERÍA PVC ALCANTARILLADO PARED ESTRUCTURAL 400mm (16"). (Incluye nivelación) | C48: ML | D48: =+'PRESUPUESTO TOTALIZADO'!#REF! -> #REF! | E48: =+'PRESUPUESTO TOTALIZADO'!#REF! -> #REF! | F48: =+'PRESUPUESTO TOTALIZADO'!#REF! -> #REF! | O48: =+O49*F48 -> #REF!
O49: 1
A50: 4.9. | B50: SUMINISTROTRANSPORTE E INSTALACIÓN EMPALME PARA PVC ALCANTARILLADO DE 200mm (8") A 160mm (6") | C50: UN | D50: =+'PRESUPUESTO TOTALIZADO'!#REF! -> #REF! | E50: =+'PRESUPUESTO TOTALIZADO'!#REF! -> #REF! | F50: =+'PRESUPUESTO TOTALIZADO'!#REF! -> #REF! | N50: =+N51*F50 -> #REF! | O50: =+O51*F50 -> #REF!
N51: 0.6 | O51: 0.4
A52: 4.10. | B52: SUMINISTRO, TRANSPORTE E INSTALACION CÁMARA CIRCULAR DE INSPECCIÓN/CAÍDA D=1.20 M. EN CONCRETO DE 3000PSI (21 MPA) | C52: ML | D52: =+'PRESUPUESTO TOTALIZADO'!#REF! -> #REF! | E52: =+'PRESUPUESTO TOTALIZADO'!#REF! -> #REF! | F52: =+'PRESUPUESTO TOTALIZADO'!#REF! -> #REF! | O52: =+O53*$F$52 -> #REF! | P52: =+P53*$F$52 -> #REF!
O53: 0.5 | P53: 0.5
A54: 4.11 | B54: SUMINISTRO, TRANSPORTE E INSTALACION BASE Y CAÑUELA PARA CÁMARA DE INSPECCIÓN D=1.2M EN CONCRETO DE 3000PSI (21 MPA) | C54: UN | D54: =+'PRESUPUESTO TOTALIZADO'!D10 -> 21 | E54: =+'PRESUPUESTO TOTALIZADO'!E10 -> 9450 | F54: =+'PRESUPUESTO TOTALIZADO'!F10 -> 198450 | P54: =+P55*$F$54 -> 99225 | Q54: =+Q55*$F$54 -> 99225
P55: 0.5 | Q55: 0.5
A56: 4.12 | B56: SUMINISTRO, TRANSPORTE E INSTALACION ARO/ TAPA EN POLIPROPILENO D= 0,70 M PARA CÁMARA DE INSPECCION (CUELLO 20 CM) | C56: UN | D56: =+'PRESUPUESTO TOTALIZADO'!D11 -> 39 | E56: =+'PRESUPUESTO TOTALIZADO'!E11 -> 13980 | F56: =+'PRESUPUESTO TOTALIZADO'!F11 -> 545220 | Q56: =+Q57*$F$56 -> 272610 | R56: =+R57*$F$56 -> 272610
Q57: 0.5 | R57: 0.5
A58: 4.13 | B58: SUMINISTRO, TRANSPORTE E INSTALACION CUNETA DE SECCIÓN VARIABLE EN CONCRETO F'C= 3000 PSI. INCLUYE MALLA ELECTROSOLDADA COMO REFUERZO | C58: M3 | D58: =+'PRESUPUESTO TOTALIZADO'!D12 -> 20 | E58: =+'PRESUPUESTO TOTALIZADO'!E12 -> 167000 | F58: =+'PRESUPUESTO TOTALIZADO'!F12 -> 3340000 | Q58: =+Q59*$F$58 -> 835000 | R58: =+R59*$F$58 -> 835000 | S58: =+S59*$F$58 -> 835000 | T58: =+T59*$F$58 -> 835000
Q59: 0.25 | R59: 0.25 | S59: 0.25 | T59: 0.25
A60: 4.14 | B60: SUMINISTRO, TRANSPORTE E INSTALACION CANAL ESCALONADO EN CONCRETO F'C= 3000 PSI. INCLUYE MALLA ELECTROSOLDADA COMO REFUERZO | C60: M3 | D60: =+'PRESUPUESTO TOTALIZADO'!#REF! -> #REF! | E60: =+'PRESUPUESTO TOTALIZADO'!#REF! -> #REF! | F60: =+'PRESUPUESTO TOTALIZADO'!#REF! -> #REF! | Q60: =+Q61*$F$60 -> #REF! | R60: =+R61*$F$60 -> #REF! | S60: =+S61*$F$60 -> #REF! | T60: =+T61*$F$60 -> #REF!
Q61: 0.25 | R61: 0.25 | S61: 0.25 | T61: 0.25
S62: 0.7 | T62: 0.3
A63: 4.16. | B63: SUMINISTRO TRANSPORTE E INSTALACIÓN SISTEMA DE TRATAMIENTO DE AGUAS RESIDUALES DOMESTICAS ANAEROBIO, PARA 25 VIVIENDAS (APROXIMADAMENTE 100 HABITANTES). INCLUYE SUMINISTRO E INSTALACIÓN DE ESTRUCTURA DE ENTRADA (CRIBA Y VERTEDERO DE EXCESOS) 2 SISTEMAS SÉPTICO INTEGRADOS DE 12.500LITROS C/U, MEDIO DE SOPORTE MICROBIOLÓGICO (FILTRO PLÁSTICO “ROSETONES”), CONEXIONES ENTRE LAS UNIDADES DEL SISTEMA, CAJA DE DISTRIBUCIÓN DE CAUDALES, CAMPO DE INFILTRACIÓN DE DOS LÍNEAS EN TUBERÍA PERFORADA DE 4" CON ZANJA FILTRNATE DE 0,6X0.6M POR 6 M DE LONGITUD, ADECUACIÓN DE TERRENO PARA LA INSTALACIÓN DEL SISTEMA. | C63: UN | D63: =+'PRESUPUESTO TOTALIZADO'!#REF! -> #REF! | E63: =+'PRESUPUESTO TOTALIZADO'!#REF! -> #REF! | F63: =+'PRESUPUESTO TOTALIZADO'!#REF! -> #REF! | S63: =+S64*$F$63 -> #REF! | T63: =+T64*$F$63 -> #REF!
S64: 0.7 | T64: 0.3
B66: OBRAS DE CONSTRUCCIÓN VIVIENDAS
A68: 5 | B68: CIMENTACIÓN
A69: 5.1. | B69: EXCAVACIÓN PARA CIMENTACIÓN | C69: M3 | D69: =+'PRESUPUESTO TOTALIZADO'!#REF! -> #REF! | E69: =+'PRESUPUESTO TOTALIZADO'!#REF! -> #REF! | F69: =+'PRESUPUESTO TOTALIZADO'!#REF! -> #REF! | O69: =+O70*$F$69 -> #REF! | P69: =+P70*$F$69 -> #REF! | Q69: =+Q70*$F$69 -> #REF!
O70: 0.4 | P70: 0.4 | Q70: 0.2
A71: 5.2. | B71: RETIRO MATERIAL SOBRANTE EN VEHÍCULO AUTOMOTOR (HASTA 20 Km) | C71: M3 | D71: =+'PRESUPUESTO TOTALIZADO'!#REF! -> #REF! | E71: =+'PRESUPUESTO TOTALIZADO'!#REF! -> #REF! | F71: =+'PRESUPUESTO TOTALIZADO'!#REF! -> #REF! | P71: =+P72*$F$71 -> #REF! | Q71: =+Q72*$F$71 -> #REF! | R71: =+R72*$F$71 -> #REF!
P72: 0.4 | Q72: 0.4 | R72: 0.2
A73: 5.3. | B73: SUMINISTRO TRANSPORTE E INSTALACIÓN DE VIGA DE CIMENTACIÓN DE 0,25 X 0,20 M EN CONCRETO DE 3000 PSI, INCLUYE IMPERMEABILIZANTE, FORMALETA Y REFUERZO | C73: ML | D73: =+'PRESUPUESTO TOTALIZADO'!#REF! -> #REF! | E73: =+'PRESUPUESTO TOTALIZADO'!#REF! -> #REF! | F73: =+'PRESUPUESTO TOTALIZADO'!#REF! -> #REF! | P73: =+P74*$F$73 -> #REF! | Q73: =+Q74*$F$73 -> #REF! | R73: =+R74*$F$73 -> #REF!
P74: 0.4 | Q74: 0.4 | R74: 0.2
A75: 5.4. | B75: SUMINISTRO TRANSPORTE E INSTALACIÓN DE VIGA DE CIMENTACIÓN DE 0,30 X 0,20 M EN CONCRETO DE 3000 PSI, INCLUYE IMPERMEABILIZANTE, FORMALETA Y REFUERZO | C75: ML | D75: =+'PRESUPUESTO TOTALIZADO'!#REF! -> #REF! | E75: =+'PRESUPUESTO TOTALIZADO'!#REF! -> #REF! | F75: =+'PRESUPUESTO TOTALIZADO'!#REF! -> #REF! | P75: =+P76*$F$75 -> #REF! | Q75: =+Q76*$F$75 -> #REF! | R75: =+R76*$F$75 -> #REF!
P76: 0.5 | Q76: 0.4 | R76: 0.1
A77: 5.5. | B77: SUMINISTRO TRANSPORTE E INSTALACIÓN DE VIGA DE SOBRECIMENTACIÓN DE 0,30 X 0,20 M EN CONCRETO DE 3000 PSI, INCLUYE IMPERMEABILIZANTE, FORMALETA Y REFUERZO | C77: ML | D77: =+'PRESUPUESTO TOTALIZADO'!#REF! -> #REF! | E77: =+'PRESUPUESTO TOTALIZADO'!#REF! -> #REF! | F77: =+'PRESUPUESTO TOTALIZADO'!#REF! -> #REF! | Q77: =+Q78*$F$77 -> #REF! | R77: =+R78*$F$77 -> #REF! | S77: =+S78*$F$77 -> #REF!
Q78: 0.4 | R78: 0.4 | S78: 0.2
A79: 6 | B79: ESTRUCTURA EN CONCRETO
A80: 6.1. | B80: SUMINISTRO TRANSPORTE E INSTALACIÓN LOSA DE CONTRAPISO DE 2500 PSI e=8cm, INCLUYE IMPERMEABILIZANTE Y MALLA 4mm 15X15cm | C80: M2 | D80: =+'PRESUPUESTO TOTALIZADO'!#REF! -> #REF! | E80: =+'PRESUPUESTO TOTALIZADO'!#REF! -> #REF! | F80: =+'PRESUPUESTO TOTALIZADO'!#REF! -> #REF! | S80: =+S81*$F$80 -> #REF! | T80: =+T81*$F$80 -> #REF! | U80: =+U81*$F$80 -> #REF!
S81: 0.35 | T81: 0.35 | U81: 0.3
A82: 6.2. | B82: SUMINISTRO TRANSPORTE E INSTALACIÓN COLUMNA 0,18 X 0,12 M EN CONCRETO DE 3000 PSI, INCLUYE FORMALETA Y REFUERZO | C82: ML | D82: =+'PRESUPUESTO TOTALIZADO'!#REF! -> #REF! | E82: =+'PRESUPUESTO TOTALIZADO'!#REF! -> #REF! | F82: =+'PRESUPUESTO TOTALIZADO'!#REF! -> #REF! | U82: =+U83*$F$82 -> #REF! | V82: =+V83*$F$82 -> #REF! | W82: =+W83*$F$82 -> #REF!
U83: 0.38 | V83: 0.38 | W83: 0.24
A84: 6.3. | B84: SUMINISTRO TRANSPORTE E INSTALACIÓN VIGA AEREA 0,12 X 0,18 M EN CONCRETO DE 3000 PSI, INCLUYE FORMALETA Y REFUERZO | C84: ML | D84: =+'PRESUPUESTO TOTALIZADO'!#REF! -> #REF! | E84: =+'PRESUPUESTO TOTALIZADO'!#REF! -> #REF! | F84: =+'PRESUPUESTO TOTALIZADO'!#REF! -> #REF! | V84: =+V85*$F$84 -> #REF! | W84: =+W85*$F$84 -> #REF! | X84: =+X85*$F$84 -> #REF!
V85: 0.35 | W85: 0.35 | X85: 0.3
A86: 6.4. | B86: SUMINISTRO TRANSPORTE E INSTALACIÓN VIGA AEREA 0,12 X 0,25 M EN CONCRETO DE 3000 PSI, INCLUYE FORMALETA Y REFUERZO | C86: ML | D86: =+'PRESUPUESTO TOTALIZADO'!#REF! -> #REF! | E86: =+'PRESUPUESTO TOTALIZADO'!#REF! -> #REF! | F86: =+'PRESUPUESTO TOTALIZADO'!#REF! -> #REF! | V86: =+V87*$F$86 -> #REF! | W86: =+W87*$F$86 -> #REF! | X86: =+X87*$F$86 -> #REF!
V87: 0.35 | W87: 0.35 | X87: 0.3
A88: 6.5. | B88: SUMINISTRO TRANSPORTE E INSTALACIÓN VIGA CINTA, ALFAJIA Y/O COLUMNETA DE CONFINAMIENTO 0,12 X 0,10 M EN CONCRETO DE 3000 PSI, INCLUYE FORMALETA Y REFUERZO | C88: ML | D88: =+'PRESUPUESTO TOTALIZADO'!#REF! -> #REF! | E88: =+'PRESUPUESTO TOTALIZADO'!#REF! -> #REF! | F88: =+'PRESUPUESTO TOTALIZADO'!#REF! -> #REF! | W88: =+W89*$F$88 -> #REF! | X88: =+X89*$F$88 -> #REF! | Y88: =+Y89*$F$88 -> #REF! | Z88: =+Z89*$F$88 -> #REF!
W89: 0.2 | X89: 0.3 | Y89: 0.3 | Z89: 0.2
A90: 6.6. | B90: SUMINISTRO TRANSPORTE E INSTALACIÓN LOSA DE ENTREPISO DE 3000 PSI (21 MPA) e=12cm, INCLUYE REFUERZO | C90: M2 | D90: =+'PRESUPUESTO TOTALIZADO'!#REF! -> #REF! | E90: =+'PRESUPUESTO TOTALIZADO'!#REF! -> #REF! | F90: =+'PRESUPUESTO TOTALIZADO'!#REF! -> #REF! | X90: =+X91*$F$90 -> #REF! | Y90: =+Y91*$F$90 -> #REF! | Z90: =+Z91*$F$90 -> #REF!
X91: 0.2 | Y91: 0.4 | Z91: 0.4
A92: 6.7. | B92: SUMINISTRO TRANSPORTE E INSTALACIÓN ESCALERA COMPARTIDA POR DOS VIVIENDAS, EN CONCRETO DE 3000 PSI (21 MPA), 5 PASOS DE 28cm x 90 cm Y UN DESCANSO DE 90cm x 90 cm COMPARTIDOS. Y 12 PASOS DE 28cm x 90 cm Y DOS DESCANSOS DE 90cm x 90 cm INDIVIDUALES. ESPESOR DE ESCALONES 6cm, ESPESOR DE LOSA 12cm. INCLUYE REFUERZO. | C92: UN | D92: =+'PRESUPUESTO TOTALIZADO'!#REF! -> #REF! | E92: =+'PRESUPUESTO TOTALIZADO'!#REF! -> #REF! | F92: =+'PRESUPUESTO TOTALIZADO'!#REF! -> #REF! | AA92: =+AA93*$F$92 -> #REF! | AB92: =+AB93*$F$92 -> #REF!
A93: 7 | B93: MAMPOSTERIA | AA93: 0.5 | AB93: 0.5
A94: 7.1 | B94: SUMINISTRO TRANSPORTE E INSTALACIÓN DE MUROS DE e=0.12m EN LADRILLO FAROL AMBAS CARAS A LA VISTA | C94: M2 | D94: =+'PRESUPUESTO TOTALIZADO'!#REF! -> #REF! | E94: =+'PRESUPUESTO TOTALIZADO'!#REF! -> #REF! | F94: =+'PRESUPUESTO TOTALIZADO'!#REF! -> #REF! | U94: =+U95*$F$94 -> #REF! | V94: =+V95*$F$94 -> #REF! | W94: =+W95*$F$94 -> #REF! | X94: =+X95*$F$94 -> #REF! | Y94: =+Y95*$F$94 -> #REF! | Z94: =+Z95*$F$94 -> #REF!
U95: 0.19 | V95: 0.19 | W95: 0.19 | X95: 0.19 | Y95: 0.19 | Z95: 0.05
A96: 8 | B96: CUBIERTA
A97: 8.1. | B97: SUMINISTRO TRANSPORTE E INSTALACIÓN DE CORREA METÁLICA EN C DE 120X50X2mm PARA CUBIERTA | C97: ML | D97: =+'PRESUPUESTO TOTALIZADO'!#REF! -> #REF! | E97: =+'PRESUPUESTO TOTALIZADO'!#REF! -> #REF! | F97: =+'PRESUPUESTO TOTALIZADO'!#REF! -> #REF! | Y97: =+Y98*$F$97 -> #REF! | Z97: =+Z98*$F$97 -> #REF! | AA97: =+AA98*$F$97 -> #REF! | AB97: =+AB98*$F$97 -> #REF!
Y98: 0.25 | Z98: 0.25 | AA98: 0.25 | AB98: 0.25
A99: 8.2. | B99: SUMINISTROTRANSPORTE E INSTALACIÓN CUBIERTA EN TEJA FIBROCEMENTO #8. INCLUYE CABALLETE | C99: M2 | D99: =+'PRESUPUESTO TOTALIZADO'!#REF! -> #REF! | E99: =+'PRESUPUESTO TOTALIZADO'!#REF! -> #REF! | F99: =+'PRESUPUESTO TOTALIZADO'!#REF! -> #REF! | Y99: =+Y100*$F$99 -> #REF! | Z99: =+Z100*$F$99 -> #REF! | AA99: =+AA100*$F$99 -> #REF! | AB99: =+AB100*$F$99 -> #REF!
A100: 9 | B100: ACABADOS | Y100: 0.25 | Z100: 0.25 | AA100: 0.25 | AB100: 0.25
A101: 9.1. | B101: SUMINISTROTRANSPORTE E INSTALACIÓN ENCHAPE EN CERAMICA BLANCA, PARA PISO Y/O PARED | C101: M2 | D101: =+'PRESUPUESTO TOTALIZADO'!#REF! -> #REF! | E101: =+'PRESUPUESTO TOTALIZADO'!#REF! -> #REF! | F101: =+'PRESUPUESTO TOTALIZADO'!#REF! -> #REF! | X101: =+X102*$F$101 -> #REF! | Y101: =+Y102*$F$101 -> #REF! | Z101: =+Z102*$F$101 -> #REF! | AA101: =+AA102*$F$101 -> #REF! | AB101: =+AB102*$F$101 -> #REF!
X102: 0.2 | Y102: 0.2 | Z102: 0.2 | AA102: 0.2 | AB102: 0.2
A103: 9.2. | B103: SUMINISTROTRANSPORTE E INSTALACIÓN DIVISIÓN EN ACRILICO PARA BAÑO | C103: UN | D103: =+'PRESUPUESTO TOTALIZADO'!#REF! -> #REF! | E103: =+'PRESUPUESTO TOTALIZADO'!#REF! -> #REF! | F103: =+'PRESUPUESTO TOTALIZADO'!#REF! -> #REF! | AA103: =+AA104*$F$103 -> #REF! | AB103: =+AB104*$F$103 -> #REF! | AC103: =+AC104*$F$103 -> #REF!
AA104: 0.33 | AB104: 0.33 | AC104: 0.34
...

Sheet PTO. PENSILVANIA
A1: PROYECTO. "CONSTRUCCIÓN DE SOLUCIONES HABITACIONALES PARA LA REUBICACIÓN DE POBLACIÓN UBICADA EN ZONAS DE ALTO RIESGO NO MITIGABLE EN EL TERRITORIO DE OPORTUNIDADES DEL DEPARTAMENTO DE CALDAS - ZONA URBANA". PRESUPUESTO VIVIENDAS A CONTRUIR EN EL MUNICIPIO PENSILVANIA-CALDAS. (25 SOLUCIONES HABITACIONALES)
A3: OBRAS DE ADECUACIONES DEL TERRENO, REDES Y URBANISMO
A5: ITEM | B5: ACTIVIDADES | C5: UN | D5: CANT. | E5: VALOR | F5: VALOR
E6: UITARIO | F6: TOTAL
A7: 1 | B7: OBRAS PRELIMINARES
A8: 1.1 | B8: =+#REF! -> #REF! | C8: DÍA | D8: =+#REF! -> #REF! | E8: =+#REF! -> #REF! | F8: =ROUND(D8*E8,0) -> #REF!
A9: 1.2 | B9: =+#REF! -> #REF! | C9: M2 | D9: =+#REF! -> #REF! | E9: =+#REF! -> #REF! | F9: =ROUND(D9*E9,0) -> #REF!
A11: 2 | B11: MOVIMIENTO DE TIERRAS
A12: 2.1. | B12: =+#REF! -> #REF! | C12: M3 | D12: =+#REF! -> #REF! | E12: =+#REF! -> #REF! | F12: =ROUND(D12*E12,0) -> #REF!
A13: 2.2. | B13: =+#REF! -> #REF! | C13: M3 | D13: =+#REF! -> #REF! | E13: =+#REF! -> #REF! | F13: =ROUND(D13*E13,0) -> #REF!
A14: 2.3. | B14: =+#REF! -> #REF! | C14: M3 | D14: =+#REF! -> #REF! | E14: =+#REF! -> #REF! | F14: =ROUND(D14*E14,0) -> #REF!
A15: 2.4. | B15: =+#REF! -> #REF! | C15: M3 | D15: =+#REF! -> #REF! | E15: =+#REF! -> #REF! | F15: =ROUND(D15*E15,0) -> #REF!
A16: 2.5. | B16: =+#REF! -> #REF! | C16: M2 | D16: =+#REF! -> #REF! | E16: =+#REF! -> #REF! | F16: =ROUND(D16*E16,0) -> #REF!
A17: 2.6. | B17: =+#REF! -> #REF! | C17: M2 | D17: =+#REF! -> #REF! | E17: =+#REF! -> #REF! | F17: =ROUND(D17*E17,0) -> #REF!
A18: 3 | B18: BORDILLOS, ANDENES VÍAS Y/O MUROS
A19: 3.1. | B19: =+#REF! -> #REF! | C19: M3 | D19: =+#REF! -> #REF! | E19: =+#REF! -> #REF! | F19: =ROUND(D19*E19,0) -> #REF!
A20: 3.2. | B20: =+#REF! -> #REF! | C20: ML | D20: =+#REF! -> #REF! | E20: =+#REF! -> #REF! | F20: =ROUND(D20*E20,0) -> #REF!
A21: 3.3. | B21: =+#REF! -> #REF! | C21: M2 | D21: =+#REF! -> #REF! | E21: =+#REF! -> #REF! | F21: =ROUND(D21*E21,0) -> #REF!
A22: 3.4. | B22: =+#REF! -> #REF! | C22: M3 | D22: =+#REF! -> #REF! | E22: =+#REF! -> #REF! | F22: =ROUND(D22*E22,0) -> #REF! | G22: =1.45*40 -> 58 | H22: =+G22*E22 -> #REF! | I22: =+H22*1.1 -> #REF! | J22: =+E22*1.1 -> #REF!
A25: 4 | B25: REDES DE ACUEDUCTO, ALCANTARILLADO Y MANEJO DE AGUAS LLUVIAS.
A26: 4.1. | B26: =+#REF! -> #REF! | C26: UN | D26: =+#REF! -> #REF! | E26: =+#REF! -> #REF! | F26: =ROUND(D26*E26,0) -> #REF!
A27: 4.2. | B27: =+#REF! -> #REF! | C27: ML | D27: =+#REF! -> #REF! | E27: =+#REF! -> #REF! | F27: =ROUND(D27*E27,0) -> #REF!
A28: 4.3. | B28: =+#REF! -> #REF! | C28: UN | D28: =+#REF! -> #REF! | E28: =+#REF! -> #REF! | F28: =ROUND(D28*E28,0) -> #REF!
A29: 4.4. | B29: =+#REF! -> #REF! | C29: ML | D29: =+#REF! -> #REF! | E29: =+#REF! -> #REF! | F29: =ROUND(D29*E29,0) -> #REF!
A30: 4.5. | B30: =+#REF! -> #REF! | C30: ML | D30: =+#REF! -> #REF! | E30: =+#REF! -> #REF! | F30: =ROUND(D30*E30,0) -> #REF!
A31: 4.6. | B31: =+#REF! -> #REF! | C31: ML | D31: =+#REF! -> #REF! | E31: =+#REF! -> #REF! | F31: =ROUND(D31*E31,0) -> #REF!
A32: 4.7. | B32: =+#REF! -> #REF! | C32: ML | D32: =+#REF! -> #REF! | E32: =+#REF! -> #REF! | F32: =ROUND(D32*E32,0) -> #REF!
A33: 4.8. | B33: =+#REF! -> #REF! | C33: ML | D33: =+#REF! -> #REF! | E33: =+#REF! -> #REF! | F33: =ROUND(D33*E33,0) -> #REF!
A34: 4.9. | B34: =+#REF! -> #REF! | C34: UN | D34: =+#REF! -> #REF! | E34: =+#REF! -> #REF! | F34: =ROUND(D34*E34,0) -> #REF!
A35: 4.10. | B35: =+#REF! -> #REF! | C35: ML | D35: =+#REF! -> #REF! | E35: =+#REF! -> #REF! | F35: =ROUND(D35*E35,0) -> #REF!
A36: 4.11 | B36: =+#REF! -> #REF! | C36: UN | D36: =+#REF! -> #REF! | E36: =+#REF! -> #REF! | F36: =ROUND(D36*E36,0) -> #REF!
A37: 4.12 | B37: =+#REF! -> #REF! | C37: UN | D37: =+#REF! -> #REF! | E37: =+#REF! -> #REF! | F37: =ROUND(D37*E37,0) -> #REF!
A38: 4.13 | B38: =+#REF! -> #REF! | C38: M3 | D38: =+#REF! -> #REF! | E38: =+#REF! -> #REF! | F38: =ROUND(D38*E38,0) -> #REF!
A39: 4.14 | B39: =+#REF! -> #REF! | C39: M3 | D39: =+#REF! -> #REF! | E39: =+#REF! -> #REF! | F39: =ROUND(D39*E39,0) -> #REF!
B41: COSTO DIRECTO OBRAS DE ADECUACIONES DEL TERRENO, REDES Y URBANISMO | F41: =+SUM(F8:F39) -> #REF!
B44: VIVIENDAS V.I.P UNIFAMILIARES | C44: UN | D44: 14 | E44: =+#REF! -> #REF! | F44: =+D44*E44 -> #REF! | G44: =+F44*1.4 -> #REF! | H44: =+G44/13 -> #REF!
B45: VIVIENDAS V.I.P BIFAMILIARES | C45: UN | D45: 0 | E45: =+'PTO VIVIENDA BIFAMILIAR'!F124 -> #REF! | F45: =+D45*E45 -> #REF!
H46: 20
H47: =+H46/1.4 -> 14.285714
B48: COSTO DIRECTO PROYECTO VIVIENDAS PENSILVANIA | F48: =+SUM(F41:F45) -> #REF! | H48: =+H47*13 -> 185.71429
B50: AIU | F50: =+#REF! -> #REF! | G50: =+F48+F50 -> #REF!
G51: =+F52/G50 -> #REF!
B52: INTERVENTORIA | F52: =+#REF! -> #REF!
F55: =+F48+F50+F52 -> #REF!
F56: =+F55/14 -> #REF!
F59: =70*828116 -> 57968120
F60: =+F59*14 -> 811553680
F61: =+F60-F55 -> #REF!

Sheet PTO VIVIENDA BIFAMILIAR
A1: PROYECTO. "CONSTRUCCIÓN DE SOLUCIONES HABITACIONALES PARA LA REUBICACIÓN DE POBLACIÓN UBICADA EN ZONAS DE ALTO RIESGO NO MITIGABLE EN EL TERRITORIO DE OPORTUNIDADES DEL DEPARTAMENTO DE CALDAS - ZONA URBANA". PRESUPUESTO CONSTRUCCIÓN VIVIENDAS BIFAMILIARES TIPO
A4: OBRAS DE CONTRUCCIÓN POR VIVIENDA (1) UNIFAMILIAR
A5: ITEM | B5: ACTIVIDADES | C5: UN | D5: CANT. | E5: VALOR | F5: VALOR
E6: UITARIO | F6: TOTAL
A7: 5 | B7: CIMENTACIÓN
A8: 5.1. | B8: =+#REF! -> #REF! | C8: M3 | D8: =+#REF! -> #REF! | E8: =+#REF! -> #REF! | F8: =+D8*E8 -> #REF!
A9: 5.2. | B9: =+#REF! -> #REF! | C9: M3 | D9: =+#REF! -> #REF! | E9: =+#REF! -> #REF! | F9: =+D9*E9 -> #REF!
A10: 5.3. | B10: =+#REF! -> #REF! | C10: ML | D10: =+#REF! -> #REF! | E10: =+#REF! -> #REF! | F10: =+D10*E10 -> #REF!
A11: 5.4. | B11: =+#REF! -> #REF! | C11: ML | D11: 0 | E11: =+#REF! -> #REF! | F11: =+D11*E11 -> #REF!
A12: 5.5. | B12: =+#REF! -> #REF! | C12: ML | D12: =+#REF! -> #REF! | E12: =+#REF! -> #REF! | F12: =+D12*E12 -> #REF!
A13: 6 | B13: ESTRUCTURA EN CONCRETO
A14: 6.1. | B14: =+#REF! -> #REF! | C14: M2 | D14: =+#REF! -> #REF! | E14: =+#REF! -> #REF! | F14: =+D14*E14 -> #REF!
A15: 6.2. | B15: =+#REF! -> #REF! | C15: ML | D15: =+#REF! -> #REF! | E15: =+#REF! -> #REF! | F15: =+D15*E15 -> #REF!
A16: 6.3. | B16: =+#REF! -> #REF! | C16: ML | D16: =+#REF! -> #REF! | E16: =+#REF! -> #REF! | F16: =+D16*E16 -> #REF!
A17: 6.4. | B17: =+#REF! -> #REF! | C17: ML | D17: =+#REF! -> #REF! | E17: =+#REF! -> #REF! | F17: =+D17*E17 -> #REF!
A18: 6.5. | B18: =+#REF! -> #REF! | C18: ML | D18: =+#REF! -> #REF! | E18: =+#REF! -> #REF! | F18: =+D18*E18 -> #REF!
A19: 6.6. | B19: =+#REF! -> #REF! | C19: ML | D19: =+#REF! -> #REF! | E19: =+#REF! -> #REF! | F19: =+D19*E19 -> #REF!
A20: 6.7. | B20: =+#REF! -> #REF! | C20: M2 | D20: 0 | E20: =+#REF! -> #REF! | F20: =+D20*E20 -> #REF!
A21: 6.8. | B21: =+#REF! -> #REF! | C21: UN | D21: =+#REF! -> #REF! | E21: =+#REF! -> #REF! | F21: =+D21*E21 -> #REF!
A22: 7 | B22: MAMPOSTERIA
A23: 7.1 | B23: =+#REF! -> #REF! | C23: M2 | D23: =+#REF! -> #REF! | E23: =+#REF! -> #REF! | F23: =+D23*E23 -> #REF!
A24: 8 | B24: CUBIERTA
A25: 8.1. | B25: =+#REF! -> #REF! | C25: ML | D25: =+#REF! -> #REF! | E25: =+#REF! -> #REF! | F25: =+D25*E25 -> #REF!
A26: 8.2. | B26: =+#REF! -> #REF! | C26: M2 | D26: =+#REF! -> #REF! | E26: =+#REF! -> #REF! | F26: =+D26*E26 -> #REF!
A27: 9 | B27: ACABADOS
A28: 9.1. | B28: =+#REF! -> #REF! | C28: M2 | D28: =+#REF! -> #REF! | E28: =+#REF! -> #REF! | F28: =+D28*E28 -> #REF!
A29: 9.2. | B29: =+#REF! -> #REF! | C29: UN | D29: =+#REF! -> #REF! | E29: =+#REF! -> #REF! | F29: =+D29*E29 -> #REF!
A30: 9..3 | B30: =+#REF! -> #REF! | C30: M2 | D30: =+#REF! -> #REF! | E30: =+#REF! -> #REF! | F30: =+D30*E30 -> #REF!
A31: 9.4. | B31: =+#REF! -> #REF! | C31: M2 | D31: =+#REF! -> #REF! | E31: =+#REF! -> #REF! | F31: =+D31*E31 -> #REF!
A32: 9.5. | B32: =+#REF! -> #REF! | C32: M2 | D32: =+#REF! -> #REF! | E32: =+#REF! -> #REF! | F32: =+D32*E32 -> #REF!
A33: 10 | B33: CARPINTERIA METÁLICA
A34: 10.1. | B34: =+#REF! -> #REF! | C34: UN | D34: =+#REF! -> #REF! | E34: =+#REF! -> #REF! | F34: =+D34*E34 -> #REF!
A35: 10.2. | B35: =+#REF! -> #REF! | C35: UN | D35: =+#REF! -> #REF! | E35: =+#REF! -> #REF! | F35: =+D35*E35 -> #REF!
A36: 10.3. | B36: =+#REF! -> #REF! | C36: UN | D36: =+#REF! -> #REF! | E36: =+#REF! -> #REF! | F36: =+D36*E36 -> #REF!
A37: 10.4. | B37: =+#REF! -> #REF! | C37: UN | D37: =+#REF! -> #REF! | E37: =+#REF! -> #REF! | F37: =+D37*E37 -> #REF!
A38: 10.5. | B38: =+#REF! -> #REF! | C38: ML | D38: =+#REF! -> #REF! | E38: =+#REF! -> #REF! | F38: =+D38*E38 -> #REF!
A39: 11 | B39: APARATOS SANITARIOS
A40: 11.1. | B40: =+#REF! -> #REF! | C40: UN | D40: =+#REF! -> #REF! | E40: =+#REF! -> #REF! | F40: =+D40*E40 -> #REF!
A41: 11.2. | B41: =+#REF! -> #REF! | C41: UN | D41: =+#REF! -> #REF! | E41: =+#REF! -> #REF! | F41: =+D41*E41 -> #REF!
A42: 11.3. | B42: =+#REF! -> #REF! | C42: ML | D42: =+#REF! -> #REF! | E42: =+#REF! -> #REF! | F42: =+D42*E42 -> #REF!
A43: 11.4. | B43: =+#REF! -> #REF! | C43: UN | D43: =+#REF! -> #REF! | E43: =+#REF! -> #REF! | F43: =+D43*E43 -> #REF!
A44: 11.5. | B44: =+#REF! -> #REF! | C44: ML | D44: =+#REF! -> #REF! | E44: =+#REF! -> #REF! | F44: =+D44*E44 -> #REF!
A45: 12 | B45: INSTALACIONES HIDRAULICAS Y SANITARIAS
A46: 12.1. | B46: =+#REF! -> #REF! | C46: UN | D46: =+#REF! -> #REF! | E46: =+#REF! -> #REF! | F46: =+D46*E46 -> #REF!
A47: 12.2. | B47: =+#REF! -> #REF! | C47: ML | D47: =+#REF! -> #REF! | E47: =+#REF! -> #REF! | F47: =+D47*E47 -> #REF!
A48: 12.3. | B48: =+#REF! -> #REF! | C48: UN | D48: =+#REF! -> #REF! | E48: =+#REF! -> #REF! | F48: =+D48*E48 -> #REF!
A49: 12.4. | B49: =+#REF! -> #REF! | C49: UN | D49: =+#REF! -> #REF! | E49: =+#REF! -> #REF! | F49: =+D49*E49 -> #REF!
A50: 12.5. | B50: =+#REF! -> #REF! | C50: UN | D50: =+#REF! -> #REF! | E50: =+#REF! -> #REF! | F50: =+D50*E50 -> #REF!
A51: 12.6. | B51: =+#REF! -> #REF! | C51: ML | D51: =+#REF! -> #REF! | E51: =+#REF! -> #REF! | F51: =+D51*E51 -> #REF!
A52: 12.7. | B52: =+#REF! -> #REF! | C52: ML | D52: =+#REF! -> #REF! | E52: =+#REF! -> #REF! | F52: =+D52*E52 -> #REF!
A53: 12.8. | B53: =+#REF! -> #REF! | C53: UN | D53: =+#REF! -> #REF! | E53: =+#REF! -> #REF! | F53: =+D53*E53 -> #REF!
A54: 12.9. | B54: =+#REF! -> #REF! | C54: UN | D54: =+#REF! -> #REF! | E54: =+#REF! -> #REF! | F54: =+D54*E54 -> #REF!
A55: 13 | B55: INSTALACIONES ELECTRICAS
A56: 13.1 | B56: =+#REF! -> #REF! | C56: UN | D56: =+#REF! -> #REF! | E56: =+#REF! -> #REF! | F56: =+D56*E56 -> #REF!
A57: 14 | B57: GASTOS NOTARIALES Y DE REGISTRO
A58: 14.1 | B58: GASTOS NOTARIALES Y DE REGISTRO | C58: UN | D58: 1 | E58: 400000 | F58: =+D58*E58 -> 400000
B60: COSTO DIRECTO POR VIVIENDA UNIFAMILIAR | F60: =+SUM(F7:F58) -> #REF!
A63: OBRAS DE CONTRUCCIÓN POR VIVIENDA (1) BIFAMILIAR
A65: ITEM | B65: ACTIVIDADES | C65: UN | D65: CANT. | E65: VALOR | F65: VALOR
E66: UITARIO | F66: TOTAL
A67: 5 | B67: CIMENTACIÓN
A68: 5.1. | B68: =+B8 -> #REF! | C68: M3 | D68: =+'CANTIDADES VIVIENDA BIFAMILIAR'!D9 -> 7.87 | E68: =+E8 -> #REF! | F68: =+D68*E68 -> #REF! | G68: =+D68*E68 -> #REF!
A69: 5.2. | B69: =+B9 -> #REF! | C69: M3 | D69: =+'CANTIDADES VIVIENDA BIFAMILIAR'!D42 -> 7.87 | E69: =+E9 -> #REF! | F69: =+D69*E69 -> #REF! | G69: =+D69*E69 -> #REF!
A70: 5.3. | B70: =+B10 -> #REF! | C70: ML | D70: =+'CANTIDADES VIVIENDA BIFAMILIAR'!D46 -> 0 | E70: =+E10 -> #REF! | F70: =+D70*E70 -> #REF! | G70: =+D70*E70 -> #REF!
A71: 5.4. | B71: =+B11 -> #REF! | C71: ML | D71: =+'CANTIDADES VIVIENDA BIFAMILIAR'!D50 -> 52.46 | E71: =+E11 -> #REF! | F71: =+D71*E71 -> #REF! | G71: =+D71*E71 -> #REF!
A72: 5.5. | B72: =+B12 -> #REF! | C72: ML | D72: =+'CANTIDADES VIVIENDA BIFAMILIAR'!D83 -> 53.39 | E72: =+E12 -> #REF! | F72: =+D72*E72 -> #REF! | G72: =+D72*E72 -> #REF!
A73: 6 | B73: =+B13 -> ESTRUCTURA EN CONCRETO | G73: =+D73*E73 -> 0
A74: 6.1. | B74: =+B14 -> #REF! | C74: M2 | D74: =+'CANTIDADES VIVIENDA BIFAMILIAR'!D118 -> 44.6 | E74: =+E14 -> #REF! | F74: =+D74*E74 -> #REF! | G74: =+D74*E74 -> #REF!
A75: 6.2. | B75: =+B15 -> #REF! | C75: ML | D75: =+'CANTIDADES VIVIENDA BIFAMILIAR'!D147 -> 69.4 | E75: =+E15 -> #REF! | F75: =+D75*E75 -> #REF! | G75: =+D75*E75 -> #REF!
A76: 6.3. | B76: =+B16 -> #REF! | C76: ML | D76: =+'CANTIDADES VIVIENDA BIFAMILIAR'!D198 -> 0 | E76: =+E16 -> #REF! | F76: =+D76*E76 -> #REF! | G76: =+D76*E76 -> #REF!
A77: 6.4. | B77: =+B17 -> #REF! | C77: ML | D77: =+'CANTIDADES VIVIENDA BIFAMILIAR'!D202 -> 108.82 | E77: =+E17 -> #REF! | F77: =+D77*E77 -> #REF! | G77: =+D77*E77 -> #REF!
A78: 6.5. | B78: =+B18 -> #REF! | C78: ML | D78: =+'CANTIDADES VIVIENDA BIFAMILIAR'!D237 -> 86.2 | E78: =+E18 -> #REF! | F78: =+D78*E78 -> #REF! | G78: =+D78*E78 -> #REF!
A79: 6.6 | B79: =+B20 -> #REF! | C79: M2 | D79: =+'CANTIDADES VIVIENDA BIFAMILIAR'!D303 -> 44.12 | E79: =+E20 -> #REF! | F79: =+D79*E79 -> #REF! | G79: =+D79*E79 -> #REF!
A80: 6.7. | B80: =+B21 -> #REF! | C80: UN | D80: =+'CANTIDADES VIVIENDA BIFAMILIAR'!D334 -> 0.5 | E80: =+E21 -> #REF! | F80: =+D80*E80 -> #REF! | G80: =+D80*E80 -> #REF!
A81: 7 | B81: =+B22 -> MAMPOSTERIA | G81: =+D81*E81 -> 0
A82: 7.1 | B82: =+B23 -> #REF! | C82: M2 | D82: =+'CANTIDADES VIVIENDA BIFAMILIAR'!D338 -> 174.3 | E82: =+E23 -> #REF! | F82: =+D82*E82 -> #REF! | G82: =+D82*E82 -> #REF!
A83: 8 | B83: =+B24 -> CUBIERTA | G83: =+D83*E83 -> 0
A84: 8.1. | B84: =+B25 -> #REF! | C84: ML | D84: =+'CANTIDADES VIVIENDA BIFAMILIAR'!D401 -> 24 | E84: =+E25 -> #REF! | F84: =+D84*E84 -> #REF! | G84: =+D84*E84 -> #REF!
A85: 8.2. | B85: =+B26 -> #REF! | C85: M2 | D85: =+'CANTIDADES VIVIENDA BIFAMILIAR'!D431 -> 43.8 | E85: =+E26 -> #REF! | F85: =+D85*E85 -> #REF! | G85: =+D85*E85 -> #REF!
A86: 9 | B86: =+B27 -> ACABADOS | G86: =+D86*E86 -> 0
A87: 9.1. | B87: =+B28 -> #REF! | C87: M2 | D87: =+'CANTIDADES VIVIENDA BIFAMILIAR'!D437 -> 35 | E87: =+E28 -> #REF! | F87: =+D87*E87 -> #REF! | G87: =+D87*E87 -> #REF!
A88: 9.2. | B88: =+B29 -> #REF! | C88: UN | D88: =+'CANTIDADES VIVIENDA BIFAMILIAR'!D463 -> 2 | E88: =+E29 -> #REF! | F88: =+D88*E88 -> #REF! | G88: =+D88*E88 -> #REF!
A89: 9.3. | B89: =+#REF! -> #REF! | C89: m2 | D89: =+'CANTIDADES VIVIENDA BIFAMILIAR'!D467 -> 77.6 | E89: =+#REF! -> #REF! | F89: =+D89*E89 -> #REF! | G89: =+D89*E89 -> #REF!
A90: 9.4. | B90: =+'CANTIDADES VIVIENDA BIFAMILIAR'!B492 -> #REF! | C90: M2 | D90: =+'CANTIDADES VIVIENDA BIFAMILIAR'!D492 -> 19.7 | E90: =+#REF! -> #REF! | F90: =+D90*E90 -> #REF! | G90: =+D90*E90 -> #REF!
A91: 9.5. | B91: =+'CANTIDADES VIVIENDA BIFAMILIAR'!B510 -> #REF! | C91: M2 | D91: =+'CANTIDADES VIVIENDA BIFAMILIAR'!D510 -> 19.7 | E91: =+#REF! -> #REF! | F91: =+D91*E91 -> #REF! | G91: =+D91*E91 -> #REF!
A92: 10 | B92: =+B33 -> CARPINTERIA METÁLICA | G92: =+D92*E92 -> 0
A93: 10.1. | B93: =+B34 -> #REF! | C93: UN | D93: =+'CANTIDADES VIVIENDA BIFAMILIAR'!D514 -> 6 | E93: =+E34 -> #REF! | F93: =+D93*E93 -> #REF! | G93: =+D93*E93 -> #REF!
A94: 10.2. | B94: =+B35 -> #REF! | C94: UN | D94: =+'CANTIDADES VIVIENDA BIFAMILIAR'!D523 -> 2 | E94: =+E35 -> #REF! | F94: =+D94*E94 -> #REF! | G94: =+D94*E94 -> #REF!
A95: 10.3. | B95: =+B36 -> #REF! | C95: UN | D95: =+'CANTIDADES VIVIENDA BIFAMILIAR'!D523 -> 2 | E95: =+E36 -> #REF! | F95: =+D95*E95 -> #REF! | G95: =+D95*E95 -> #REF!
A96: 10.4. | B96: =+B37 -> #REF! | C96: UN | D96: =+'CANTIDADES VIVIENDA BIFAMILIAR'!D523 -> 2 | E96: =+E37 -> #REF! | F96: =+D96*E96 -> #REF! | G96: =+D96*E96 -> #REF!
A97: 10.5. | B97: =+B38 -> #REF! | C97: ML | D97: =+'CANTIDADES VIVIENDA BIFAMILIAR'!D526 -> 5 | E97: =+E38 -> #REF! | F97: =+D97*E97 -> #REF! | G97: =+D97*E97 -> #REF!
A98: 11 | B98: =+B39 -> APARATOS SANITARIOS | G98: =+D98*E98 -> 0
A99: 11.1. | B99: =+B40 -> #REF! | C99: UN | D99: =+'CANTIDADES VIVIENDA BIFAMILIAR'!D530 -> 2 | E99: =+E40 -> #REF! | F99: =+D99*E99 -> #REF! | G99: =+D99*E99 -> #REF!
A100: 11.2. | B100: =+B41 -> #REF! | C100: UN | D100: =+'CANTIDADES VIVIENDA BIFAMILIAR'!D533 -> 2 | E100: =+E41 -> #REF! | F100: =+D100*E100 -> #REF! | G100: =+D100*E100 -> #REF!
A101: 11.3. | B101: =+B42 -> #REF! | C101: ML | D101: =+'CANTIDADES VIVIENDA BIFAMILIAR'!D536 -> 2.2 | E101: =+E42 -> #REF! | F101: =+D101*E101 -> #REF! | G101: =+D101*E101 -> #REF!
A102: 11.4. | B102: =+B43 -> #REF! | C102: UN | D102: =+'CANTIDADES VIVIENDA BIFAMILIAR'!D539 -> 2 | E102: =+E43 -> #REF! | F102: =+D102*E102 -> #REF! | G102: =+D102*E102 -> #REF!
A103: 11.5. | B103: =+B44 -> #REF! | C103: ML | D103: =+'CANTIDADES VIVIENDA BIFAMILIAR'!D542 -> 2 | E103: =+E44 -> #REF! | F103: =+D103*E103 -> #REF! | G103: =+D103*E103 -> #REF!
A104: 12 | B104: =+B45 -> INSTALACIONES HIDRAULICAS Y SANITARIAS | G104: =+D104*E104 -> 0
A105: 12.1. | B105: =+B46 -> #REF! | C105: UN | D105: =+'CANTIDADES VIVIENDA BIFAMILIAR'!D546 -> 10 | E105: =+E46 -> #REF! | F105: =+D105*E105 -> #REF! | G105: =+D105*E105 -> #REF!
A106: 12.2. | B106: =+B47 -> #REF! | C106: ML | D106: =+'CANTIDADES VIVIENDA BIFAMILIAR'!D556 -> 31.5 | E106: =+E47 -> #REF! | F106: =+D106*E106 -> #REF! | G106: =+D106*E106 -> #REF!
...

Sheet AIU
A1: ANALISIS DEL AU
A3: Valor estimado de la Obra (Costo Directo). | D3: Valor | E3: =+'PRESUPUESTO TOTALIZADO'!F14 -> 29889370
A4: Plazo estimado de ejecución. | D4: Meses | E4: 1
A5: Contratista Persona Natural (SI o NO) | E5: NO
A7: CAPITULO | B7: TIPO DE GASTO | C7: UN | D7: CANTIDAD. | E7: DEDICACION | F7: VLOR UNITARIO (mes) | G7: FACTOR PRESTACIONAL O FACTOR AIU (PARA INDIRECTOS) | H7: VALOR TOTAL | I7: SUMA | J7: PORCENTAJE
A8: 1 | B8: GASTOS GENERALES. | J8: =+J9 -> 0.12676508
A9: 1.1 | B9: MANO DE OBRA Y GASTOS DE OFICINA | I9: =SUM(H10:H11) -> 3788928.5 | J9: =+I9/$E$3 -> 0.12676508
B10: Maestro de Obra | C10: Un | D10: 1 | E10: 1 | F10: 2200000 | G10: =+'[3]FACTOR PRESTACIONAL'!D25 -> 0.5655 | H10: =+D10*E10*$E$4*F10*(1+G10) -> 3444100 | J10: =+H10/$E$3 -> 0.11522826
B11: Secretaria con prestaciones | C11: Un | D11: 1 | E11: 0.15 | F11: 1423000 | G11: =+'[3]FACTOR PRESTACIONAL'!E25 -> 0.6155 | H11: =+D11*E11*$E$4*F11*(1+G11) -> 344828.47 | J11: =+H11/$E$3 -> 0.011536826
A12: 2 | B12: GASTOS INDIRECTOS. | J12: =+J13+J19 -> 0.15472926
A13: 2.1 | B13: POLIZAS | I13: =SUM(H14:H18) -> 246760 | J13: =+I13/$E$3 -> 0.0082557779
B14: Cumplimiento | C14: % | D14: 0.0009 | F14: 39800000 | G14: 1 | H14: =+F14*D14*G14 -> 35820 | J14: =+H14/$E$3 -> 0.0011984194
B15: Estabilidad | C15: % | D15: 0.0005 | F15: =+F14 -> 39800000 | G15: =+G14 -> 1 | H15: =+F15*D15*G15 -> 19900 | J15: =+H15/$E$3 -> 0.00066578854
B16: Calidad | C16: % | D16: 0.002 | F16: =+F15 -> 39800000 | G16: =+G15 -> 1 | H16: =+F16*D16*G16 -> 79600 | J16: =+H16/$E$3 -> 0.0026631542
B17: Prestaciones Sociales | C17: % | D17: 0.002 | F17: =+F16 -> 39800000 | G17: =+G16 -> 1 | H17: =+F17*D17*G17 -> 79600 | J17: =+H17/$E$3 -> 0.0026631542
B18: Responsabilidad Civil | C18: % | D18: 0.0008 | F18: =+F17 -> 39800000 | G18: =+G17 -> 1 | H18: =+F18*D18*G18 -> 31840 | J18: =+H18/$E$3 -> 0.0010652617
A19: 2.2 | B19: IMPUESTOS Y CONTRIBUCIONES | I19: =SUM(H20:H23) -> 4378000 | J19: =+I19/$E$3 -> 0.14647348
B20: Fondo de seguridad | C20: % | D20: 0.05 | F20: =+F18 -> 39800000 | G20: =+G18 -> 1 | H20: =+F20*D20*G20 -> 1990000 | J20: =+H20/$E$3 -> 0.066578854
B21: Tasa pro - deporte | C21: % | D21: 0.01 | F21: =+F20 -> 39800000 | G21: =+G20 -> 1 | H21: =+F21*D21*G21 -> 398000 | J21: =+H21/$E$3 -> 0.013315771
B22: Estampillas Pro - Cultura | C22: % | D22: 0.04 | F22: =+F21 -> 39800000 | G22: =+G21 -> 1 | H22: =+F22*D22*G22 -> 1592000 | J22: =+H22/$E$3 -> 0.053263083
B23: Estampillas Pro - Adulto Mayor | C23: % | D23: 0.01 | F23: =+F22 -> 39800000 | G23: =+G22 -> 1 | H23: =+F23*D23*G23 -> 398000 | J23: =+H23/$E$3 -> 0.013315771
B24: TOTAL GASTOS INDIRECTOS DE ADMINISTRACION. | I24: =SUM(I9:I23) -> 8413688.5 | J24: =+ROUND(SUM(J8:J23)/3,4) -> 0.2815
B25: UTILIDAD: | I25: =+J25*E3 -> 1494468.5 | J25: 0.05
B26: IMPREVISTOS | I26: =E3*J26 -> 0 | J26: 0
B28: A.I.U. | I28: =+I25+I24 -> 9908157 | J28: =SUM(J24:J26) -> 0.3315
B33: ALEJANDRO URREA GÓMEZ
B34: SECRETARIO DE PLANEACIÓN, INFRAESTRUCTURA, DESARROLLO SOCIAL Y MEDIO AMBIENTE MUNICIPAL

Sheet PTO VIVIENDA UNIFAMILIAR
A1: PROYECTO.
A4: OBRAS DE CONTRUCCIÓN POR VIVIENDA (1) UNIFAMILIAR
A5: ITEM | B5: ACTIVIDADES | C5: UN | D5: CANT. | E5: VALOR | F5: VALOR
E6: UITARIO | F6: TOTAL
A7: 5 | B7: CIMENTACIÓN
A8: 5.1. | B8: =+#REF! -> #REF! | C8: M3 | D8: =+#REF! -> #REF! | E8: =+#REF! -> #REF! | F8: =+D8*E8 -> #REF!
A9: 5.2. | B9: =+#REF! -> #REF! | C9: M3 | D9: =+#REF! -> #REF! | E9: =+#REF! -> #REF! | F9: =+D9*E9 -> #REF!
A10: 5.3. | B10: =+#REF! -> #REF! | C10: ML | D10: =+#REF! -> #REF! | E10: =+#REF! -> #REF! | F10: =+D10*E10 -> #REF!
A11: 5.4. | B11: =+#REF! -> #REF! | C11: ML | D11: 0 | E11: =+#REF! -> #REF! | F11: =+D11*E11 -> #REF!
A12: 5.5. | B12: =+#REF! -> #REF! | C12: ML | D12: =+#REF! -> #REF! | E12: =+#REF! -> #REF! | F12: =+D12*E12 -> #REF!
A13: 6 | B13: ESTRUCTURA EN CONCRETO
A14: 6.1. | B14: =+#REF! -> #REF! | C14: M2 | D14: =+#REF! -> #REF! | E14: =+#REF! -> #REF! | F14: =+D14*E14 -> #REF!
A15: 6.2. | B15: =+#REF! -> #REF! | C15: ML | D15: =+#REF! -> #REF! | E15: =+#REF! -> #REF! | F15: =+D15*E15 -> #REF!
A16: 6.3. | B16: =+#REF! -> #REF! | C16: ML | D16: =+#REF! -> #REF! | E16: =+#REF! -> #REF! | F16: =+D16*E16 -> #REF!
A17: 6.4. | B17: =+#REF! -> #REF! | C17: ML | D17: =+#REF! -> #REF! | E17: =+#REF! -> #REF! | F17: =+D17*E17 -> #REF!
A18: 6.5. | B18: =+#REF! -> #REF! | C18: ML | D18: =+#REF! -> #REF! | E18: =+#REF! -> #REF! | F18: =+D18*E18 -> #REF!
A19: 6.6. | B19: =+#REF! -> #REF! | C19: M2 | D19: 0 | E19: =+#REF! -> #REF! | F19: =+D19*E19 -> #REF!
A20: 6.7. | B20: =+#REF! -> #REF! | C20: UN | D20: =+#REF! -> #REF! | E20: =+#REF! -> #REF! | F20: =+D20*E20 -> #REF!
A21: 7 | B21: MAMPOSTERIA
A22: 7.1 | B22: =+#REF! -> #REF! | C22: M2 | D22: =+#REF! -> #REF! | E22: =+#REF! -> #REF! | F22: =+D22*E22 -> #REF!
A23: 8 | B23: CUBIERTA | F23: =ROUND(D23*E23,0) -> 0
A24: 8.1. | B24: =+#REF! -> #REF! | C24: ML | D24: =+#REF! -> #REF! | E24: =+#REF! -> #REF! | F24: =+D24*E24 -> #REF!
A25: 8.2. | B25: =+#REF! -> #REF! | C25: M2 | D25: =+#REF! -> #REF! | E25: =+#REF! -> #REF! | F25: =+D25*E25 -> #REF!
A26: 9 | B26: ACABADOS
A27: 9.1. | B27: =+#REF! -> #REF! | C27: M2 | D27: =+#REF! -> #REF! | E27: =+#REF! -> #REF! | F27: =+D27*E27 -> #REF!
A28: 9.2. | B28: =+#REF! -> #REF! | C28: UN | D28: =+#REF! -> #REF! | E28: =+#REF! -> #REF! | F28: =+D28*E28 -> #REF!
A29: 9..3 | B29: =+#REF! -> #REF! | C29: M2 | D29: =+#REF! -> #REF! | E29: =+#REF! -> #REF! | F29: =+D29*E29 -> #REF!
A30: 9.4. | B30: =+#REF! -> #REF! | C30: M2 | D30: =+#REF! -> #REF! | E30: =+#REF! -> #REF! | F30: =+D30*E30 -> #REF!
A31: 9.5. | B31: =+#REF! -> #REF! | C31: M2 | D31: =+#REF! -> #REF! | E31: =+#REF! -> #REF! | F31: =+D31*E31 -> #REF!
A32: 10 | B32: CARPINTERIA METÁLICA
A33: 10.1. | B33: =+#REF! -> #REF! | C33: UN | D33: =+#REF! -> #REF! | E33: =+#REF! -> #REF! | F33: =+D33*E33 -> #REF!
A34: 10.2. | B34: =+#REF! -> #REF! | C34: UN | D34: =+#REF! -> #REF! | E34: =+#REF! -> #REF! | F34: =+D34*E34 -> #REF!
A35: 10.3. | B35: =+#REF! -> #REF! | C35: UN | D35: =+#REF! -> #REF! | E35: =+#REF! -> #REF! | F35: =+D35*E35 -> #REF!
A36: 10.4. | B36: =+#REF! -> #REF! | C36: UN | D36: =+#REF! -> #REF! | E36: =+#REF! -> #REF! | F36: =+D36*E36 -> #REF!
A37: 10.5. | B37: =+#REF! -> #REF! | C37: ML | D37: =+#REF! -> #REF! | E37: =+#REF! -> #REF! | F37: =+D37*E37 -> #REF!
A38: 11 | B38: APARATOS SANITARIOS
A39: 11.1. | B39: =+#REF! -> #REF! | C39: UN | D39: =+#REF! -> #REF! | E39: =+#REF! -> #REF! | F39: =+D39*E39 -> #REF!
A40: 11.2. | B40: =+#REF! -> #REF! | C40: UN | D40: =+#REF! -> #REF! | E40: =+#REF! -> #REF! | F40: =+D40*E40 -> #REF!
A41: 11.3. | B41: =+#REF! -> #REF! | C41: ML | D41: =+#REF! -> #REF! | E41: =+#REF! -> #REF! | F41: =+D41*E41 -> #REF!
A42: 11.4. | B42: =+#REF! -> #REF! | C42: UN | D42: =+#REF! -> #REF! | E42: =+#REF! -> #REF! | F42: =+D42*E42 -> #REF!
A43: 11.5. | B43: =+#REF! -> #REF! | C43: ML | D43: =+#REF! -> #REF! | E43: =+#REF! -> #REF! | F43: =+D43*E43 -> #REF!
A44: 12 | B44: INSTALACIONES HIDRAULICAS Y SANITARIAS
A45: 12.1. | B45: =+#REF! -> #REF! | C45: UN | D45: =+#REF! -> #REF! | E45: =+#REF! -> #REF! | F45: =+D45*E45 -> #REF!
A46: 12.2. | B46: =+#REF! -> #REF! | C46: ML | D46: =+#REF! -> #REF! | E46: =+#REF! -> #REF! | F46: =+D46*E46 -> #REF!
A47: 12.3. | B47: =+#REF! -> #REF! | C47: UN | D47: =+#REF! -> #REF! | E47: =+#REF! -> #REF! | F47: =+D47*E47 -> #REF!
A48: 12.4. | B48: =+#REF! -> #REF! | C48: UN | D48: =+#REF! -> #REF! | E48: =+#REF! -> #REF! | F48: =+D48*E48 -> #REF!
A49: 12.5. | B49: =+#REF! -> #REF! | C49: UN | D49: =+#REF! -> #REF! | E49: =+#REF! -> #REF! | F49: =+D49*E49 -> #REF!
A50: 12.6. | B50: =+#REF! -> #REF! | C50: ML | D50: =+#REF! -> #REF! | E50: =+#REF! -> #REF! | F50: =+D50*E50 -> #REF!
A51: 12.7. | B51: =+#REF! -> #REF! | C51: ML | D51: =+#REF! -> #REF! | E51: =+#REF! -> #REF! | F51: =+D51*E51 -> #REF!
A52: 12.8. | B52: =+#REF! -> #REF! | C52: UN | D52: =+#REF! -> #REF! | E52: =+#REF! -> #REF! | F52: =+D52*E52 -> #REF!
A53: 12.9. | B53: =+#REF! -> #REF! | C53: UN | D53: =+#REF! -> #REF! | E53: =+#REF! -> #REF! | F53: =+D53*E53 -> #REF!
A54: 13 | B54: INSTALACIONES ELECTRICAS
A55: 13.1 | B55: =+#REF! -> #REF! | C55: UN | D55: =+#REF! -> #REF! | E55: =+#REF! -> #REF! | F55: =+D55*E55 -> #REF!
A56: 13.2 | B56: =+#REF! -> #REF! | C56: UN | D56: =+#REF! -> #REF! | E56: =+#REF! -> #REF! | F56: =+D56*E56 -> #REF!
A57: 13.3 | B57: =+#REF! -> #REF! | C57: UN | D57: =+#REF! -> #REF! | E57: =+#REF! -> #REF! | F57: =+D57*E57 -> #REF!
A58: 13.4 | B58: =+#REF! -> #REF! | C58: UN | D58: =+#REF! -> #REF! | E58: =+#REF! -> #REF! | F58: =+D58*E58 -> #REF!
A59: 13.5 | B59: =+#REF! -> #REF! | C59: UN | D59: =+#REF! -> #REF! | E59: =+#REF! -> #REF! | F59: =+D59*E59 -> #REF!
B62: COSTO DIRECTO POR VIVIENDA UNIFAMILIAR | F62: =+ROUND(SUM(F7:F60),0) -> #REF!
A65: OBRAS DE CONTRUCCIÓN POR VIVIENDA (1) BIFAMILIAR
A67: 5 | B67: CIMENTACIÓN
A68: 5.1. | B68: =+B8 -> #REF! | C68: M3 | D68: =+'CANTIDADES VIVIENDA BIFAMILIAR'!D9 -> 7.87 | E68: =+E8 -> #REF! | F68: =+D68*E68 -> #REF!
A69: 5.2. | B69: =+B9 -> #REF! | C69: M3 | D69: =+'CANTIDADES VIVIENDA BIFAMILIAR'!D42 -> 7.87 | E69: =+E9 -> #REF! | F69: =+D69*E69 -> #REF!
A70: 5.3. | B70: =+B10 -> #REF! | C70: ML | D70: =+'CANTIDADES VIVIENDA BIFAMILIAR'!D46 -> 0 | E70: =+E10 -> #REF! | F70: =+D70*E70 -> #REF!
A71: 5.4. | B71: =+B11 -> #REF! | C71: ML | D71: =+'CANTIDADES VIVIENDA BIFAMILIAR'!D50 -> 52.46 | E71: =+E11 -> #REF! | F71: =+D71*E71 -> #REF!
A72: 5.5. | B72: =+B12 -> #REF! | C72: ML | D72: =+'CANTIDADES VIVIENDA BIFAMILIAR'!D83 -> 53.39 | E72: =+E12 -> #REF! | F72: =+D72*E72 -> #REF!
A73: 6 | B73: =+B13 -> ESTRUCTURA EN CONCRETO | E73: =+E13 -> 0
A74: 6.1. | B74: =+B14 -> #REF! | C74: M2 | D74: =+'CANTIDADES VIVIENDA BIFAMILIAR'!D118 -> 44.6 | E74: =+E14 -> #REF! | F74: =+D74*E74 -> #REF!
A75: 6.2. | B75: =+B15 -> #REF! | C75: ML | D75: =+'CANTIDADES VIVIENDA BIFAMILIAR'!D147 -> 69.4 | E75: =+E15 -> #REF! | F75: =+D75*E75 -> #REF!
A76: 6.3. | B76: =+B16 -> #REF! | C76: ML | D76: =+'CANTIDADES VIVIENDA BIFAMILIAR'!D198 -> 0 | E76: =+E16 -> #REF! | F76: =+D76*E76 -> #REF!
A77: 6.4. | B77: =+B17 -> #REF! | C77: ML | D77: =+'CANTIDADES VIVIENDA BIFAMILIAR'!D202 -> 108.82 | E77: =+E17 -> #REF! | F77: =+D77*E77 -> #REF!
A78: 6.5. | B78: =+B18 -> #REF! | C78: ML | D78: =+'CANTIDADES VIVIENDA BIFAMILIAR'!D237 -> 86.2 | E78: =+E18 -> #REF! | F78: =+D78*E78 -> #REF!
A79: 6.6. | B79: =+#REF! -> #REF! | C79: ML | D79: =+'CANTIDADES VIVIENDA BIFAMILIAR'!D292 -> 0 | E79: =+#REF! -> #REF! | F79: =+D79*E79 -> #REF!
A80: 6.7. | B80: =+B19 -> #REF! | C80: M2 | D80: =+'CANTIDADES VIVIENDA BIFAMILIAR'!D303 -> 44.12 | E80: =+E19 -> #REF! | F80: =+D80*E80 -> #REF!
A81: 6.8. | B81: =+B20 -> #REF! | C81: UN | D81: =+'CANTIDADES VIVIENDA BIFAMILIAR'!D334 -> 0.5 | E81: =+E20 -> #REF! | F81: =+D81*E81 -> #REF!
A82: 7 | B82: =+B21 -> MAMPOSTERIA | E82: =+E21 -> 0
A83: 7.1 | B83: =+B22 -> #REF! | C83: M2 | D83: =+'CANTIDADES VIVIENDA BIFAMILIAR'!D338 -> 174.3 | E83: =+E22 -> #REF! | F83: =+D83*E83 -> #REF!
A84: 8 | B84: =+B23 -> CUBIERTA | E84: =+E23 -> 0
A85: 8.1. | B85: =+B24 -> #REF! | C85: ML | D85: =+'CANTIDADES VIVIENDA BIFAMILIAR'!D401 -> 24 | E85: =+E24 -> #REF! | F85: =+D85*E85 -> #REF!
A86: 8.2. | B86: =+B25 -> #REF! | C86: M2 | D86: =+'CANTIDADES VIVIENDA BIFAMILIAR'!D431 -> 43.8 | E86: =+E25 -> #REF! | F86: =+D86*E86 -> #REF!
A87: 9 | B87: =+B26 -> ACABADOS | E87: =+E26 -> 0
A88: 9.1. | B88: =+B27 -> #REF! | C88: M2 | D88: =+'CANTIDADES VIVIENDA BIFAMILIAR'!D437 -> 35 | E88: =+E27 -> #REF! | F88: =+D88*E88 -> #REF!
A89: 9.2. | B89: =+B28 -> #REF! | C89: UN | D89: =+'CANTIDADES VIVIENDA BIFAMILIAR'!D463 -> 2 | E89: =+E28 -> #REF! | F89: =+D89*E89 -> #REF!
A90: 9.3. | B90: =+#REF! -> #REF! | C90: m2 | D90: =+'CANTIDADES VIVIENDA BIFAMILIAR'!D467 -> 77.6 | E90: =+#REF! -> #REF! | F90: =+D90*E90 -> #REF!
A91: 9.4. | B91: =+'CANTIDADES VIVIENDA BIFAMILIAR'!B492 -> #REF! | C91: M2 | D91: =+'CANTIDADES VIVIENDA BIFAMILIAR'!D492 -> 19.7 | E91: =+#REF! -> #REF! | F91: =+D91*E91 -> #REF!
A92: 9.5. | B92: =+'CANTIDADES VIVIENDA BIFAMILIAR'!B510 -> #REF! | C92: M2 | D92: =+'CANTIDADES VIVIENDA BIFAMILIAR'!D510 -> 19.7 | E92: =+#REF! -> #REF! | F92: =+D92*E92 -> #REF!
A93: 10 | B93: =+B32 -> CARPINTERIA METÁLICA | E93: =+E32 -> 0
A94: 10.1. | B94: =+B33 -> #REF! | C94: UN | D94: =+'CANTIDADES VIVIENDA BIFAMILIAR'!D514 -> 6 | E94: =+E33 -> #REF! | F94: =+D94*E94 -> #REF!
A95: 10.2. | B95: =+B34 -> #REF! | C95: UN | D95: =+'CANTIDADES VIVIENDA BIFAMILIAR'!D523 -> 2 | E95: =+E34 -> #REF! | F95: =+D95*E95 -> #REF!
A96: 10.3. | B96: =+B35 -> #REF! | C96: UN | D96: =+'CANTIDADES VIVIENDA BIFAMILIAR'!D523 -> 2 | E96: =+E35 -> #REF! | F96: =+D96*E96 -> #REF!
A97: 10.4. | B97: =+B36 -> #REF! | C97: UN | D97: =+'CANTIDADES VIVIENDA BIFAMILIAR'!D523 -> 2 | E97: =+E36 -> #REF! | F97: =+D97*E97 -> #REF!
A98: 10.5. | B98: =+B37 -> #REF! | C98: ML | D98: =+'CANTIDADES VIVIENDA BIFAMILIAR'!D526 -> 5 | E98: =+E37 -> #REF! | F98: =+D98*E98 -> #REF!
A99: 11 | B99: =+B38 -> APARATOS SANITARIOS | E99: =+E38 -> 0
A100: 11.1. | B100: =+B39 -> #REF! | C100: UN | D100: =+'CANTIDADES VIVIENDA BIFAMILIAR'!D530 -> 2 | E100: =+E39 -> #REF! | F100: =+D100*E100 -> #REF!
A101: 11.2. | B101: =+B40 -> #REF! | C101: UN | D101: =+'CANTIDADES VIVIENDA BIFAMILIAR'!D533 -> 2 | E101: =+E40 -> #REF! | F101: =+D101*E101 -> #REF!
A102: 11.3. | B102: =+B41 -> #REF! | C102: ML | D102: =+'CANTIDADES VIVIENDA BIFAMILIAR'!D536 -> 2.2 | E102: =+E41 -> #REF! | F102: =+D102*E102 -> #REF!
A103: 11.4. | B103: =+B42 -> #REF! | C103: UN | D103: =+'CANTIDADES VIVIENDA BIFAMILIAR'!D539 -> 2 | E103: =+E42 -> #REF! | F103: =+D103*E103 -> #REF!
A104: 11.5. | B104: =+B43 -> #REF! | C104: ML | D104: =+'CANTIDADES VIVIENDA BIFAMILIAR'!D542 -> 2 | E104: =+E43 -> #REF! | F104: =+D104*E104 -> #REF!
A105: 12 | B105: =+B44 -> INSTALACIONES HIDRAULICAS Y SANITARIAS | E105: =+E44 -> 0
A106: 12.1. | B106: =+B45 -> #REF! | C106: UN | D106: =+'CANTIDADES VIVIENDA BIFAMILIAR'!D546 -> 10 | E106: =+E45 -> #REF! | F106: =+D106*E106 -> #REF!
A107: 12.2. | B107: =+B46 -> #REF! | C107: ML | D107: =+'CANTIDADES VIVIENDA BIFAMILIAR'!D556 -> 31.5 | E107: =+E46 -> #REF! | F107: =+D107*E107 -> #REF!
...

Sheet PRESUPUESTO GENERAL
A1: PROYECTO. "CONSTRUCCIÓN DE SOLUCIONES HABITACIONALES PARA LA REUBICACIÓN DE POBLACIÓN UBICADA EN ZONAS DE ALTO RIESGO NO MITIGABLE EN EL TERRITORIO DE OPORTUNIDADES DEL DEPARTAMENTO DE CALDAS - ZONA URBANA". PRESUPUESTO VIVIENDAS MUNICIPIO DE PENSILVANIA (25 UNIDADES)
G2: NORCASIA | I2: PENSILVANIA | K2: DORADA | M2: AGUADAS | O2: MARMATO | Q2: RISARALDA | S2: LA MERCED | U2: MANZANARES
A3: OBRAS DE ADECUACIONES DEL TERRENO, REDES Y URBANISMO
A5: ITEM | B5: ACTIVIDADES | C5: UN | D5: CANT. | E5: VALOR | F5: VALOR | G5: CANT. | H5: VALOR | I5: CANT. | J5: VALOR | K5: CANT. | L5: VALOR | M5: CANT. | N5: VALOR | O5: CANT. | P5: VALOR | Q5: CANT. | R5: VALOR | S5: CANT. | T5: VALOR | U5: CANT. | V5: VALOR
E6: UITARIO | F6: TOTAL | H6: TOTAL | J6: TOTAL | L6: TOTAL | N6: TOTAL | P6: TOTAL | R6: TOTAL | T6: TOTAL | V6: TOTAL
A7: 1 | B7: OBRAS PRELIMINARES
A8: 1.1 | B8: =+#REF! -> #REF! | C8: DÍA | D8: =+#REF! -> #REF! | E8: =+#REF! -> #REF! | F8: =+D8*E8 -> #REF! | G8: =+'CANTIDADES URBANISMO NORCASIA'!D8 -> 4 | H8: =+G8*E8 -> #REF! | I8: =+#REF! -> #REF! | J8: =+I8*E8 -> #REF! | K8: =+'CANTIDADES URBANISMO LA DORADA'!D7 -> 2 | L8: =+K8*E8 -> #REF! | M8: =+'CANTIDADES URBANISMO AGUADAS'!D7 -> 3 | N8: =+M8*E8 -> #REF! | O8: =+#REF! -> #REF! | P8: =+O8*E8 -> #REF! | Q8: =+#REF! -> #REF! | R8: =+Q8*E8 -> #REF! | S8: =+'CANTIDADES URBANISMO LA MERCED'!D7 -> 4 | T8: =+S8*E8 -> #REF! | U8: =+'CANTIDADES URBANISMO MANZANARES'!D7 -> 2 | V8: =+U8*E8 -> #REF!
A9: 1.2 | B9: =+#REF! -> #REF! | C9: M2 | D9: =+#REF! -> #REF! | E9: =+#REF! -> #REF! | F9: =+D9*E9 -> #REF! | G9: =+'CANTIDADES URBANISMO NORCASIA'!D18 -> 2023 | H9: =+G9*E9 -> #REF! | I9: =+#REF! -> #REF! | J9: =+I9*E9 -> #REF! | K9: =+'CANTIDADES URBANISMO LA DORADA'!D16 -> 1020 | L9: =+K9*E9 -> #REF! | M9: =+'CANTIDADES URBANISMO AGUADAS'!D17 -> 661 | N9: =+M9*E9 -> #REF! | O9: =+#REF! -> #REF! | P9: =+O9*E9 -> #REF! | Q9: =+#REF! -> #REF! | R9: =+Q9*E9 -> #REF! | S9: =+'CANTIDADES URBANISMO LA MERCED'!D17 -> 870 | T9: =+S9*E9 -> #REF! | U9: =+'CANTIDADES URBANISMO MANZANARES'!D16 -> 300 | V9: =+U9*E9 -> #REF!
H10: =+G10*E10 -> 0 | J10: =+I10*E10 -> 0 | L10: =+K10*E10 -> 0 | N10: =+M10*E10 -> 0 | P10: =+O10*E10 -> 0 | R10: =+Q10*E10 -> 0 | T10: =+S10*E10 -> 0 | V10: =+U10*E10 -> 0
A11: 2 | B11: MOVIMIENTO DE TIERRAS | H11: =+G11*E11 -> 0 | J11: =+I11*E11 -> 0 | L11: =+K11*E11 -> 0 | N11: =+M11*E11 -> 0 | P11: =+O11*E11 -> 0 | R11: =+Q11*E11 -> 0 | T11: =+S11*E11 -> 0 | V11: =+U11*E11 -> 0
A12: 2.1. | B12: =+#REF! -> #REF! | C12: M3 | D12: =+#REF! -> #REF! | E12: =+#REF! -> #REF! | F12: =+D12*E12 -> #REF! | G12: =+'CANTIDADES URBANISMO NORCASIA'!D25 -> 1443.12 | H12: =+G12*E12 -> #REF! | I12: =+#REF! -> #REF! | J12: =+I12*E12 -> #REF! | K12: =+'CANTIDADES URBANISMO LA DORADA'!D23 -> 0 | L12: =+K12*E12 -> #REF! | M12: =+'CANTIDADES URBANISMO AGUADAS'!D24 -> 0 | N12: =+M12*E12 -> #REF! | O12: 0 | P12: =+O12*E12 -> #REF! | Q12: =+#REF! -> #REF! | R12: =+Q12*E12 -> #REF! | S12: =+'CANTIDADES URBANISMO LA MERCED'!D24 -> 1356.5 | T12: =+S12*E12 -> #REF! | U12: =+'CANTIDADES URBANISMO MANZANARES'!D23 -> 0 | V12: =+U12*E12 -> #REF!
A13: 2.2. | B13: =+#REF! -> #REF! | C13: M3 | D13: =+#REF! -> #REF! | E13: =+#REF! -> #REF! | F13: =+D13*E13 -> #REF! | G13: =+'CANTIDADES URBANISMO NORCASIA'!D43 -> 263.1 | H13: =+G13*E13 -> #REF! | I13: =+#REF! -> #REF! | J13: =+I13*E13 -> #REF! | K13: =+'CANTIDADES URBANISMO LA DORADA'!D28 -> 64.3 | L13: =+K13*E13 -> #REF! | M13: =+'CANTIDADES URBANISMO AGUADAS'!D29 -> 476.4 | N13: =+M13*E13 -> #REF! | O13: =+#REF! -> #REF! | P13: =+O13*E13 -> #REF! | Q13: =+#REF! -> #REF! | R13: =+Q13*E13 -> #REF! | S13: =+'CANTIDADES URBANISMO LA MERCED'!D42 -> 280.5 | T13: =+S13*E13 -> #REF! | U13: =+'CANTIDADES URBANISMO MANZANARES'!D28 -> 24.7 | V13: =+U13*E13 -> #REF!
A14: 2.3. | B14: =+#REF! -> #REF! | C14: M3 | D14: =+#REF! -> #REF! | E14: =+#REF! -> #REF! | F14: =+D14*E14 -> #REF! | G14: =+'CANTIDADES URBANISMO NORCASIA'!D65 -> 199.5 | H14: =+G14*E14 -> #REF! | I14: =+#REF! -> #REF! | J14: =+I14*E14 -> #REF! | K14: =+'CANTIDADES URBANISMO LA DORADA'!D36 -> 30 | L14: =+K14*E14 -> #REF! | M14: =+'CANTIDADES URBANISMO AGUADAS'!D68 -> 425.9 | N14: =+M14*E14 -> #REF! | O14: =+#REF! -> #REF! | P14: =+O14*E14 -> #REF! | Q14: =+#REF! -> #REF! | R14: =+Q14*E14 -> #REF! | S14: =+'CANTIDADES URBANISMO LA MERCED'!D59 -> 201.3 | T14: =+S14*E14 -> #REF! | U14: =+'CANTIDADES URBANISMO MANZANARES'!D36 -> 23.94 | V14: =+U14*E14 -> #REF!
A15: 2.4. | B15: =+#REF! -> #REF! | C15: M3 | D15: =+#REF! -> #REF! | E15: =+#REF! -> #REF! | F15: =+D15*E15 -> #REF! | G15: =+'CANTIDADES URBANISMO NORCASIA'!D81 -> 1506.72 | H15: =+G15*E15 -> #REF! | I15: =+#REF! -> #REF! | J15: =+I15*E15 -> #REF! | K15: =+'CANTIDADES URBANISMO LA DORADA'!D43 -> 34.3 | L15: =+K15*E15 -> #REF! | M15: =+'CANTIDADES URBANISMO AGUADAS'!D99 -> 50.5 | N15: =+M15*E15 -> #REF! | O15: =+#REF! -> #REF! | P15: =+O15*E15 -> #REF! | Q15: =+#REF! -> #REF! | R15: =+Q15*E15 -> #REF! | S15: =+'CANTIDADES URBANISMO LA MERCED'!D72 -> 1435.7 | T15: =+S15*E15 -> #REF! | U15: =+'CANTIDADES URBANISMO MANZANARES'!D43 -> 0.76 | V15: =+U15*E15 -> #REF!
A16: 2.5. | B16: =+#REF! -> #REF! | C16: M2 | D16: =+#REF! -> #REF! | E16: =+#REF! -> #REF! | F16: =+D16*E16 -> #REF! | G16: =+'CANTIDADES URBANISMO NORCASIA'!D85 -> 1250 | H16: =+G16*E16 -> #REF! | I16: =+#REF! -> #REF! | J16: =+I16*E16 -> #REF! | K16: =+'CANTIDADES URBANISMO LA DORADA'!E50 -> 1020 | L16: =+K16*E16 -> #REF! | M16: =+'CANTIDADES URBANISMO AGUADAS'!D103 -> 608 | N16: =+M16*E16 -> #REF! | O16: =+#REF! -> #REF! | P16: =+O16*E16 -> #REF! | Q16: =+#REF! -> #REF! | R16: =+Q16*E16 -> #REF! | S16: =+'CANTIDADES URBANISMO LA MERCED'!D76 -> 1149.4 | T16: =+S16*E16 -> #REF! | U16: =+'CANTIDADES URBANISMO MANZANARES'!D47 -> 300 | V16: =+U16*E16 -> #REF!
A17: 2.6. | B17: =+#REF! -> #REF! | C17: M2 | D17: =+#REF! -> #REF! | E17: =+#REF! -> #REF! | F17: =+D17*E17 -> #REF! | G17: =+'CANTIDADES URBANISMO NORCASIA'!D92 -> 578 | H17: =+G17*E17 -> #REF! | I17: =+#REF! -> #REF! | J17: =+I17*E17 -> #REF! | K17: =+'CANTIDADES URBANISMO LA DORADA'!D54 -> 0 | L17: =+K17*E17 -> #REF! | M17: =+'CANTIDADES URBANISMO AGUADAS'!D110 -> 104 | N17: =+M17*E17 -> #REF! | O17: =+#REF! -> #REF! | P17: =+O17*E17 -> #REF! | Q17: =+#REF! -> #REF! | R17: =+Q17*E17 -> #REF! | S17: =+'CANTIDADES URBANISMO LA MERCED'!D86 -> 90 | T17: =+S17*E17 -> #REF! | U17: =+'CANTIDADES URBANISMO MANZANARES'!D54 -> 0 | V17: =+U17*E17 -> #REF!
A18: 3 | B18: BORDILLOS, ANDENES VÍAS Y/O MUROS | H18: =+G18*E18 -> 0 | J18: =+I18*E18 -> 0 | L18: =+K18*E18 -> 0 | N18: =+M18*E18 -> 0 | P18: =+O18*E18 -> 0 | R18: =+Q18*E18 -> 0 | T18: =+S18*E18 -> 0 | V18: =+U18*E18 -> 0
A19: 3.1. | B19: =+#REF! -> #REF! | C19: M3 | D19: =+#REF! -> #REF! | E19: =+#REF! -> #REF! | F19: =+D19*E19 -> #REF! | G19: =+'CANTIDADES URBANISMO NORCASIA'!D100 -> 46.4 | H19: =+G19*E19 -> #REF! | I19: =+#REF! -> #REF! | J19: =+I19*E19 -> #REF! | K19: =+'CANTIDADES URBANISMO LA DORADA'!D59 -> 7.14 | L19: =+K19*E19 -> #REF! | M19: =+'CANTIDADES URBANISMO AGUADAS'!D115 -> 61.29 | N19: =+M19*E19 -> #REF! | O19: =+#REF! -> #REF! | P19: =+O19*E19 -> #REF! | Q19: =+#REF! -> #REF! | R19: =+Q19*E19 -> #REF! | S19: =+'CANTIDADES URBANISMO LA MERCED'!D91 -> 33.8 | T19: =+S19*E19 -> #REF! | U19: =+'CANTIDADES URBANISMO MANZANARES'!D59 -> 2.1 | V19: =+U19*E19 -> #REF!
A20: 3.2. | B20: =+#REF! -> #REF! | C20: ML | D20: =+#REF! -> #REF! | E20: =+#REF! -> #REF! | F20: =+D20*E20 -> #REF! | G20: =+'CANTIDADES URBANISMO NORCASIA'!D110 -> 45 | H20: =+G20*E20 -> #REF! | I20: =+#REF! -> #REF! | J20: =+I20*E20 -> #REF! | K20: =+'CANTIDADES URBANISMO LA DORADA'!D72 -> 102 | L20: =+K20*E20 -> #REF! | M20: =+'CANTIDADES URBANISMO AGUADAS'!D127 -> 0 | N20: =+M20*E20 -> #REF! | O20: =+#REF! -> #REF! | P20: =+O20*E20 -> #REF! | Q20: =+#REF! -> #REF! | R20: =+Q20*E20 -> #REF! | S20: =+'CANTIDADES URBANISMO LA MERCED'!D101 -> 0 | T20: =+S20*E20 -> #REF! | U20: =+'CANTIDADES URBANISMO MANZANARES'!D72 -> 30 | V20: =+U20*E20 -> #REF!
A21: 3.3. | B21: =+#REF! -> #REF! | C21: M2 | D21: =+#REF! -> #REF! | E21: =+#REF! -> #REF! | F21: =+D21*E21 -> #REF! | G21: =+'CANTIDADES URBANISMO NORCASIA'!D117 -> 152.4 | H21: =+G21*E21 -> #REF! | I21: =+#REF! -> #REF! | J21: =+I21*E21 -> #REF! | K21: =+'CANTIDADES URBANISMO LA DORADA'!D79 -> 122.4 | L21: =+K21*E21 -> #REF! | M21: =+'CANTIDADES URBANISMO AGUADAS'!D134 -> 91.32 | N21: =+M21*E21 -> #REF! | O21: =+#REF! -> #REF! | P21: =+O21*E21 -> #REF! | Q21: =+#REF! -> #REF! | R21: =+Q21*E21 -> #REF! | S21: =+'CANTIDADES URBANISMO LA MERCED'!D108 -> 98.4 | T21: =+S21*E21 -> #REF! | U21: =+'CANTIDADES URBANISMO MANZANARES'!D79 -> 36 | V21: =+U21*E21 -> #REF!
A22: 3.4. | B22: =+#REF! -> #REF! | C22: M3 | E22: =+#REF! -> #REF! | G22: =+'CANTIDADES URBANISMO NORCASIA'!D124 -> 0 | H22: =+G22*E22 -> #REF! | I22: =+#REF! -> #REF! | J22: =+I22*E22 -> #REF! | K22: =+'CANTIDADES URBANISMO LA DORADA'!D86 -> 0 | L22: =+K22*E22 -> #REF! | M22: =+'CANTIDADES URBANISMO AGUADAS'!D141 -> 37.7 | N22: =+M22*E22 -> #REF! | O22: 0 | P22: =+O22*E22 -> #REF! | Q22: =+#REF! -> #REF! | R22: =+Q22*E22 -> #REF! | S22: =+'CANTIDADES URBANISMO LA MERCED'!D115 -> 11.04 | T22: =+S22*E22 -> #REF! | U22: =+'CANTIDADES URBANISMO MANZANARES'!D86 -> 18 | V22: =+U22*E22 -> #REF!
H23: =+G23*E23 -> 0 | J23: =+I23*E23 -> 0 | L23: =+K23*E23 -> 0 | N23: =+M23*E23 -> 0 | P23: =+O23*E23 -> 0 | R23: =+Q23*E23 -> 0 | T23: =+S23*E23 -> 0 | V23: =+U23*E23 -> 0
H24: =+G24*E24 -> 0 | J24: =+I24*E24 -> 0 | L24: =+K24*E24 -> 0 | N24: =+M24*E24 -> 0 | P24: =+O24*E24 -> 0 | R24: =+Q24*E24 -> 0 | T24: =+S24*E24 -> 0 | V24: =+U24*E24 -> 0
A25: 4 | B25: REDES DE ACUEDUCTO, ALCANTARILLADO Y MANEJO DE AGUAS LLUVIAS. | H25: =+G25*E25 -> 0 | J25: =+I25*E25 -> 0 | L25: =+K25*E25 -> 0 | N25: =+M25*E25 -> 0 | P25: =+O25*E25 -> 0 | R25: =+Q25*E25 -> 0 | T25: =+S25*E25 -> 0 | V25: =+U25*E25 -> 0
A26: 4.1. | B26: =+#REF! -> #REF! | C26: UN | D26: 1 | E26: =+#REF! -> #REF! | G26: =+'CANTIDADES URBANISMO NORCASIA'!D132 -> 1 | H26: =+G26*E26 -> #REF! | I26: =+#REF! -> #REF! | J26: =+I26*E26 -> #REF! | K26: =+'CANTIDADES URBANISMO LA DORADA'!D94 -> 0 | L26: =+K26*E26 -> #REF! | M26: =+'CANTIDADES URBANISMO AGUADAS'!D152 -> 1 | N26: =+M26*E26 -> #REF! | O26: 0 | P26: =+O26*E26 -> #REF! | Q26: =+#REF! -> #REF! | R26: =+Q26*E26 -> #REF! | S26: =+'CANTIDADES URBANISMO LA MERCED'!D123 -> 1 | T26: =+S26*E26 -> #REF! | U26: =+'CANTIDADES URBANISMO MANZANARES'!D94 -> 0 | V26: =+U26*E26 -> #REF!
A27: 4.2. | B27: =+#REF! -> #REF! | C27: ML | D27: =+#REF! -> #REF! | E27: =+#REF! -> #REF! | F27: =+D27*E27 -> #REF! | G27: =+'CANTIDADES URBANISMO NORCASIA'!D136 -> 117.6 | H27: =+G27*E27 -> #REF! | I27: =+#REF! -> #REF! | J27: =+I27*E27 -> #REF! | K27: =+'CANTIDADES URBANISMO LA DORADA'!D98 -> 0 | L27: =+K27*E27 -> #REF! | M27: =+'CANTIDADES URBANISMO AGUADAS'!D156 -> 78 | N27: =+M27*E27 -> #REF! | O27: 0 | P27: =+O27*E27 -> #REF! | Q27: =+#REF! -> #REF! | R27: =+Q27*E27 -> #REF! | S27: =+'CANTIDADES URBANISMO LA MERCED'!D127 -> 73 | T27: =+S27*E27 -> #REF! | U27: =+'CANTIDADES URBANISMO MANZANARES'!D98 -> 0 | V27: =+U27*E27 -> #REF!
A28: 4.3. | B28: =+#REF! -> #REF! | C28: UN | D28: =+#REF! -> #REF! | E28: =+#REF! -> #REF! | F28: =+D28*E28 -> #REF! | G28: =+'CANTIDADES URBANISMO NORCASIA'!D143 -> 1 | H28: =+G28*E28 -> #REF! | I28: =+#REF! -> #REF! | J28: =+I28*E28 -> #REF! | K28: =+'CANTIDADES URBANISMO LA DORADA'!D105 -> 0 | L28: =+K28*E28 -> #REF! | M28: =+'CANTIDADES URBANISMO AGUADAS'!D163 -> 1 | N28: =+M28*E28 -> #REF! | O28: 0 | P28: =+O28*E28 -> #REF! | Q28: =+#REF! -> #REF! | R28: =+Q28*E28 -> #REF! | S28: =+'CANTIDADES URBANISMO LA MERCED'!D134 -> 1 | T28: =+S28*E28 -> #REF! | U28: =+'CANTIDADES URBANISMO MANZANARES'!D105 -> 0 | V28: =+U28*E28 -> #REF!
A29: 4.4. | B29: =+#REF! -> #REF! | C29: ML | D29: =+#REF! -> #REF! | E29: =+#REF! -> #REF! | F29: =+D29*E29 -> #REF! | G29: =+'CANTIDADES URBANISMO NORCASIA'!D147 -> 21.8 | H29: =+G29*E29 -> #REF! | I29: =+#REF! -> #REF! | J29: =+I29*E29 -> #REF! | K29: =+'CANTIDADES URBANISMO LA DORADA'!D109 -> 58.5 | L29: =+K29*E29 -> #REF! | M29: =+'CANTIDADES URBANISMO AGUADAS'!D167 -> 42.7 | N29: =+M29*E29 -> #REF! | O29: =+#REF! -> #REF! | P29: =+O29*E29 -> #REF! | Q29: =+#REF! -> #REF! | R29: =+Q29*E29 -> #REF! | S29: =+'CANTIDADES URBANISMO LA MERCED'!D138 -> 32 | T29: =+S29*E29 -> #REF! | U29: =+'CANTIDADES URBANISMO MANZANARES'!D109 -> 22.5 | V29: =+U29*E29 -> #REF!
A30: 4.5. | B30: =+#REF! -> #REF! | C30: ML | D30: =+#REF! -> #REF! | E30: =+#REF! -> #REF! | F30: =+D30*E30 -> #REF! | G30: =+'CANTIDADES URBANISMO NORCASIA'!D151 -> 79.2 | H30: =+G30*E30 -> #REF! | I30: =+#REF! -> #REF! | J30: =+I30*E30 -> #REF! | K30: =+'CANTIDADES URBANISMO LA DORADA'!D116 -> 0 | L30: =+K30*E30 -> #REF! | M30: =+'CANTIDADES URBANISMO AGUADAS'!D171 -> 67.8 | N30: =+M30*E30 -> #REF! | O30: 0 | P30: =+O30*E30 -> #REF! | Q30: =+#REF! -> #REF! | R30: =+Q30*E30 -> #REF! | S30: =+'CANTIDADES URBANISMO LA MERCED'!D142 -> 146.7 | T30: =+S30*E30 -> #REF! | U30: =+'CANTIDADES URBANISMO MANZANARES'!D116 -> 0 | V30: =+U30*E30 -> #REF!
A31: 4.6. | B31: =+#REF! -> #REF! | C31: ML | D31: 0 | E31: =+#REF! -> #REF! | F31: =+D31*E31 -> #REF! | G31: =+'CANTIDADES URBANISMO NORCASIA'!D160 -> 7 | H31: =+G31*E31 -> #REF! | I31: =+#REF! -> #REF! | J31: =+I31*E31 -> #REF! | K31: =+'CANTIDADES URBANISMO LA DORADA'!D120 -> 0 | L31: =+K31*E31 -> #REF! | M31: =+'CANTIDADES URBANISMO AGUADAS'!D181 -> 0 | N31: =+M31*E31 -> #REF! | O31: 0 | P31: =+O31*E31 -> #REF! | Q31: =+#REF! -> #REF! | R31: =+Q31*E31 -> #REF! | S31: =+'CANTIDADES URBANISMO LA MERCED'!D151 -> 0 | T31: =+S31*E31 -> #REF! | U31: =+'CANTIDADES URBANISMO MANZANARES'!D120 -> 0 | V31: =+U31*E31 -> #REF!
A32: 4.7. | B32: =+#REF! -> #REF! | C32: ML | D32: 0 | E32: =+#REF! -> #REF! | F32: =+D32*E32 -> #REF! | G32: =+'CANTIDADES URBANISMO NORCASIA'!D166 -> 0 | H32: =+G32*E32 -> #REF! | I32: =+#REF! -> #REF! | J32: =+I32*E32 -> #REF! | K32: =+'CANTIDADES URBANISMO LA DORADA'!D124 -> 0 | L32: =+K32*E32 -> #REF! | M32: =+'CANTIDADES URBANISMO AGUADAS'!D185 -> 0 | N32: =+M32*E32 -> #REF! | O32: 0 | P32: =+O32*E32 -> #REF! | Q32: =+#REF! -> #REF! | R32: =+Q32*E32 -> #REF! | S32: =+'CANTIDADES URBANISMO LA MERCED'!D155 -> 6 | T32: =+S32*E32 -> #REF! | U32: =+'CANTIDADES URBANISMO MANZANARES'!D120 -> 0 | V32: =+U32*E32 -> #REF!
A33: 4.8. | B33: =+#REF! -> #REF! | C33: ML | D33: =+#REF! -> #REF! | E33: =+#REF! -> #REF! | F33: =+D33*E33 -> #REF! | G33: =+'CANTIDADES URBANISMO NORCASIA'!D171 -> 0 | H33: =+G33*E33 -> #REF! | I33: =+#REF! -> #REF! | J33: =+I33*E33 -> #REF! | K33: =+'CANTIDADES URBANISMO LA DORADA'!D129 -> 0 | L33: =+K33*E33 -> #REF! | M33: =+'CANTIDADES URBANISMO AGUADAS'!D190 -> 0 | N33: =+M33*E33 -> #REF! | O33: 0 | P33: =+O33*E33 -> #REF! | Q33: =+#REF! -> #REF! | R33: =+Q33*E33 -> #REF! | S33: =+'CANTIDADES URBANISMO LA MERCED'!D160 -> 0 | T33: =+S33*E33 -> #REF! | U33: =+'CANTIDADES URBANISMO MANZANARES'!D129 -> 0 | V33: =+U33*E33 -> #REF!
A34: 4.9. | B34: =+#REF! -> #REF! | C34: UN | D34: =+#REF! -> #REF! | E34: =+#REF! -> #REF! | F34: =+D34*E34 -> #REF! | G34: =+'CANTIDADES URBANISMO NORCASIA'!D175 -> 13 | H34: =+G34*E34 -> #REF! | I34: =+#REF! -> #REF! | J34: =+I34*E34 -> #REF! | K34: =+'CANTIDADES URBANISMO LA DORADA'!D133 -> 13 | L34: =+K34*E34 -> #REF! | M34: =+'CANTIDADES URBANISMO AGUADAS'!D194 -> 6 | N34: =+M34*E34 -> #REF! | O34: =+#REF! -> #REF! | P34: =+O34*E34 -> #REF! | Q34: =+#REF! -> #REF! | R34: =+Q34*E34 -> #REF! | S34: =+'CANTIDADES URBANISMO LA MERCED'!D164 -> 10 | T34: =+S34*E34 -> #REF! | U34: =+'CANTIDADES URBANISMO MANZANARES'!D133 -> 5 | V34: =+U34*E34 -> #REF!
A35: 4.10. | B35: =+#REF! -> #REF! | C35: ML | D35: =+#REF! -> #REF! | E35: =+#REF! -> #REF! | F35: =+D35*E35 -> #REF! | G35: =+'CANTIDADES URBANISMO NORCASIA'!D179 -> 8.3 | H35: =+G35*E35 -> #REF! | I35: =+#REF! -> #REF! | J35: =+I35*E35 -> #REF! | K35: =+'CANTIDADES URBANISMO LA DORADA'!D137 -> 0 | L35: =+K35*E35 -> #REF! | M35: =+'CANTIDADES URBANISMO AGUADAS'!D198 -> 10.3 | N35: =+M35*E35 -> #REF! | O35: 0 | P35: =+O35*E35 -> #REF! | Q35: =+#REF! -> #REF! | R35: =+Q35*E35 -> #REF! | S35: =+'CANTIDADES URBANISMO LA MERCED'!D168 -> 7 | T35: =+S35*E35 -> #REF! | U35: =+'CANTIDADES URBANISMO MANZANARES'!D137 -> 0 | V35: =+U35*E35 -> #REF!
A36: 4.11 | B36: =+#REF! -> #REF! | C36: UN | D36: =+#REF! -> #REF! | E36: =+#REF! -> #REF! | F36: =+D36*E36 -> #REF! | G36: =+'CANTIDADES URBANISMO NORCASIA'!D191 -> 6 | H36: =+G36*E36 -> #REF! | I36: =+#REF! -> #REF! | J36: =+I36*E36 -> #REF! | K36: =+'CANTIDADES URBANISMO LA DORADA'!D142 -> 0 | L36: =+K36*E36 -> #REF! | M36: =+'CANTIDADES URBANISMO AGUADAS'!D209 -> 5 | N36: =+M36*E36 -> #REF! | O36: 0 | P36: =+O36*E36 -> #REF! | Q36: =+#REF! -> #REF! | R36: =+Q36*E36 -> #REF! | S36: =+'CANTIDADES URBANISMO LA MERCED'!D178 -> 4 | T36: =+S36*E36 -> #REF! | U36: =+'CANTIDADES URBANISMO MANZANARES'!D142 -> 0 | V36: =+U36*E36 -> #REF!
A37: 4.12 | B37: =+#REF! -> #REF! | C37: UN | D37: =+#REF! -> #REF! | E37: =+#REF! -> #REF! | F37: =+D37*E37 -> #REF! | G37: =+'CANTIDADES URBANISMO NORCASIA'!D203 -> 6 | H37: =+G37*E37 -> #REF! | I37: =+#REF! -> #REF! | J37: =+I37*E37 -> #REF! | K37: =+'CANTIDADES URBANISMO LA DORADA'!D146 -> 0 | L37: =+K37*E37 -> #REF! | M37: =+'CANTIDADES URBANISMO AGUADAS'!D220 -> 5 | N37: =+M37*E37 -> #REF! | O37: 0 | P37: =+O37*E37 -> #REF! | Q37: =+#REF! -> #REF! | R37: =+Q37*E37 -> #REF! | S37: =+'CANTIDADES URBANISMO LA MERCED'!D188 -> 4 | T37: =+S37*E37 -> #REF! | U37: =+'CANTIDADES URBANISMO MANZANARES'!D146 -> 0 | V37: =+U37*E37 -> #REF!
A38: 4.13 | B38: =+#REF! -> #REF! | C38: M3 | D38: =+#REF! -> #REF! | E38: =+#REF! -> #REF! | F38: =+D38*E38 -> #REF! | G38: =+'CANTIDADES URBANISMO NORCASIA'!D215 -> 11.64 | H38: =+G38*E38 -> #REF! | I38: =+#REF! -> #REF! | J38: =+I38*E38 -> #REF! | K38: =+'CANTIDADES URBANISMO LA DORADA'!D150 -> 0 | L38: =+K38*E38 -> #REF! | M38: =+'CANTIDADES URBANISMO AGUADAS'!D231 -> 4.6 | N38: =+M38*E38 -> #REF! | O38: =+#REF! -> #REF! | P38: =+O38*E38 -> #REF! | Q38: =+#REF! -> #REF! | R38: =+Q38*E38 -> #REF! | S38: =+'CANTIDADES URBANISMO LA MERCED'!D198 -> 17.2 | T38: =+S38*E38 -> #REF! | U38: =+'CANTIDADES URBANISMO MANZANARES'!D150 -> 0 | V38: =+U38*E38 -> #REF!
A39: 4.14 | B39: =+#REF! -> #REF! | C39: M3 | D39: =+#REF! -> #REF! | E39: =+#REF! -> #REF! | F39: =+D39*E39 -> #REF! | G39: =+'CANTIDADES URBANISMO NORCASIA'!D222 -> 13.1 | H39: =+G39*E39 -> #REF! | I39: =+#REF! -> #REF! | J39: =+I39*E39 -> #REF! | K39: =+'CANTIDADES URBANISMO LA DORADA'!D154 -> 0 | L39: =+K39*E39 -> #REF! | M39: =+'CANTIDADES URBANISMO AGUADAS'!D238 -> 4.8 | N39: =+M39*E39 -> #REF! | O39: 0 | P39: =+O39*E39 -> #REF! | Q39: =+#REF! -> #REF! | R39: =+Q39*E39 -> #REF! | S39: =+'CANTIDADES URBANISMO LA MERCED'!D205 -> 0 | T39: =+S39*E39 -> #REF! | U39: =+'CANTIDADES URBANISMO MANZANARES'!D154 -> 0 | V39: =+U39*E39 -> #REF!
A40: 4.15. | B40: =+#REF! -> #REF! | C40: UN | E40: =+#REF! -> #REF! | H40: =+G40*E40 -> #REF! | J40: =+I40*E40 -> #REF! | L40: =+K40*E40 -> #REF! | N40: =+M40*E40 -> #REF! | P40: =+O40*E40 -> #REF! | Q40: =+#REF! -> #REF! | R40: =+Q40*E40 -> #REF! | T40: =+S40*E40 -> #REF! | V40: =+U40*E40 -> #REF!
A41: 4.16. | B41: =+#REF! -> #REF! | C41: UN | E41: =+#REF! -> #REF! | H41: =+G41*E41 -> #REF! | I41: 1 | J41: =+I41*E41 -> #REF! | L41: =+K41*E41 -> #REF! | N41: =+M41*E41 -> #REF! | P41: =+O41*E41 -> #REF! | R41: =+Q41*E41 -> #REF! | T41: =+S41*E41 -> #REF! | V41: =+U41*E41 -> #REF!
B42: COSTO DIRECTO OBRAS DE ADECUACIONES DEL TERRENO, REDES Y URBANISMO | F42: =+SUM(F8:F39) -> #REF! | N42: =+M42*E42 -> 0 | P42: =+O42*E42 -> 0 | R42: =+Q42*E42 -> 0 | T42: =+S42*E42 -> 0
A50: OBRAS DE CONTRUCCIÓN POR VIVIENDA (1) UNIFAMILIAR
A52: 5 | B52: CIMENTACIÓN
A53: 5.1. | B53: =+#REF! -> #REF! | C53: M3 | D53: =+#REF! -> #REF! | E53: =+#REF! -> #REF! | F53: =+D53*E53 -> #REF! | G53: =+D53*1 -> #REF! | H53: =+G53*E53 -> #REF! | I53: =+D53*25 -> #REF! | J53: =+I53*E53 -> #REF! | K53: =+D53*9 -> #REF! | L53: =+K53*E53 -> #REF! | M53: =+D53*1 -> #REF! | N53: =+M53*E53 -> #REF! | O53: =+D53*5 -> #REF! | P53: =+O53*E53 -> #REF! | Q53: =+D53*15 -> #REF! | R53: =+Q53*E53 -> #REF! | T53: =+S53*E53 -> #REF! | V53: =+U53*E53 -> #REF!
A54: 5.2. | B54: =+#REF! -> #REF! | C54: M3 | D54: =+#REF! -> #REF! | E54: =+#REF! -> #REF! | F54: =+D54*E54 -> #REF! | G54: =+D54*1 -> #REF! | H54: =+G54*E54 -> #REF! | I54: =+D54*25 -> #REF! | J54: =+I54*E54 -> #REF! | K54: =+D54*9 -> #REF! | L54: =+K54*E54 -> #REF! | M54: =+D54*1 -> #REF! | N54: =+M54*E54 -> #REF! | O54: =+D54*5 -> #REF! | P54: =+O54*E54 -> #REF! | Q54: =+D54*15 -> #REF! | R54: =+Q54*E54 -> #REF! | T54: =+S54*E54 -> #REF! | V54: =+U54*E54 -> #REF!
A55: 5.3. | B55: =+#REF! -> #REF! | C55: ML | D55: =+#REF! -> #REF! | E55: =+#REF! -> #REF! | F55: =+D55*E55 -> #REF! | G55: =+D55*1 -> #REF! | H55: =+G55*E55 -> #REF! | I55: =+D55*25 -> #REF! | J55: =+I55*E55 -> #REF! | K55: =+D55*9 -> #REF! | L55: =+K55*E55 -> #REF! | M55: =+D55*1 -> #REF! | N55: =+M55*E55 -> #REF! | O55: =+D55*5 -> #REF! | P55: =+O55*E55 -> #REF! | Q55: =+D55*15 -> #REF! | R55: =+Q55*E55 -> #REF! | T55: =+S55*E55 -> #REF! | V55: =+U55*E55 -> #REF!
A56: 5.4. | B56: =+#REF! -> #REF! | C56: ML | D56: 0 | E56: =+#REF! -> #REF! | F56: =+D56*E56 -> #REF! | G56: =+D56*1 -> 0 | H56: =+G56*E56 -> #REF! | I56: =+D56*25 -> 0 | J56: =+I56*E56 -> #REF! | K56: =+D56*9 -> 0 | L56: =+K56*E56 -> #REF! | M56: =+D56*1 -> 0 | N56: =+M56*E56 -> #REF! | O56: =+D56*5 -> 0 | P56: =+O56*E56 -> #REF! | Q56: =+D56*15 -> 0 | R56: =+Q56*E56 -> #REF! | T56: =+S56*E56 -> #REF! | V56: =+U56*E56 -> #REF!
A57: 5.5. | B57: =+#REF! -> #REF! | C57: ML | D57: =+#REF! -> #REF! | E57: =+#REF! -> #REF! | F57: =+D57*E57 -> #REF! | G57: =+D57*1 -> #REF! | H57: =+G57*E57 -> #REF! | I57: =+D57*25 -> #REF! | J57: =+I57*E57 -> #REF! | K57: =+D57*9 -> #REF! | L57: =+K57*E57 -> #REF! | M57: =+D57*1 -> #REF! | N57: =+M57*E57 -> #REF! | O57: =+D57*5 -> #REF! | P57: =+O57*E57 -> #REF! | Q57: =+D57*15 -> #REF! | R57: =+Q57*E57 -> #REF! | T57: =+S57*E57 -> #REF! | V57: =+U57*E57 -> #REF!
A58: 6 | B58: ESTRUCTURA EN CONCRETO | G58: =+D58*1 -> 0 | H58: =+G58*E58 -> 0 | I58: =+D58*25 -> 0 | J58: =+I58*E58 -> 0 | K58: =+D58*9 -> 0 | L58: =+K58*E58 -> 0 | M58: =+D58*1 -> 0 | N58: =+M58*E58 -> 0 | O58: =+D58*5 -> 0 | P58: =+O58*E58 -> 0 | Q58: =+D58*15 -> 0 | R58: =+Q58*E58 -> 0 | T58: =+S58*E58 -> 0 | V58: =+U58*E58 -> 0
A59: 6.1. | B59: =+#REF! -> #REF! | C59: M2 | D59: =+#REF! -> #REF! | E59: =+#REF! -> #REF! | F59: =+D59*E59 -> #REF! | G59: =+D59*1 -> #REF! | H59: =+G59*E59 -> #REF! | I59: =+D59*25 -> #REF! | J59: =+I59*E59 -> #REF! | K59: =+D59*9 -> #REF! | L59: =+K59*E59 -> #REF! | M59: =+D59*1 -> #REF! | N59: =+M59*E59 -> #REF! | O59: =+D59*5 -> #REF! | P59: =+O59*E59 -> #REF! | Q59: =+D59*15 -> #REF! | R59: =+Q59*E59 -> #REF! | T59: =+S59*E59 -> #REF! | V59: =+U59*E59 -> #REF!
A60: 6.2. | B60: =+#REF! -> #REF! | C60: ML | D60: =+#REF! -> #REF! | E60: =+#REF! -> #REF! | F60: =+D60*E60 -> #REF! | G60: =+D60*1 -> #REF! | H60: =+G60*E60 -> #REF! | I60: =+D60*25 -> #REF! | J60: =+I60*E60 -> #REF! | K60: =+D60*9 -> #REF! | L60: =+K60*E60 -> #REF! | M60: =+D60*1 -> #REF! | N60: =+M60*E60 -> #REF! | O60: =+D60*5 -> #REF! | P60: =+O60*E60 -> #REF! | Q60: =+D60*15 -> #REF! | R60: =+Q60*E60 -> #REF! | T60: =+S60*E60 -> #REF! | V60: =+U60*E60 -> #REF!
A61: 6.3. | B61: =+#REF! -> #REF! | C61: ML | D61: =+#REF! -> #REF! | E61: =+#REF! -> #REF! | F61: =+D61*E61 -> #REF! | G61: =+D61*1 -> #REF! | H61: =+G61*E61 -> #REF! | I61: =+D61*25 -> #REF! | J61: =+I61*E61 -> #REF! | K61: =+D61*9 -> #REF! | L61: =+K61*E61 -> #REF! | M61: =+D61*1 -> #REF! | N61: =+M61*E61 -> #REF! | O61: =+D61*5 -> #REF! | P61: =+O61*E61 -> #REF! | Q61: =+D61*15 -> #REF! | R61: =+Q61*E61 -> #REF! | T61: =+S61*E61 -> #REF! | V61: =+U61*E61 -> #REF!
A62: 6.4. | B62: =+#REF! -> #REF! | C62: ML | D62: =+#REF! -> #REF! | E62: =+#REF! -> #REF! | F62: =+D62*E62 -> #REF! | G62: =+D62*1 -> #REF! | H62: =+G62*E62 -> #REF! | I62: =+D62*25 -> #REF! | J62: =+I62*E62 -> #REF! | K62: =+D62*9 -> #REF! | L62: =+K62*E62 -> #REF! | M62: =+D62*1 -> #REF! | N62: =+M62*E62 -> #REF! | O62: =+D62*5 -> #REF! | P62: =+O62*E62 -> #REF! | Q62: =+D62*15 -> #REF! | R62: =+Q62*E62 -> #REF! | T62: =+S62*E62 -> #REF! | V62: =+U62*E62 -> #REF!
A63: 6.5. | B63: =+#REF! -> #REF! | C63: ML | D63: =+#REF! -> #REF! | E63: =+#REF! -> #REF! | F63: =+D63*E63 -> #REF! | G63: =+D63*1 -> #REF! | H63: =+G63*E63 -> #REF! | I63: =+D63*25 -> #REF! | J63: =+I63*E63 -> #REF! | K63: =+D63*9 -> #REF! | L63: =+K63*E63 -> #REF! | M63: =+D63*1 -> #REF! | N63: =+M63*E63 -> #REF! | O63: =+D63*5 -> #REF! | P63: =+O63*E63 -> #REF! | Q63: =+D63*15 -> #REF! | R63: =+Q63*E63 -> #REF! | T63: =+S63*E63 -> #REF! | V63: =+U63*E63 -> #REF!
A64: 6.6. | B64: =+#REF! -> #REF! | C64: ML | D64: =+#REF! -> #REF! | E64: =+#REF! -> #REF! | F64: =+D64*E64 -> #REF! | G64: =+D64*1 -> #REF! | H64: =+G64*E64 -> #REF! | I64: =+D64*25 -> #REF! | J64: =+I64*E64 -> #REF! | K64: =+D64*9 -> #REF! | L64: =+K64*E64 -> #REF! | M64: =+D64*1 -> #REF! | N64: =+M64*E64 -> #REF! | O64: =+D64*5 -> #REF! | P64: =+O64*E64 -> #REF! | Q64: =+D64*15 -> #REF! | R64: =+Q64*E64 -> #REF! | T64: =+S64*E64 -> #REF! | V64: =+U64*E64 -> #REF!
A65: 6.7. | B65: =+#REF! -> #REF! | C65: M2 | D65: 0 | E65: =+#REF! -> #REF! | F65: =+D65*E65 -> #REF! | G65: =+D65*1 -> 0 | H65: =+G65*E65 -> #REF! | I65: =+D65*25 -> 0 | J65: =+I65*E65 -> #REF! | K65: =+D65*9 -> 0 | L65: =+K65*E65 -> #REF! | M65: =+D65*1 -> 0 | N65: =+M65*E65 -> #REF! | O65: =+D65*5 -> 0 | P65: =+O65*E65 -> #REF! | Q65: =+D65*15 -> 0 | R65: =+Q65*E65 -> #REF! | T65: =+S65*E65 -> #REF! | V65: =+U65*E65 -> #REF!
A66: 6.8. | B66: =+#REF! -> #REF! | C66: UN | D66: =+#REF! -> #REF! | E66: =+#REF! -> #REF! | F66: =+D66*E66 -> #REF! | G66: =+D66*1 -> #REF! | H66: =+G66*E66 -> #REF! | I66: =+D66*25 -> #REF! | J66: =+I66*E66 -> #REF! | K66: =+D66*9 -> #REF! | L66: =+K66*E66 -> #REF! | M66: =+D66*1 -> #REF! | N66: =+M66*E66 -> #REF! | O66: =+D66*5 -> #REF! | P66: =+O66*E66 -> #REF! | Q66: =+D66*15 -> #REF! | R66: =+Q66*E66 -> #REF! | T66: =+S66*E66 -> #REF! | V66: =+U66*E66 -> #REF!
A67: 7 | B67: MAMPOSTERIA | G67: =+D67*1 -> 0 | H67: =+G67*E67 -> 0 | I67: =+D67*25 -> 0 | J67: =+I67*E67 -> 0 | K67: =+D67*9 -> 0 | L67: =+K67*E67 -> 0 | M67: =+D67*1 -> 0 | N67: =+M67*E67 -> 0 | O67: =+D67*5 -> 0 | P67: =+O67*E67 -> 0 | Q67: =+D67*15 -> 0 | R67: =+Q67*E67 -> 0 | T67: =+S67*E67 -> 0 | V67: =+U67*E67 -> 0
A68: 7.1 | B68: =+#REF! -> #REF! | C68: M2 | D68: =+#REF! -> #REF! | E68: =+#REF! -> #REF! | F68: =+D68*E68 -> #REF! | G68: =+D68*1 -> #REF! | H68: =+G68*E68 -> #REF! | I68: =+D68*25 -> #REF! | J68: =+I68*E68 -> #REF! | K68: =+D68*9 -> #REF! | L68: =+K68*E68 -> #REF! | M68: =+D68*1 -> #REF! | N68: =+M68*E68 -> #REF! | O68: =+D68*5 -> #REF! | P68: =+O68*E68 -> #REF! | Q68: =+D68*15 -> #REF! | R68: =+Q68*E68 -> #REF! | T68: =+S68*E68 -> #REF! | V68: =+U68*E68 -> #REF!
A69: 8 | B69: CUBIERTA | G69: =+D69*1 -> 0 | H69: =+G69*E69 -> 0 | I69: =+D69*25 -> 0 | J69: =+I69*E69 -> 0 | K69: =+D69*9 -> 0 | L69: =+K69*E69 -> 0 | M69: =+D69*1 -> 0 | N69: =+M69*E69 -> 0 | O69: =+D69*5 -> 0 | P69: =+O69*E69 -> 0 | Q69: =+D69*15 -> 0 | R69: =+Q69*E69 -> 0 | T69: =+S69*E69 -> 0 | V69: =+U69*E69 -> 0
A70: 8.1. | B70: =+#REF! -> #REF! | C70: ML | D70: =+#REF! -> #REF! | E70: =+#REF! -> #REF! | F70: =+D70*E70 -> #REF! | G70: =+D70*1 -> #REF! | H70: =+G70*E70 -> #REF! | I70: =+D70*25 -> #REF! | J70: =+I70*E70 -> #REF! | K70: =+D70*9 -> #REF! | L70: =+K70*E70 -> #REF! | M70: =+D70*1 -> #REF! | N70: =+M70*E70 -> #REF! | O70: =+D70*5 -> #REF! | P70: =+O70*E70 -> #REF! | Q70: =+D70*15 -> #REF! | R70: =+Q70*E70 -> #REF! | T70: =+S70*E70 -> #REF! | V70: =+U70*E70 -> #REF!
A71: 8.2. | B71: =+#REF! -> #REF! | C71: M2 | D71: =+#REF! -> #REF! | E71: =+#REF! -> #REF! | F71: =+D71*E71 -> #REF! | G71: =+D71*1 -> #REF! | H71: =+G71*E71 -> #REF! | I71: =+D71*25 -> #REF! | J71: =+I71*E71 -> #REF! | K71: =+D71*9 -> #REF! | L71: =+K71*E71 -> #REF! | M71: =+D71*1 -> #REF! | N71: =+M71*E71 -> #REF! | O71: =+D71*5 -> #REF! | P71: =+O71*E71 -> #REF! | Q71: =+D71*15 -> #REF! | R71: =+Q71*E71 -> #REF! | T71: =+S71*E71 -> #REF! | V71: =+U71*E71 -> #REF!
A72: 9 | B72: ACABADOS | G72: =+D72*1 -> 0 | H72: =+G72*E72 -> 0 | I72: =+D72*25 -> 0 | J72: =+I72*E72 -> 0 | K72: =+D72*9 -> 0 | L72: =+K72*E72 -> 0 | M72: =+D72*1 -> 0 | N72: =+M72*E72 -> 0 | O72: =+D72*5 -> 0 | P72: =+O72*E72 -> 0 | Q72: =+D72*15 -> 0 | R72: =+Q72*E72 -> 0 | T72: =+S72*E72 -> 0 | V72: =+U72*E72 -> 0
A73: 9.1. | B73: =+#REF! -> #REF! | C73: M2 | D73: =+#REF! -> #REF! | E73: =+#REF! -> #REF! | F73: =+D73*E73 -> #REF! | G73: =+D73*1 -> #REF! | H73: =+G73*E73 -> #REF! | I73: =+D73*25 -> #REF! | J73: =+I73*E73 -> #REF! | K73: =+D73*9 -> #REF! | L73: =+K73*E73 -> #REF! | M73: =+D73*1 -> #REF! | N73: =+M73*E73 -> #REF! | O73: =+D73*5 -> #REF! | P73: =+O73*E73 -> #REF! | Q73: =+D73*15 -> #REF! | R73: =+Q73*E73 -> #REF! | T73: =+S73*E73 -> #REF! | V73: =+U73*E73 -> #REF!
A74: 9.2. | B74: =+#REF! -> #REF! | C74: UN | D74: =+#REF! -> #REF! | E74: =+#REF! -> #REF! | F74: =+D74*E74 -> #REF! | G74: =+D74*1 -> #REF! | H74: =+G74*E74 -> #REF! | I74: =+D74*25 -> #REF! | J74: =+I74*E74 -> #REF! | K74: =+D74*9 -> #REF! | L74: =+K74*E74 -> #REF! | M74: =+D74*1 -> #REF! | N74: =+M74*E74 -> #REF! | O74: =+D74*5 -> #REF! | P74: =+O74*E74 -> #REF! | Q74: =+D74*15 -> #REF! | R74: =+Q74*E74 -> #REF! | T74: =+S74*E74 -> #REF! | V74: =+U74*E74 -> #REF!
A75: 9..3 | B75: =+#REF! -> #REF! | C75: M2 | D75: =+#REF! -> #REF! | E75: =+#REF! -> #REF! | F75: =+D75*E75 -> #REF! | G75: =+D75*1 -> #REF! | H75: =+G75*E75 -> #REF! | I75: =+D75*25 -> #REF! | J75: =+I75*E75 -> #REF! | K75: =+D75*9 -> #REF! | L75: =+K75*E75 -> #REF! | M75: =+D75*1 -> #REF! | N75: =+M75*E75 -> #REF! | O75: =+D75*5 -> #REF! | P75: =+O75*E75 -> #REF! | Q75: =+D75*15 -> #REF! | R75: =+Q75*E75 -> #REF! | T75: =+S75*E75 -> #REF! | V75: =+U75*E75 -> #REF!
A76: 9.4. | B76: =+#REF! -> #REF! | C76: M2 | D76: =+#REF! -> #REF! | E76: =+#REF! -> #REF! | F76: =+D76*E76 -> #REF! | G76: =+D76*1 -> #REF! | H76: =+G76*E76 -> #REF! | I76: =+D76*25 -> #REF! | J76: =+I76*E76 -> #REF! | K76: =+D76*9 -> #REF! | L76: =+K76*E76 -> #REF! | M76: =+D76*1 -> #REF! | N76: =+M76*E76 -> #REF! | O76: =+D76*5 -> #REF! | P76: =+O76*E76 -> #REF! | Q76: =+D76*15 -> #REF! | R76: =+Q76*E76 -> #REF! | T76: =+S76*E76 -> #REF! | V76: =+U76*E76 -> #REF!
A77: 9.5. | B77: =+#REF! -> #REF! | C77: M2 | D77: =+#REF! -> #REF! | E77: =+#REF! -> #REF! | F77: =+D77*E77 -> #REF! | G77: =+D77*1 -> #REF! | H77: =+G77*E77 -> #REF! | I77: =+D77*25 -> #REF! | J77: =+I77*E77 -> #REF! | K77: =+D77*9 -> #REF! | L77: =+K77*E77 -> #REF! | M77: =+D77*1 -> #REF! | N77: =+M77*E77 -> #REF! | O77: =+D77*5 -> #REF! | P77: =+O77*E77 -> #REF! | Q77: =+D77*15 -> #REF! | R77: =+Q77*E77 -> #REF! | T77: =+S77*E77 -> #REF! | V77: =+U77*E77 -> #REF!
A78: 10 | B78: CARPINTERIA METÁLICA | G78: =+D78*1 -> 0 | H78: =+G78*E78 -> 0 | I78: =+D78*25 -> 0 | J78: =+I78*E78 -> 0 | K78: =+D78*9 -> 0 | L78: =+K78*E78 -> 0 | M78: =+D78*1 -> 0 | N78: =+M78*E78 -> 0 | O78: =+D78*5 -> 0 | P78: =+O78*E78 -> 0 | Q78: =+D78*15 -> 0 | R78: =+Q78*E78 -> 0 | T78: =+S78*E78 -> 0 | V78: =+U78*E78 -> 0
A79: 10.1. | B79: =+#REF! -> #REF! | C79: UN | D79: =+#REF! -> #REF! | E79: =+#REF! -> #REF! | F79: =+D79*E79 -> #REF! | G79: =+D79*1 -> #REF! | H79: =+G79*E79 -> #REF! | I79: =+D79*25 -> #REF! | J79: =+I79*E79 -> #REF! | K79: =+D79*9 -> #REF! | L79: =+K79*E79 -> #REF! | M79: =+D79*1 -> #REF! | N79: =+M79*E79 -> #REF! | O79: =+D79*5 -> #REF! | P79: =+O79*E79 -> #REF! | Q79: =+D79*15 -> #REF! | R79: =+Q79*E79 -> #REF! | T79: =+S79*E79 -> #REF! | V79: =+U79*E79 -> #REF!
A80: 10.2. | B80: =+#REF! -> #REF! | C80: UN | D80: =+#REF! -> #REF! | E80: =+#REF! -> #REF! | F80: =+D80*E80 -> #REF! | G80: =+D80*1 -> #REF! | H80: =+G80*E80 -> #REF! | I80: =+D80*25 -> #REF! | J80: =+I80*E80 -> #REF! | K80: =+D80*9 -> #REF! | L80: =+K80*E80 -> #REF! | M80: =+D80*1 -> #REF! | N80: =+M80*E80 -> #REF! | O80: =+D80*5 -> #REF! | P80: =+O80*E80 -> #REF! | Q80: =+D80*15 -> #REF! | R80: =+Q80*E80 -> #REF! | T80: =+S80*E80 -> #REF! | V80: =+U80*E80 -> #REF!
A81: 10.3. | B81: =+#REF! -> #REF! | C81: UN | D81: =+#REF! -> #REF! | E81: =+#REF! -> #REF! | F81: =+D81*E81 -> #REF! | G81: =+D81*1 -> #REF! | H81: =+G81*E81 -> #REF! | I81: =+D81*25 -> #REF! | J81: =+I81*E81 -> #REF! | K81: =+D81*9 -> #REF! | L81: =+K81*E81 -> #REF! | M81: =+D81*1 -> #REF! | N81: =+M81*E81 -> #REF! | O81: =+D81*5 -> #REF! | P81: =+O81*E81 -> #REF! | Q81: =+D81*15 -> #REF! | R81: =+Q81*E81 -> #REF! | T81: =+S81*E81 -> #REF! | V81: =+U81*E81 -> #REF!
A82: 10.4. | B82: =+#REF! -> #REF! | C82: UN | D82: =+#REF! -> #REF! | E82: =+#REF! -> #REF! | F82: =+D82*E82 -> #REF! | G82: =+D82*1 -> #REF! | H82: =+G82*E82 -> #REF! | I82: =+D82*25 -> #REF! | J82: =+I82*E82 -> #REF! | K82: =+D82*9 -> #REF! | L82: =+K82*E82 -> #REF! | M82: =+D82*1 -> #REF! | N82: =+M82*E82 -> #REF! | O82: =+D82*5 -> #REF! | P82: =+O82*E82 -> #REF! | Q82: =+D82*15 -> #REF! | R82: =+Q82*E82 -> #REF! | T82: =+S82*E82 -> #REF! | V82: =+U82*E82 -> #REF!
A83: 10.5. | B83: =+#REF! -> #REF! | C83: ML | D83: =+#REF! -> #REF! | E83: =+#REF! -> #REF! | F83: =+D83*E83 -> #REF! | G83: =+D83*1 -> #REF! | H83: =+G83*E83 -> #REF! | I83: =+D83*25 -> #REF! | J83: =+I83*E83 -> #REF! | K83: =+D83*9 -> #REF! | L83: =+K83*E83 -> #REF! | M83: =+D83*1 -> #REF! | N83: =+M83*E83 -> #REF! | O83: =+D83*5 -> #REF! | P83: =+O83*E83 -> #REF! | Q83: =+D83*15 -> #REF! | R83: =+Q83*E83 -> #REF! | T83: =+S83*E83 -> #REF! | V83: =+U83*E83 -> #REF!
A84: 11 | B84: APARATOS SANITARIOS | G84: =+D84*1 -> 0 | H84: =+G84*E84 -> 0 | I84: =+D84*25 -> 0 | J84: =+I84*E84 -> 0 | K84: =+D84*9 -> 0 | L84: =+K84*E84 -> 0 | M84: =+D84*1 -> 0 | N84: =+M84*E84 -> 0 | O84: =+D84*5 -> 0 | P84: =+O84*E84 -> 0 | Q84: =+D84*15 -> 0 | R84: =+Q84*E84 -> 0 | T84: =+S84*E84 -> 0 | V84: =+U84*E84 -> 0
A85: 11.1. | B85: =+#REF! -> #REF! | C85: UN | D85: =+#REF! -> #REF! | E85: =+#REF! -> #REF! | F85: =+D85*E85 -> #REF! | G85: =+D85*1 -> #REF! | H85: =+G85*E85 -> #REF! | I85: =+D85*25 -> #REF! | J85: =+I85*E85 -> #REF! | K85: =+D85*9 -> #REF! | L85: =+K85*E85 -> #REF! | M85: =+D85*1 -> #REF! | N85: =+M85*E85 -> #REF! | O85: =+D85*5 -> #REF! | P85: =+O85*E85 -> #REF! | Q85: =+D85*15 -> #REF! | R85: =+Q85*E85 -> #REF! | T85: =+S85*E85 -> #REF! | V85: =+U85*E85 -> #REF!
A86: 11.2. | B86: =+#REF! -> #REF! | C86: UN | D86: =+#REF! -> #REF! | E86: =+#REF! -> #REF! | F86: =+D86*E86 -> #REF! | G86: =+D86*1 -> #REF! | H86: =+G86*E86 -> #REF! | I86: =+D86*25 -> #REF! | J86: =+I86*E86 -> #REF! | K86: =+D86*9 -> #REF! | L86: =+K86*E86 -> #REF! | M86: =+D86*1 -> #REF! | N86: =+M86*E86 -> #REF! | O86: =+D86*5 -> #REF! | P86: =+O86*E86 -> #REF! | Q86: =+D86*15 -> #REF! | R86: =+Q86*E86 -> #REF! | T86: =+S86*E86 -> #REF! | V86: =+U86*E86 -> #REF!
A87: 11.3. | B87: =+#REF! -> #REF! | C87: ML | D87: =+#REF! -> #REF! | E87: =+#REF! -> #REF! | F87: =+D87*E87 -> #REF! | G87: =+D87*1 -> #REF! | H87: =+G87*E87 -> #REF! | I87: =+D87*25 -> #REF! | J87: =+I87*E87 -> #REF! | K87: =+D87*9 -> #REF! | L87: =+K87*E87 -> #REF! | M87: =+D87*1 -> #REF! | N87: =+M87*E87 -> #REF! | O87: =+D87*5 -> #REF! | P87: =+O87*E87 -> #REF! | Q87: =+D87*15 -> #REF! | R87: =+Q87*E87 -> #REF! | T87: =+S87*E87 -> #REF! | V87: =+U87*E87 -> #REF!
A88: 11.4. | B88: =+#REF! -> #REF! | C88: UN | D88: =+#REF! -> #REF! | E88: =+#REF! -> #REF! | F88: =+D88*E88 -> #REF! | G88: =+D88*1 -> #REF! | H88: =+G88*E88 -> #REF! | I88: =+D88*25 -> #REF! | J88: =+I88*E88 -> #REF! | K88: =+D88*9 -> #REF! | L88: =+K88*E88 -> #REF! | M88: =+D88*1 -> #REF! | N88: =+M88*E88 -> #REF! | O88: =+D88*5 -> #REF! | P88: =+O88*E88 -> #REF! | Q88: =+D88*15 -> #REF! | R88: =+Q88*E88 -> #REF! | T88: =+S88*E88 -> #REF! | V88: =+U88*E88 -> #REF!
A89: 11.5. | B89: =+#REF! -> #REF! | C89: ML | D89: =+#REF! -> #REF! | E89: =+#REF! -> #REF! | F89: =+D89*E89 -> #REF! | G89: =+D89*1 -> #REF! | H89: =+G89*E89 -> #REF! | I89: =+D89*25 -> #REF! | J89: =+I89*E89 -> #REF! | K89: =+D89*9 -> #REF! | L89: =+K89*E89 -> #REF! | M89: =+D89*1 -> #REF! | N89: =+M89*E89 -> #REF! | O89: =+D89*5 -> #REF! | P89: =+O89*E89 -> #REF! | Q89: =+D89*15 -> #REF! | R89: =+Q89*E89 -> #REF! | T89: =+S89*E89 -> #REF! | V89: =+U89*E89 -> #REF!
A90: 12 | B90: INSTALACIONES HIDRAULICAS Y SANITARIAS | G90: =+D90*1 -> 0 | H90: =+G90*E90 -> 0 | I90: =+D90*25 -> 0 | J90: =+I90*E90 -> 0 | K90: =+D90*9 -> 0 | L90: =+K90*E90 -> 0 | M90: =+D90*1 -> 0 | N90: =+M90*E90 -> 0 | O90: =+D90*5 -> 0 | P90: =+O90*E90 -> 0 | Q90: =+D90*15 -> 0 | R90: =+Q90*E90 -> 0 | T90: =+S90*E90 -> 0 | V90: =+U90*E90 -> 0
A91: 12.1. | B91: =+#REF! -> #REF! | C91: UN | D91: =+#REF! -> #REF! | E91: =+#REF! -> #REF! | F91: =+D91*E91 -> #REF! | G91: =+D91*1 -> #REF! | H91: =+G91*E91 -> #REF! | I91: =+D91*25 -> #REF! | J91: =+I91*E91 -> #REF! | K91: =+D91*9 -> #REF! | L91: =+K91*E91 -> #REF! | M91: =+D91*1 -> #REF! | N91: =+M91*E91 -> #REF! | O91: =+D91*5 -> #REF! | P91: =+O91*E91 -> #REF! | Q91: =+D91*15 -> #REF! | R91: =+Q91*E91 -> #REF! | T91: =+S91*E91 -> #REF! | V91: =+U91*E91 -> #REF!
A92: 12.2. | B92: =+#REF! -> #REF! | C92: ML | D92: =+#REF! -> #REF! | E92: =+#REF! -> #REF! | F92: =+D92*E92 -> #REF! | G92: =+D92*1 -> #REF! | H92: =+G92*E92 -> #REF! | I92: =+D92*25 -> #REF! | J92: =+I92*E92 -> #REF! | K92: =+D92*9 -> #REF! | L92: =+K92*E92 -> #REF! | M92: =+D92*1 -> #REF! | N92: =+M92*E92 -> #REF! | O92: =+D92*5 -> #REF! | P92: =+O92*E92 -> #REF! | Q92: =+D92*15 -> #REF! | R92: =+Q92*E92 -> #REF! | T92: =+S92*E92 -> #REF! | V92: =+U92*E92 -> #REF!
A93: 12.3. | B93: =+#REF! -> #REF! | C93: UN | D93: =+#REF! -> #REF! | E93: =+#REF! -> #REF! | F93: =+D93*E93 -> #REF! | G93: =+D93*1 -> #REF! | H93: =+G93*E93 -> #REF! | I93: =+D93*25 -> #REF! | J93: =+I93*E93 -> #REF! | K93: =+D93*9 -> #REF! | L93: =+K93*E93 -> #REF! | M93: =+D93*1 -> #REF! | N93: =+M93*E93 -> #REF! | O93: =+D93*5 -> #REF! | P93: =+O93*E93 -> #REF! | Q93: =+D93*15 -> #REF! | R93: =+Q93*E93 -> #REF! | T93: =+S93*E93 -> #REF! | V93: =+U93*E93 -> #REF!
A94: 12.4. | B94: =+#REF! -> #REF! | C94: UN | D94: =+#REF! -> #REF! | E94: =+#REF! -> #REF! | F94: =+D94*E94 -> #REF! | G94: =+D94*1 -> #REF! | H94: =+G94*E94 -> #REF! | I94: =+D94*25 -> #REF! | J94: =+I94*E94 -> #REF! | K94: =+D94*9 -> #REF! | L94: =+K94*E94 -> #REF! | M94: =+D94*1 -> #REF! | N94: =+M94*E94 -> #REF! | O94: =+D94*5 -> #REF! | P94: =+O94*E94 -> #REF! | Q94: =+D94*15 -> #REF! | R94: =+Q94*E94 -> #REF! | T94: =+S94*E94 -> #REF! | V94: =+U94*E94 -> #REF!
A95: 12.5. | B95: =+#REF! -> #REF! | C95: UN | D95: =+#REF! -> #REF! | E95: =+#REF! -> #REF! | F95: =+D95*E95 -> #REF! | G95: =+D95*1 -> #REF! | H95: =+G95*E95 -> #REF! | I95: =+D95*25 -> #REF! | J95: =+I95*E95 -> #REF! | K95: =+D95*9 -> #REF! | L95: =+K95*E95 -> #REF! | M95: =+D95*1 -> #REF! | N95: =+M95*E95 -> #REF! | O95: =+D95*5 -> #REF! | P95: =+O95*E95 -> #REF! | Q95: =+D95*15 -> #REF! | R95: =+Q95*E95 -> #REF! | T95: =+S95*E95 -> #REF! | V95: =+U95*E95 -> #REF!
A96: 12.6. | B96: =+#REF! -> #REF! | C96: ML | D96: =+#REF! -> #REF! | E96: =+#REF! -> #REF! | F96: =+D96*E96 -> #REF! | G96: =+D96*1 -> #REF! | H96: =+G96*E96 -> #REF! | I96: =+D96*25 -> #REF! | J96: =+I96*E96 -> #REF! | K96: =+D96*9 -> #REF! | L96: =+K96*E96 -> #REF! | M96: =+D96*1 -> #REF! | N96: =+M96*E96 -> #REF! | O96: =+D96*5 -> #REF! | P96: =+O96*E96 -> #REF! | Q96: =+D96*15 -> #REF! | R96: =+Q96*E96 -> #REF! | T96: =+S96*E96 -> #REF! | V96: =+U96*E96 -> #REF!
A97: 12.7. | B97: =+#REF! -> #REF! | C97: ML | D97: =+#REF! -> #REF! | E97: =+#REF! -> #REF! | F97: =+D97*E97 -> #REF! | G97: =+D97*1 -> #REF! | H97: =+G97*E97 -> #REF! | I97: =+D97*25 -> #REF! | J97: =+I97*E97 -> #REF! | K97: =+D97*9 -> #REF! | L97: =+K97*E97 -> #REF! | M97: =+D97*1 -> #REF! | N97: =+M97*E97 -> #REF! | O97: =+D97*5 -> #REF! | P97: =+O97*E97 -> #REF! | Q97: =+D97*15 -> #REF! | R97: =+Q97*E97 -> #REF! | T97: =+S97*E97 -> #REF! | V97: =+U97*E97 -> #REF!
A98: 12.8. | B98: =+#REF! -> #REF! | C98: UN | D98: =+#REF! -> #REF! | E98: =+#REF! -> #REF! | F98: =+D98*E98 -> #REF! | G98: =+D98*1 -> #REF! | H98: =+G98*E98 -> #REF! | I98: =+D98*25 -> #REF! | J98: =+I98*E98 -> #REF! | K98: =+D98*9 -> #REF! | L98: =+K98*E98 -> #REF! | M98: =+D98*1 -> #REF! | N98: =+M98*E98 -> #REF! | O98: =+D98*5 -> #REF! | P98: =+O98*E98 -> #REF! | Q98: =+D98*15 -> #REF! | R98: =+Q98*E98 -> #REF! | T98: =+S98*E98 -> #REF! | V98: =+U98*E98 -> #REF!
A99: 12.9. | B99: =+#REF! -> #REF! | C99: UN | D99: =+#REF! -> #REF! | E99: =+#REF! -> #REF! | F99: =+D99*E99 -> #REF! | G99: =+D99*1 -> #REF! | H99: =+G99*E99 -> #REF! | I99: =+D99*25 -> #REF! | J99: =+I99*E99 -> #REF! | K99: =+D99*9 -> #REF! | L99: =+K99*E99 -> #REF! | M99: =+D99*1 -> #REF! | N99: =+M99*E99 -> #REF! | O99: =+D99*5 -> #REF! | P99: =+O99*E99 -> #REF! | Q99: =+D99*15 -> #REF! | R99: =+Q99*E99 -> #REF! | T99: =+S99*E99 -> #REF! | V99: =+U99*E99 -> #REF!
A100: 13 | B100: INSTALACIONES ELECTRICAS | G100: =+D100*1 -> 0 | H100: =+G100*E100 -> 0 | I100: =+D100*25 -> 0 | J100: =+I100*E100 -> 0 | K100: =+D100*9 -> 0 | L100: =+K100*E100 -> 0 | M100: =+D100*1 -> 0 | N100: =+M100*E100 -> 0 | O100: =+D100*5 -> 0 | P100: =+O100*E100 -> 0 | Q100: =+D100*15 -> 0 | R100: =+Q100*E100 -> 0 | T100: =+S100*E100 -> 0 | V100: =+U100*E100 -> 0
A101: 13.1 | B101: =+#REF! -> #REF! | C101: UN | D101: =+#REF! -> #REF! | E101: =+#REF! -> #REF! | F101: =+D101*E101 -> #REF! | G101: =+D101*1 -> #REF! | H101: =+G101*E101 -> #REF! | I101: =+D101*25 -> #REF! | J101: =+I101*E101 -> #REF! | K101: =+D101*9 -> #REF! | L101: =+K101*E101 -> #REF! | M101: =+D101*1 -> #REF! | N101: =+M101*E101 -> #REF! | O101: =+D101*5 -> #REF! | P101: =+O101*E101 -> #REF! | Q101: =+D101*15 -> #REF! | R101: =+Q101*E101 -> #REF! | T101: =+S101*E101 -> #REF! | V101: =+U101*E101 -> #REF!
A102: 14 | B102: GASTOS NOTARIALES Y DE REGISTRO
A103: 14.1 | B103: GASTOS NOTARIALES Y DE REGISTRO | C103: UN | D103: 1 | E103: 300000 | F103: =+D103*E103 -> 300000 | G103: =+D103*1 -> 1 | H103: =+G103*E103 -> 300000 | I103: =+D103*25 -> 25 | J103: =+I103*E103 -> 7500000 | K103: =+D103*9 -> 9 | L103: =+K103*E103 -> 2700000 | M103: =+D103*1 -> 1 | N103: =+M103*E103 -> 300000 | O103: =+D103*5 -> 5 | P103: =+O103*E103 -> 1500000 | Q103: =+D103*15 -> 15 | R103: =+Q103*E103 -> 4500000 | T103: =+S103*E103 -> 0 | V103: =+U103*E103 -> 0
L104: =+K104*E104 -> 0
B105: COSTO DIRECTO POR VIVIENDA UNIFAMILIAR | F105: =+SUM(F52:F103) -> #REF! | L105: =+K105*E105 -> 0 | N105: =+M105*E105 -> 0
L106: =+K106*E106 -> 0 | N106: =+M106*E106 -> 0
L107: =+K107*E107 -> 0 | N107: =+M107*E107 -> 0
A108: OBRAS DE CONTRUCCIÓN POR VIVIENDA (1) BIFAMILIAR | L108: =+K108*E108 -> 0 | N108: =+M108*E108 -> 0
L109: =+K109*E109 -> 0 | N109: =+M109*E109 -> 0
...

Sheet PTO. MANZANARES
A1: PROYECTO. "CONSTRUCCIÓN DE SOLUCIONES HABITACIONALES PARA LA REUBICACIÓN DE POBLACIÓN UBICADA EN ZONAS DE ALTO RIESGO NO MITIGABLE EN EL TERRITORIO DE OPORTUNIDADES DEL DEPARTAMENTO DE CALDAS - ZONA URBANA". PRESUPUESTO VIVIENDAS A CONTRUIR EN EL MUNICIPIO DE MANZANARES-CALDAS. (10 SOLUCIONES HABITACIONALES)
A3: OBRAS DE ADECUACIONES DEL TERRENO, REDES Y URBANISMO
A5: ITEM | B5: ACTIVIDADES | C5: UN | D5: CANT. | E5: VALOR | F5: VALOR
E6: UITARIO | F6: TOTAL
A7: 1 | B7: OBRAS PRELIMINARES
A8: 1.1 | B8: =+#REF! -> #REF! | C8: DÍA | D8: =+'CANTIDADES URBANISMO MANZANARES'!D7 -> 2 | E8: =+#REF! -> #REF! | F8: =ROUND(D8*E8,0) -> #REF!
A9: 1.2 | B9: =+#REF! -> #REF! | C9: M2 | D9: =+'CANTIDADES URBANISMO MANZANARES'!D16 -> 300 | E9: =+#REF! -> #REF! | F9: =ROUND(D9*E9,0) -> #REF!
A11: 2 | B11: MOVIMIENTO DE TIERRAS
A12: 2.1. | B12: =+#REF! -> #REF! | C12: M3 | D12: =+'CANTIDADES URBANISMO MANZANARES'!D23 -> 0 | E12: =+#REF! -> #REF! | F12: =ROUND(D12*E12,0) -> #REF!
A13: 2.2. | B13: =+#REF! -> #REF! | C13: M3 | D13: =+'CANTIDADES URBANISMO MANZANARES'!D28 -> 24.7 | E13: =+#REF! -> #REF! | F13: =ROUND(D13*E13,0) -> #REF!
A14: 2.3. | B14: =+#REF! -> #REF! | C14: M3 | D14: =+'CANTIDADES URBANISMO MANZANARES'!D36 -> 23.94 | E14: =+#REF! -> #REF! | F14: =ROUND(D14*E14,0) -> #REF!
A15: 2.4. | B15: =+#REF! -> #REF! | C15: M3 | D15: =+'CANTIDADES URBANISMO MANZANARES'!D43 -> 0.76 | E15: =+#REF! -> #REF! | F15: =ROUND(D15*E15,0) -> #REF!
A16: 2.5. | B16: =+#REF! -> #REF! | C16: M2 | D16: =+'CANTIDADES URBANISMO MANZANARES'!D47 -> 300 | E16: =+#REF! -> #REF! | F16: =ROUND(D16*E16,0) -> #REF!
A17: 2.6. | B17: =+#REF! -> #REF! | C17: M2 | D17: =+'CANTIDADES URBANISMO MANZANARES'!D54 -> 0 | E17: =+#REF! -> #REF! | F17: =ROUND(D17*E17,0) -> #REF!
A18: 3 | B18: BORDILLOS, ANDENES VÍAS Y/O MUROS
A19: 3.1. | B19: =+#REF! -> #REF! | C19: M3 | D19: =+'CANTIDADES URBANISMO MANZANARES'!D59 -> 2.1 | E19: =+#REF! -> #REF! | F19: =ROUND(D19*E19,0) -> #REF!
A20: 3.2. | B20: =+#REF! -> #REF! | C20: ML | D20: =+'CANTIDADES URBANISMO MANZANARES'!D72 -> 30 | E20: =+#REF! -> #REF! | F20: =ROUND(D20*E20,0) -> #REF!
A21: 3.3. | B21: =+#REF! -> #REF! | C21: M2 | D21: =+'CANTIDADES URBANISMO MANZANARES'!D79 -> 36 | E21: =+#REF! -> #REF! | F21: =ROUND(D21*E21,0) -> #REF!
A22: 3.4. | B22: =+#REF! -> #REF! | C22: M3 | D22: =+'CANTIDADES URBANISMO MANZANARES'!D86 -> 18 | E22: =+#REF! -> #REF! | F22: =ROUND(D22*E22,0) -> #REF!
A25: 4 | B25: REDES DE ACUEDUCTO, ALCANTARILLADO Y MANEJO DE AGUAS LLUVIAS.
A26: 4.1. | B26: =+#REF! -> #REF! | C26: UN | D26: =+'CANTIDADES URBANISMO MANZANARES'!D94 -> 0 | E26: =+#REF! -> #REF! | F26: =ROUND(D26*E26,0) -> #REF!
A27: 4.2. | B27: =+#REF! -> #REF! | C27: ML | D27: =+'CANTIDADES URBANISMO MANZANARES'!D98 -> 0 | E27: =+#REF! -> #REF! | F27: =ROUND(D27*E27,0) -> #REF!
A28: 4.3. | B28: =+#REF! -> #REF! | C28: UN | D28: =+'CANTIDADES URBANISMO MANZANARES'!D105 -> 0 | E28: =+#REF! -> #REF! | F28: =ROUND(D28*E28,0) -> #REF!
A29: 4.4. | B29: =+#REF! -> #REF! | C29: ML | D29: =+'CANTIDADES URBANISMO MANZANARES'!D109 -> 22.5 | E29: =+#REF! -> #REF! | F29: =ROUND(D29*E29,0) -> #REF!
A30: 4.5. | B30: =+#REF! -> #REF! | C30: ML | D30: =+'CANTIDADES URBANISMO MANZANARES'!D116 -> 0 | E30: =+#REF! -> #REF! | F30: =ROUND(D30*E30,0) -> #REF!
A31: 4.6. | B31: =+#REF! -> #REF! | C31: ML | D31: =+'CANTIDADES URBANISMO MANZANARES'!D120 -> 0 | E31: =+#REF! -> #REF! | F31: =ROUND(D31*E31,0) -> #REF!
A32: 4.7. | B32: =+#REF! -> #REF! | C32: ML | D32: =+'CANTIDADES URBANISMO MANZANARES'!D120 -> 0 | E32: =+#REF! -> #REF! | F32: =ROUND(D32*E32,0) -> #REF!
A33: 4.8. | B33: =+#REF! -> #REF! | C33: ML | D33: =+'CANTIDADES URBANISMO MANZANARES'!D129 -> 0 | E33: =+#REF! -> #REF! | F33: =ROUND(D33*E33,0) -> #REF!
A34: 4.9. | B34: =+#REF! -> #REF! | C34: UN | D34: =+'CANTIDADES URBANISMO MANZANARES'!D133 -> 5 | E34: =+#REF! -> #REF! | F34: =ROUND(D34*E34,0) -> #REF!
A35: 4.10. | B35: =+#REF! -> #REF! | C35: ML | D35: =+'CANTIDADES URBANISMO MANZANARES'!D137 -> 0 | E35: =+#REF! -> #REF! | F35: =ROUND(D35*E35,0) -> #REF!
A36: 4.11 | B36: =+#REF! -> #REF! | C36: UN | D36: =+'CANTIDADES URBANISMO MANZANARES'!D142 -> 0 | E36: =+#REF! -> #REF! | F36: =ROUND(D36*E36,0) -> #REF!
A37: 4.12 | B37: =+#REF! -> #REF! | C37: UN | D37: =+'CANTIDADES URBANISMO MANZANARES'!D146 -> 0 | E37: =+#REF! -> #REF! | F37: =ROUND(D37*E37,0) -> #REF!
A38: 4.13 | B38: =+#REF! -> #REF! | C38: M3 | D38: =+'CANTIDADES URBANISMO MANZANARES'!D150 -> 0 | E38: =+#REF! -> #REF! | F38: =ROUND(D38*E38,0) -> #REF!
A39: 4.14 | B39: =+#REF! -> #REF! | C39: M3 | D39: =+'CANTIDADES URBANISMO MANZANARES'!D154 -> 0 | E39: =+#REF! -> #REF! | F39: =ROUND(D39*E39,0) -> #REF!
B41: COSTO DIRECTO OBRAS DE ADECUACIONES DEL TERRENO, REDES Y URBANISMO | F41: =+SUM(F8:F39) -> #REF!
B44: VIVIENDAS V.I.P UNIFAMILIARES | C44: UN | D44: 0 | E44: =+'PTO VIVIENDA UNIFAMILIAR'!F62 -> #REF! | F44: =+D44*E44 -> #REF!
B45: VIVIENDAS V.I.P BIFAMILIARES | C45: UN | D45: 5 | E45: =+'PTO VIVIENDA BIFAMILIAR'!F124 -> #REF! | F45: =+D45*E45 -> #REF!
B48: COSTO DIRECTO PROYECTO VIVIENDAS MANZANARES | F48: =+SUM(F41:F45) -> #REF!

Sheet PTO. LA MERCED
A1: PROYECTO. "CONSTRUCCIÓN DE SOLUCIONES HABITACIONALES PARA LA REUBICACIÓN DE POBLACIÓN UBICADA EN ZONAS DE ALTO RIESGO NO MITIGABLE EN EL TERRITORIO DE OPORTUNIDADES DEL DEPARTAMENTO DE CALDAS - ZONA URBANA". PRESUPUESTO VIVIENDAS A CONTRUIR EN EL MUNICIPIO DE LA MERCED-CALDAS. (20 SOLUCIONES HABITACIONALES)
A3: OBRAS DE ADECUACIONES DEL TERRENO, REDES Y URBANISMO
A5: ITEM | B5: ACTIVIDADES | C5: UN | D5: CANT. | E5: VALOR | F5: VALOR
E6: UITARIO | F6: TOTAL
A7: 1 | B7: OBRAS PRELIMINARES
A8: 1.1 | B8: =+#REF! -> #REF! | C8: DÍA | D8: =+'CANTIDADES URBANISMO LA MERCED'!D7 -> 4 | E8: =+#REF! -> #REF! | F8: =ROUND(D8*E8,0) -> #REF!
A9: 1.2 | B9: =+#REF! -> #REF! | C9: M2 | D9: =+'CANTIDADES URBANISMO LA MERCED'!D17 -> 870 | E9: =+#REF! -> #REF! | F9: =ROUND(D9*E9,0) -> #REF!
A11: 2 | B11: MOVIMIENTO DE TIERRAS
A12: 2.1. | B12: =+#REF! -> #REF! | C12: M3 | D12: =+'CANTIDADES URBANISMO LA MERCED'!D24 -> 1356.5 | E12: =+#REF! -> #REF! | F12: =ROUND(D12*E12,0) -> #REF!
A13: 2.2. | B13: =+#REF! -> #REF! | C13: M3 | D13: =+'CANTIDADES URBANISMO LA MERCED'!D42 -> 280.5 | E13: =+#REF! -> #REF! | F13: =ROUND(D13*E13,0) -> #REF!
A14: 2.3. | B14: =+#REF! -> #REF! | C14: M3 | D14: =+'CANTIDADES URBANISMO LA MERCED'!D59 -> 201.3 | E14: =+#REF! -> #REF! | F14: =ROUND(D14*E14,0) -> #REF!
A15: 2.4. | B15: =+#REF! -> #REF! | C15: M3 | D15: =+'CANTIDADES URBANISMO LA MERCED'!D72 -> 1435.7 | E15: =+#REF! -> #REF! | F15: =ROUND(D15*E15,0)+3 -> #REF!
A16: 2.5. | B16: =+#REF! -> #REF! | C16: M2 | D16: =+'CANTIDADES URBANISMO LA MERCED'!D76 -> 1149.4 | E16: =+#REF! -> #REF! | F16: =ROUND(D16*E16,0) -> #REF!
A17: 2.6. | B17: =+#REF! -> #REF! | C17: M2 | D17: =+'CANTIDADES URBANISMO LA MERCED'!D86 -> 90 | E17: =+#REF! -> #REF! | F17: =ROUND(D17*E17,0) -> #REF!
A18: 3 | B18: BORDILLOS, ANDENES VÍAS Y/O MUROS
A19: 3.1. | B19: =+#REF! -> #REF! | C19: M3 | D19: =+'CANTIDADES URBANISMO LA MERCED'!D91 -> 33.8 | E19: =+#REF! -> #REF! | F19: =ROUND(D19*E19,0) -> #REF!
A20: 3.2. | B20: =+#REF! -> #REF! | C20: ML | D20: =+'CANTIDADES URBANISMO LA MERCED'!D101 -> 0 | E20: =+#REF! -> #REF! | F20: =ROUND(D20*E20,0) -> #REF!
A21: 3.3. | B21: =+#REF! -> #REF! | C21: M2 | D21: =+'CANTIDADES URBANISMO LA MERCED'!D108 -> 98.4 | E21: =+#REF! -> #REF! | F21: =ROUND(D21*E21,0) -> #REF!
A22: 3.4. | B22: =+#REF! -> #REF! | C22: M3 | D22: =+'CANTIDADES URBANISMO LA MERCED'!D115 -> 11.04 | E22: =+#REF! -> #REF! | F22: =ROUND(D22*E22,0) -> #REF!
A25: 4 | B25: REDES DE ACUEDUCTO, ALCANTARILLADO Y MANEJO DE AGUAS LLUVIAS.
A26: 4.1. | B26: =+#REF! -> #REF! | C26: UN | D26: =+'CANTIDADES URBANISMO LA MERCED'!D123 -> 1 | E26: =+#REF! -> #REF! | F26: =ROUND(D26*E26,0) -> #REF!
A27: 4.2. | B27: =+#REF! -> #REF! | C27: ML | D27: =+'CANTIDADES URBANISMO LA MERCED'!D127 -> 73 | E27: =+#REF! -> #REF! | F27: =ROUND(D27*E27,0) -> #REF!
A28: 4.3. | B28: =+#REF! -> #REF! | C28: UN | D28: =+'CANTIDADES URBANISMO LA MERCED'!D134 -> 1 | E28: =+#REF! -> #REF! | F28: =ROUND(D28*E28,0) -> #REF!
A29: 4.4. | B29: =+#REF! -> #REF! | C29: ML | D29: =+'CANTIDADES URBANISMO LA MERCED'!D138 -> 32 | E29: =+#REF! -> #REF! | F29: =ROUND(D29*E29,0) -> #REF!
A30: 4.5. | B30: =+#REF! -> #REF! | C30: ML | D30: =+'CANTIDADES URBANISMO LA MERCED'!D142 -> 146.7 | E30: =+#REF! -> #REF! | F30: =ROUND(D30*E30,0) -> #REF!
A31: 4.6. | B31: =+#REF! -> #REF! | C31: ML | D31: =+'CANTIDADES URBANISMO LA MERCED'!D151 -> 0 | E31: =+#REF! -> #REF! | F31: =ROUND(D31*E31,0) -> #REF!
A32: 4.7. | B32: =+#REF! -> #REF! | C32: ML | D32: =+'CANTIDADES URBANISMO LA MERCED'!D155 -> 6 | E32: =+#REF! -> #REF! | F32: =ROUND(D32*E32,0) -> #REF!
A33: 4.8. | B33: =+#REF! -> #REF! | C33: ML | D33: =+'CANTIDADES URBANISMO LA MERCED'!D160 -> 0 | E33: =+#REF! -> #REF! | F33: =ROUND(D33*E33,0) -> #REF!
A34: 4.9. | B34: =+#REF! -> #REF! | C34: UN | D34: =+'CANTIDADES URBANISMO LA MERCED'!D164 -> 10 | E34: =+#REF! -> #REF! | F34: =ROUND(D34*E34,0) -> #REF!
A35: 4.10. | B35: =+#REF! -> #REF! | C35: ML | D35: =+'CANTIDADES URBANISMO LA MERCED'!D168 -> 7 | E35: =+#REF! -> #REF! | F35: =ROUND(D35*E35,0) -> #REF!
A36: 4.11 | B36: =+#REF! -> #REF! | C36: UN | D36: =+'CANTIDADES URBANISMO LA MERCED'!D178 -> 4 | E36: =+#REF! -> #REF! | F36: =ROUND(D36*E36,0) -> #REF!
A37: 4.12 | B37: =+#REF! -> #REF! | C37: UN | D37: =+'CANTIDADES URBANISMO LA MERCED'!D188 -> 4 | E37: =+#REF! -> #REF! | F37: =ROUND(D37*E37,0) -> #REF!
A38: 4.13 | B38: =+#REF! -> #REF! | C38: M3 | D38: =+'CANTIDADES URBANISMO LA MERCED'!D198 -> 17.2 | E38: =+#REF! -> #REF! | F38: =ROUND(D38*E38,0) -> #REF!
A39: 4.14 | B39: =+#REF! -> #REF! | C39: M3 | D39: =+'CANTIDADES URBANISMO LA MERCED'!D205 -> 0 | E39: =+#REF! -> #REF! | F39: =ROUND(D39*E39,0) -> #REF!
B41: COSTO DIRECTO OBRAS DE ADECUACIONES DEL TERRENO, REDES Y URBANISMO | F41: =+SUM(F8:F39) -> #REF!
B44: VIVIENDAS V.I.P UNIFAMILIARES | C44: UN | D44: 0 | E44: =+'PTO VIVIENDA UNIFAMILIAR'!F62 -> #REF! | F44: =+D44*E44 -> #REF!
B45: VIVIENDAS V.I.P BIFAMILIARES | C45: UN | D45: 10 | E45: =+'PTO VIVIENDA BIFAMILIAR'!F124 -> #REF! | F45: =+D45*E45 -> #REF!
B48: COSTO DIRECTO PROYECTO VIVIENDAS LA MERCED | F48: =+SUM(F41:F45) -> #REF!

Sheet PTO. AGUADAS
A1: PROYECTO. "CONSTRUCCIÓN DE SOLUCIONES HABITACIONALES PARA LA REUBICACIÓN DE POBLACIÓN UBICADA EN ZONAS DE ALTO RIESGO NO MITIGABLE EN EL TERRITORIO DE OPORTUNIDADES DEL DEPARTAMENTO DE CALDAS - ZONA URBANA". PRESUPUESTO VIVIENDAS A CONTRUIR EN EL MUNICIPIO AGUADAS-CALDAS. (11 SOLUCIONES HABITACIONALES)
A3: OBRAS DE ADECUACIONES DEL TERRENO, REDES Y URBANISMO
A5: ITEM | B5: ACTIVIDADES | C5: UN | D5: CANT. | E5: VALOR | F5: VALOR
E6: UITARIO | F6: TOTAL
A7: 1 | B7: OBRAS PRELIMINARES
A8: 1.1 | B8: =+#REF! -> #REF! | C8: DÍA | D8: =+'CANTIDADES URBANISMO AGUADAS'!D7 -> 3 | E8: =+#REF! -> #REF! | F8: =ROUND(D8*E8,0) -> #REF!
A9: 1.2 | B9: =+#REF! -> #REF! | C9: M2 | D9: =+'CANTIDADES URBANISMO AGUADAS'!D17 -> 661 | E9: =+#REF! -> #REF! | F9: =ROUND(D9*E9,0) -> #REF!
F10: =ROUND(D10*E10,0) -> 0
A11: 2 | B11: MOVIMIENTO DE TIERRAS
A12: 2.1. | B12: =+#REF! -> #REF! | C12: M3 | D12: =+'CANTIDADES URBANISMO AGUADAS'!D24 -> 0 | E12: =+#REF! -> #REF! | F12: =ROUND(D12*E12,0) -> #REF!
A13: 2.2. | B13: =+#REF! -> #REF! | C13: M3 | D13: =+'CANTIDADES URBANISMO AGUADAS'!D29 -> 476.4 | E13: =+#REF! -> #REF! | F13: =ROUND(D13*E13,0) -> #REF!
A14: 2.3. | B14: =+#REF! -> #REF! | C14: M3 | D14: =+'CANTIDADES URBANISMO AGUADAS'!D68 -> 425.9 | E14: =+#REF! -> #REF! | F14: =ROUND(D14*E14,0) -> #REF!
A15: 2.4. | B15: =+#REF! -> #REF! | C15: M3 | D15: =+'CANTIDADES URBANISMO AGUADAS'!D99 -> 50.5 | E15: =+#REF! -> #REF! | F15: =ROUND(D15*E15,0) -> #REF!
A16: 2.5. | B16: =+#REF! -> #REF! | C16: M2 | D16: =+'CANTIDADES URBANISMO AGUADAS'!D103 -> 608 | E16: =+#REF! -> #REF! | F16: =ROUND(D16*E16,0) -> #REF!
A17: 2.6. | B17: =+#REF! -> #REF! | C17: M2 | D17: =+'CANTIDADES URBANISMO AGUADAS'!D110 -> 104 | E17: =+#REF! -> #REF! | F17: =ROUND(D17*E17,0) -> #REF!
A18: 3 | B18: BORDILLOS, ANDENES VÍAS Y/O MUROS
A19: 3.1. | B19: =+#REF! -> #REF! | C19: M3 | D19: =+'CANTIDADES URBANISMO AGUADAS'!D115 -> 61.29 | E19: =+#REF! -> #REF! | F19: =ROUND(D19*E19,0) -> #REF!
A20: 3.2. | B20: =+#REF! -> #REF! | C20: ML | D20: =+'CANTIDADES URBANISMO AGUADAS'!D127 -> 0 | E20: =+#REF! -> #REF! | F20: =ROUND(D20*E20,0) -> #REF!
A21: 3.3. | B21: =+#REF! -> #REF! | C21: M2 | D21: =+'CANTIDADES URBANISMO AGUADAS'!D134 -> 91.32 | E21: =+#REF! -> #REF! | F21: =ROUND(D21*E21,0) -> #REF!
A22: 3.4. | B22: =+#REF! -> #REF! | C22: M3 | D22: =+'CANTIDADES URBANISMO AGUADAS'!D141 -> 37.7 | E22: =+#REF! -> #REF! | F22: =ROUND(D22*E22,0) -> #REF!
F23: =ROUND(D23*E23,0) -> 0
F24: =ROUND(D24*E24,0) -> 0
A25: 4 | B25: REDES DE ACUEDUCTO, ALCANTARILLADO Y MANEJO DE AGUAS LLUVIAS.
A26: 4.1. | B26: =+#REF! -> #REF! | C26: UN | D26: =+'CANTIDADES URBANISMO AGUADAS'!D152 -> 1 | E26: =+#REF! -> #REF! | F26: =ROUND(D26*E26,0) -> #REF!
A27: 4.2. | B27: =+#REF! -> #REF! | C27: ML | D27: =+'CANTIDADES URBANISMO AGUADAS'!D156 -> 78 | E27: =+#REF! -> #REF! | F27: =ROUND(D27*E27,0) -> #REF!
A28: 4.3. | B28: =+#REF! -> #REF! | C28: UN | D28: =+'CANTIDADES URBANISMO AGUADAS'!D163 -> 1 | E28: =+#REF! -> #REF! | F28: =ROUND(D28*E28,0) -> #REF!
A29: 4.4. | B29: =+#REF! -> #REF! | C29: ML | D29: =+'CANTIDADES URBANISMO AGUADAS'!D167 -> 42.7 | E29: =+#REF! -> #REF! | F29: =ROUND(D29*E29,0) -> #REF!
A30: 4.5. | B30: =+#REF! -> #REF! | C30: ML | D30: =+'CANTIDADES URBANISMO AGUADAS'!D171 -> 67.8 | E30: =+#REF! -> #REF! | F30: =ROUND(D30*E30,0) -> #REF!
A31: 4.6. | B31: =+#REF! -> #REF! | C31: ML | D31: =+'CANTIDADES URBANISMO AGUADAS'!D181 -> 0 | E31: =+#REF! -> #REF! | F31: =ROUND(D31*E31,0) -> #REF!
A32: 4.7. | B32: =+#REF! -> #REF! | C32: ML | D32: =+'CANTIDADES URBANISMO AGUADAS'!D185 -> 0 | E32: =+#REF! -> #REF! | F32: =ROUND(D32*E32,0) -> #REF!
A33: 4.8. | B33: =+#REF! -> #REF! | C33: ML | D33: =+'CANTIDADES URBANISMO AGUADAS'!D190 -> 0 | E33: =+#REF! -> #REF! | F33: =ROUND(D33*E33,0) -> #REF!
A34: 4.9. | B34: =+#REF! -> #REF! | C34: UN | D34: =+'CANTIDADES URBANISMO AGUADAS'!D194 -> 6 | E34: =+#REF! -> #REF! | F34: =ROUND(D34*E34,0) -> #REF!
A35: 4.10. | B35: =+#REF! -> #REF! | C35: ML | D35: =+'CANTIDADES URBANISMO AGUADAS'!D198 -> 10.3 | E35: =+#REF! -> #REF! | F35: =ROUND(D35*E35,0) -> #REF!
A36: 4.11 | B36: =+#REF! -> #REF! | C36: UN | D36: =+'CANTIDADES URBANISMO AGUADAS'!D209 -> 5 | E36: =+#REF! -> #REF! | F36: =ROUND(D36*E36,0) -> #REF!
A37: 4.12 | B37: =+#REF! -> #REF! | C37: UN | D37: =+'CANTIDADES URBANISMO AGUADAS'!D220 -> 5 | E37: =+#REF! -> #REF! | F37: =ROUND(D37*E37,0) -> #REF!
A38: 4.13 | B38: =+#REF! -> #REF! | C38: M3 | D38: =+'CANTIDADES URBANISMO AGUADAS'!D231 -> 4.6 | E38: =+#REF! -> #REF! | F38: =ROUND(D38*E38,0) -> #REF!
A39: 4.14 | B39: =+#REF! -> #REF! | C39: M3 | D39: =+'CANTIDADES URBANISMO AGUADAS'!D238 -> 4.8 | E39: =+#REF! -> #REF! | F39: =ROUND(D39*E39,0) -> #REF!
B41: COSTO DIRECTO OBRAS DE ADECUACIONES DEL TERRENO, REDES Y URBANISMO | F41: =+SUM(F8:F39) -> #REF!
B44: VIVIENDAS V.I.P UNIFAMILIARES | C44: UN | D44: 1 | E44: =+'PTO VIVIENDA UNIFAMILIAR'!F62 -> #REF! | F44: =+D44*E44 -> #REF!
B45: VIVIENDAS V.I.P BIFAMILIARES | C45: UN | D45: 5 | E45: =+'PTO VIVIENDA BIFAMILIAR'!F124 -> #REF! | F45: =+D45*E45 -> #REF!
B48: COSTO DIRECTO PROYECTO VIVIENDAS AGUADAS | F48: =+SUM(F41:F45) -> #REF!

Sheet PTO. DORADA
A1: PROYECTO. "CONSTRUCCIÓN DE SOLUCIONES HABITACIONALES PARA LA REUBICACIÓN DE POBLACIÓN UBICADA EN ZONAS DE ALTO RIESGO NO MITIGABLE EN EL TERRITORIO DE OPORTUNIDADES DEL DEPARTAMENTO DE CALDAS - ZONA URBANA". PRESUPUESTO VIVIENDAS A CONTRUIR EN EL MUNICIPIO LA DORADA-CALDAS. (25 SOLUCIONES HABITACIONALES)
A3: OBRAS DE ADECUACIONES DEL TERRENO, REDES Y URBANISMO
A5: ITEM | B5: ACTIVIDADES | C5: UN | D5: CANT. | E5: VALOR | F5: VALOR
E6: UITARIO | F6: TOTAL
A7: 1 | B7: OBRAS PRELIMINARES
A8: 1.1 | B8: =+#REF! -> #REF! | C8: DÍA | D8: =+'CANTIDADES URBANISMO LA DORADA'!D7 -> 2 | E8: =+#REF! -> #REF! | F8: =ROUND(D8*E8,0) -> #REF!
A9: 1.2 | B9: =+#REF! -> #REF! | C9: M2 | D9: =+'CANTIDADES URBANISMO LA DORADA'!D16 -> 1020 | E9: =+#REF! -> #REF! | F9: =ROUND(D9*E9,0) -> #REF!
A11: 2 | B11: MOVIMIENTO DE TIERRAS
A12: 2.1. | B12: =+#REF! -> #REF! | C12: M3 | D12: =+'CANTIDADES URBANISMO LA DORADA'!D23 -> 0 | E12: =+#REF! -> #REF! | F12: =ROUND(D12*E12,0) -> #REF!
A13: 2.2. | B13: =+#REF! -> #REF! | C13: M3 | D13: =+'CANTIDADES URBANISMO LA DORADA'!D28 -> 64.3 | E13: =+#REF! -> #REF! | F13: =ROUND(D13*E13,0) -> #REF!
A14: 2.3. | B14: =+#REF! -> #REF! | C14: M3 | D14: =+'CANTIDADES URBANISMO LA DORADA'!D36 -> 30 | E14: =+#REF! -> #REF! | F14: =ROUND(D14*E14,0) -> #REF!
A15: 2.4. | B15: =+#REF! -> #REF! | C15: M3 | D15: =+'CANTIDADES URBANISMO LA DORADA'!D43 -> 34.3 | E15: =+#REF! -> #REF! | F15: =ROUND(D15*E15,0) -> #REF!
A16: 2.5. | B16: =+#REF! -> #REF! | C16: M2 | D16: =+'CANTIDADES URBANISMO LA DORADA'!E50 -> 1020 | E16: =+#REF! -> #REF! | F16: =ROUND(D16*E16,0) -> #REF!
A17: 2.6. | B17: =+#REF! -> #REF! | C17: M2 | D17: =+'CANTIDADES URBANISMO LA DORADA'!D54 -> 0 | E17: =+#REF! -> #REF! | F17: =ROUND(D17*E17,0) -> #REF!
A18: 3 | B18: BORDILLOS, ANDENES VÍAS Y/O MUROS
A19: 3.1. | B19: =+#REF! -> #REF! | C19: M3 | D19: =+'CANTIDADES URBANISMO LA DORADA'!D59 -> 7.14 | E19: =+#REF! -> #REF! | F19: =ROUND(D19*E19,0) -> #REF!
A20: 3.2. | B20: =+#REF! -> #REF! | C20: ML | D20: =+'CANTIDADES URBANISMO LA DORADA'!D72 -> 102 | E20: =+#REF! -> #REF! | F20: =ROUND(D20*E20,0) -> #REF!
A21: 3.3. | B21: =+#REF! -> #REF! | C21: M2 | D21: =+'CANTIDADES URBANISMO LA DORADA'!D79 -> 122.4 | E21: =+#REF! -> #REF! | F21: =ROUND(D21*E21,0) -> #REF!
A22: 3.4. | B22: =+#REF! -> #REF! | C22: M3 | D22: =+'CANTIDADES URBANISMO LA DORADA'!D86 -> 0 | E22: =+#REF! -> #REF! | F22: =ROUND(D22*E22,0) -> #REF!
A25: 4 | B25: REDES DE ACUEDUCTO, ALCANTARILLADO Y MANEJO DE AGUAS LLUVIAS.
A26: 4.1. | B26: =+#REF! -> #REF! | C26: UN | D26: =+'CANTIDADES URBANISMO LA DORADA'!D94 -> 0 | E26: =+#REF! -> #REF! | F26: =ROUND(D26*E26,0) -> #REF!
A27: 4.2. | B27: =+#REF! -> #REF! | C27: ML | D27: =+'CANTIDADES URBANISMO LA DORADA'!D98 -> 0 | E27: =+#REF! -> #REF! | F27: =ROUND(D27*E27,0) -> #REF!
A28: 4.3. | B28: =+#REF! -> #REF! | C28: UN | D28: =+'CANTIDADES URBANISMO LA DORADA'!D105 -> 0 | E28: =+#REF! -> #REF! | F28: =ROUND(D28*E28,0) -> #REF!
A29: 4.4. | B29: =+#REF! -> #REF! | C29: ML | D29: =+'CANTIDADES URBANISMO LA DORADA'!D109 -> 58.5 | E29: =+#REF! -> #REF! | F29: =ROUND(D29*E29,0) -> #REF!
A30: 4.5. | B30: =+#REF! -> #REF! | C30: ML | D30: =+'CANTIDADES URBANISMO LA DORADA'!D116 -> 0 | E30: =+#REF! -> #REF! | F30: =ROUND(D30*E30,0) -> #REF!
A31: 4.6. | B31: =+#REF! -> #REF! | C31: ML | D31: =+'CANTIDADES URBANISMO LA DORADA'!D120 -> 0 | E31: =+#REF! -> #REF! | F31: =ROUND(D31*E31,0) -> #REF!
A32: 4.7. | B32: =+#REF! -> #REF! | C32: ML | D32: =+'CANTIDADES URBANISMO LA DORADA'!D124 -> 0 | E32: =+#REF! -> #REF! | F32: =ROUND(D32*E32,0) -> #REF!
A33: 4.8. | B33: =+#REF! -> #REF! | C33: ML | D33: =+'CANTIDADES URBANISMO LA DORADA'!D129 -> 0 | E33: =+#REF! -> #REF! | F33: =ROUND(D33*E33,0) -> #REF!
A34: 4.9. | B34: =+#REF! -> #REF! | C34: UN | D34: =+'CANTIDADES URBANISMO LA DORADA'!D133 -> 13 | E34: =+#REF! -> #REF! | F34: =ROUND(D34*E34,0) -> #REF!
A35: 4.10. | B35: =+#REF! -> #REF! | C35: ML | D35: =+'CANTIDADES URBANISMO LA DORADA'!D137 -> 0 | E35: =+#REF! -> #REF! | F35: =ROUND(D35*E35,0) -> #REF!
A36: 4.11 | B36: =+#REF! -> #REF! | C36: UN | D36: =+'CANTIDADES URBANISMO LA DORADA'!D142 -> 0 | E36: =+#REF! -> #REF! | F36: =ROUND(D36*E36,0) -> #REF!
A37: 4.12 | B37: =+#REF! -> #REF! | C37: UN | D37: =+'CANTIDADES URBANISMO LA DORADA'!D146 -> 0 | E37: =+#REF! -> #REF! | F37: =ROUND(D37*E37,0) -> #REF!
A38: 4.13 | B38: =+#REF! -> #REF! | C38: M3 | D38: =+'CANTIDADES URBANISMO LA DORADA'!D150 -> 0 | E38: =+#REF! -> #REF! | F38: =ROUND(D38*E38,0) -> #REF!
A39: 4.14 | B39: =+#REF! -> #REF! | C39: M3 | D39: =+'CANTIDADES URBANISMO LA DORADA'!D154 -> 0 | E39: =+#REF! -> #REF! | F39: =ROUND(D39*E39,0) -> #REF!
B41: COSTO DIRECTO OBRAS DE ADECUACIONES DEL TERRENO, REDES Y URBANISMO | F41: =+SUM(F8:F39) -> #REF!
B44: VIVIENDAS V.I.P UNIFAMILIARES | C44: UN | D44: 9 | E44: =+'PTO VIVIENDA UNIFAMILIAR'!F62 -> #REF! | F44: =+D44*E44 -> #REF!
B45: VIVIENDAS V.I.P BIFAMILIARES | C45: UN | D45: 8 | E45: =+'PTO VIVIENDA BIFAMILIAR'!F124 -> #REF! | F45: =+D45*E45 -> #REF!
B48: COSTO DIRECTO PROYECTO VIVIENDAS DORADA | F48: =+SUM(F41:F45) -> #REF!

Sheet PTO. NORCASIA
A1: PROYECTO. "CONSTRUCCIÓN DE SOLUCIONES HABITACIONALES PARA LA REUBICACIÓN DE POBLACIÓN UBICADA EN ZONAS DE ALTO RIESGO NO MITIGABLE EN EL TERRITORIO DE OPORTUNIDADES DEL DEPARTAMENTO DE CALDAS - ZONA URBANA". PRESUPUESTO VIVIENDAS A CONTRUIR EN EL MUNICIPIO NORCASIA-CALDAS. (25 SOLUCIONES HABITACIONALES)
A3: OBRAS DE ADECUACIONES DEL TERRENO, REDES Y URBANISMO
A5: ITEM | B5: ACTIVIDADES | C5: UN | D5: CANT. | E5: VALOR | F5: VALOR
E6: UITARIO | F6: TOTAL
A7: 1 | B7: OBRAS PRELIMINARES
A8: 1.1 | B8: =+#REF! -> #REF! | C8: DÍA | D8: =+'CANTIDADES URBANISMO NORCASIA'!D8 -> 4 | E8: =+#REF! -> #REF! | F8: =ROUND(D8*E8,0) -> #REF!
A9: 1.2 | B9: =+#REF! -> #REF! | C9: M2 | D9: =+'CANTIDADES URBANISMO NORCASIA'!D18 -> 2023 | E9: =+#REF! -> #REF! | F9: =ROUND(D9*E9,0) -> #REF!
F10: =ROUND(D10*E10,0) -> 0
A11: 2 | B11: MOVIMIENTO DE TIERRAS
A12: 2.1. | B12: =+#REF! -> #REF! | C12: M3 | D12: =+'CANTIDADES URBANISMO NORCASIA'!D25 -> 1443.12 | E12: =+#REF! -> #REF! | F12: =ROUND(D12*E12,0) -> #REF!
A13: 2.2. | B13: =+#REF! -> #REF! | C13: M3 | D13: =+'CANTIDADES URBANISMO NORCASIA'!D43 -> 263.1 | E13: =+#REF! -> #REF! | F13: =ROUND(D13*E13,0) -> #REF!
A14: 2.3. | B14: =+#REF! -> #REF! | C14: M3 | D14: =+'CANTIDADES URBANISMO NORCASIA'!D65 -> 199.5 | E14: =+#REF! -> #REF! | F14: =ROUND(D14*E14,0) -> #REF!
A15: 2.4. | B15: =+#REF! -> #REF! | C15: M3 | D15: =+'CANTIDADES URBANISMO NORCASIA'!D81 -> 1506.72 | E15: =+#REF! -> #REF! | F15: =ROUND(D15*E15,0) -> #REF!
A16: 2.5. | B16: =+#REF! -> #REF! | C16: M2 | D16: =+'CANTIDADES URBANISMO NORCASIA'!D85 -> 1250 | E16: =+#REF! -> #REF! | F16: =ROUND(D16*E16,0) -> #REF!
A17: 2.6. | B17: =+#REF! -> #REF! | C17: M2 | D17: =+'CANTIDADES URBANISMO NORCASIA'!D92 -> 578 | E17: =+#REF! -> #REF! | F17: =ROUND(D17*E17,0) -> #REF!
A18: 3 | B18: BORDILLOS, ANDENES VÍAS Y/O MUROS
A19: 3.1. | B19: =+#REF! -> #REF! | C19: M3 | D19: =+'CANTIDADES URBANISMO NORCASIA'!D100 -> 46.4 | E19: =+#REF! -> #REF! | F19: =ROUND(D19*E19,0) -> #REF!
A20: 3.2. | B20: =+#REF! -> #REF! | C20: ML | D20: =+'CANTIDADES URBANISMO NORCASIA'!D110 -> 45 | E20: =+#REF! -> #REF! | F20: =ROUND(D20*E20,0) -> #REF!
A21: 3.3. | B21: =+#REF! -> #REF! | C21: M2 | D21: =+'CANTIDADES URBANISMO NORCASIA'!D117 -> 152.4 | E21: =+#REF! -> #REF! | F21: =ROUND(D21*E21,0) -> #REF!
A22: 3.4. | B22: =+#REF! -> #REF! | C22: M3 | D22: =+'CANTIDADES URBANISMO NORCASIA'!D124 -> 0 | E22: =+#REF! -> #REF! | F22: =ROUND(D22*E22,0) -> #REF!
F23: =ROUND(D23*E23,0) -> 0
F24: =ROUND(D24*E24,0) -> 0
A25: 4 | B25: REDES DE ACUEDUCTO, ALCANTARILLADO Y MANEJO DE AGUAS LLUVIAS.
A26: 4.1. | B26: =+#REF! -> #REF! | C26: UN | D26: =+'CANTIDADES URBANISMO NORCASIA'!D132 -> 1 | E26: =+#REF! -> #REF! | F26: =ROUND(D26*E26,0) -> #REF!
A27: 4.2. | B27: =+#REF! -> #REF! | C27: ML | D27: =+'CANTIDADES URBANISMO NORCASIA'!D136 -> 117.6 | E27: =+#REF! -> #REF! | F27: =ROUND(D27*E27,0) -> #REF!
A28: 4.3. | B28: =+#REF! -> #REF! | C28: UN | D28: =+'CANTIDADES URBANISMO NORCASIA'!D143 -> 1 | E28: =+#REF! -> #REF! | F28: =ROUND(D28*E28,0) -> #REF!
A29: 4.4. | B29: =+#REF! -> #REF! | C29: ML | D29: =+'CANTIDADES URBANISMO NORCASIA'!D147 -> 21.8 | E29: =+#REF! -> #REF! | F29: =ROUND(D29*E29,0) -> #REF!
A30: 4.5. | B30: =+#REF! -> #REF! | C30: ML | D30: =+'CANTIDADES URBANISMO NORCASIA'!D151 -> 79.2 | E30: =+#REF! -> #REF! | F30: =ROUND(D30*E30,0) -> #REF!
A31: 4.6. | B31: =+#REF! -> #REF! | C31: ML | D31: =+'CANTIDADES URBANISMO NORCASIA'!D160 -> 7 | E31: =+#REF! -> #REF! | F31: =ROUND(D31*E31,0) -> #REF!
A32: 4.7. | B32: =+#REF! -> #REF! | C32: ML | D32: =+'CANTIDADES URBANISMO NORCASIA'!D166 -> 0 | E32: =+#REF! -> #REF! | F32: =ROUND(D32*E32,0) -> #REF!
A33: 4.8. | B33: =+#REF! -> #REF! | C33: ML | D33: =+'CANTIDADES URBANISMO NORCASIA'!D171 -> 0 | E33: =+#REF! -> #REF! | F33: =ROUND(D33*E33,0) -> #REF!
A34: 4.9. | B34: =+#REF! -> #REF! | C34: UN | D34: =+'CANTIDADES URBANISMO NORCASIA'!D175 -> 13 | E34: =+#REF! -> #REF! | F34: =ROUND(D34*E34,0) -> #REF!
A35: 4.10. | B35: =+#REF! -> #REF! | C35: ML | D35: =+'CANTIDADES URBANISMO NORCASIA'!D179 -> 8.3 | E35: =+#REF! -> #REF! | F35: =ROUND(D35*E35,0) -> #REF!
A36: 4.11 | B36: =+#REF! -> #REF! | C36: UN | D36: =+'CANTIDADES URBANISMO NORCASIA'!D191 -> 6 | E36: =+#REF! -> #REF! | F36: =ROUND(D36*E36,0) -> #REF!
A37: 4.12 | B37: =+#REF! -> #REF! | C37: UN | D37: =+'CANTIDADES URBANISMO NORCASIA'!D203 -> 6 | E37: =+#REF! -> #REF! | F37: =ROUND(D37*E37,0) -> #REF!
A38: 4.13 | B38: =+#REF! -> #REF! | C38: M3 | D38: =+'CANTIDADES URBANISMO NORCASIA'!D215 -> 11.64 | E38: =+#REF! -> #REF! | F38: =ROUND(D38*E38,0) -> #REF!
A39: 4.14 | B39: =+#REF! -> #REF! | C39: M3 | D39: =+'CANTIDADES URBANISMO NORCASIA'!D222 -> 13.1 | E39: =+#REF! -> #REF! | F39: =ROUND(D39*E39,0) -> #REF!
B41: COSTO DIRECTO OBRAS DE ADECUACIONES DEL TERRENO, REDES Y URBANISMO | F41: =+SUM(F8:F39) -> #REF!
B44: VIVIENDAS V.I.P UNIFAMILIARES | C44: UN | D44: 1 | E44: =+'PTO VIVIENDA UNIFAMILIAR'!F62 -> #REF! | F44: =+D44*E44 -> #REF!
B45: VIVIENDAS V.I.P BIFAMILIARES | C45: UN | D45: 12 | E45: =+'PTO VIVIENDA BIFAMILIAR'!F124 -> #REF! | F45: =+D45*E45 -> #REF!
B48: COSTO DIRECTO PROYECTO VIVIENDAS NORCASIA | F48: =+SUM(F41:F45) -> #REF!

Sheet CANTIDADES VIVIENDA BIFAMILIAR
B3: PROYECTO. "CONSTRUCCIÓN DE SOLUCIONES HABITACIONALES PARA LA REUBICACIÓN DE POBLACIÓN UBICADA EN ZONAS DE ALTO RIESGO NO MITIGABLE EN EL TERRITORIO DE OPORTUNIDADES DEL DEPARTAMENTO DE CALDAS - ZONA URBANA". MEMORIA CANTIDADES VIVIENDA BIFAMILIAR
B8: DESCRIPCIÓN | C8: UNIDAD | D8: CANTIDAD
A9: 5.1. | B9: =+#REF! -> #REF! | C9: M3 | D9: =ROUND(SUM(F12:F20),2) -> 7.87
B11: Descripción | C11: Largo | D11: Ancho | E11: Alto | F11: Volumen (m3)
B12: Eje 1' | C12: 7.68 | D12: 0.3 | E12: 0.5 | F12: =+C12*D12*E12 -> 1.152
B13: Eje 2 | C13: 0.92 | D13: 0.3 | E13: 0.5 | F13: =+C13*D13*E13 -> 0.138
B14: Eje 3 | C14: 7.68 | D14: 0.3 | E14: 0.5 | F14: =+C14*D14*E14 -> 1.152
B15: Eje 4' | C15: 7.68 | D15: 0.3 | E15: 0.5 | F15: =+C15*D15*E15 -> 1.152
B16: Eje A' | C16: 5.7 | D16: 0.3 | E16: 0.5 | F16: =+C16*D16*E16 -> 0.855
B17: Eje B | C17: 5.7 | D17: 0.3 | E17: 0.5 | F17: =+C17*D17*E17 -> 0.855
B18: Eje C | C18: 5.7 | D18: 0.3 | E18: 0.5 | F18: =+C18*D18*E18 -> 0.855
B19: Eje D | C19: 5.7 | D19: 0.3 | E19: 0.5 | F19: =+C19*D19*E19 -> 0.855
B20: Eje E' | C20: 5.7 | D20: 0.3 | E20: 0.5 | F20: =+C20*D20*E20 -> 0.855
B41: DESCRIPCIÓN | C41: UNIDAD | D41: CANTIDAD
A42: 5.2. | B42: =+#REF! -> #REF! | C42: M3 | D42: =+D9 -> 7.87
B45: DESCRIPCIÓN | C45: UNIDAD | D45: CANTIDAD
A46: 5.3. | B46: =+#REF! -> #REF! | C46: ML | D46: 0
B49: DESCRIPCIÓN | C49: UNIDAD | D49: CANTIDAD
A50: 5.4. | B50: =+#REF! -> #REF! | C50: ML | D50: =+SUM(C53:C62) -> 52.46
B52: Descripción | C52: Largo
B53: Eje 1' | C53: 7.68
B54: Eje 2 | C54: 0.92
B55: Eje 3 | C55: 7.68
B56: Eje 4' | C56: 7.68
B57: Eje A' | C57: 5.7
B58: Eje B | C58: 5.7
B59: Eje C | C59: 5.7
B60: Eje D | C60: 5.7
B61: Eje E' | C61: 5.7
B82: DESCRIPCIÓN | C82: UNIDAD | D82: CANTIDAD
A83: 5.5. | B83: =+#REF! -> #REF! | C83: ML | D83: =+SUM(C87:C95) -> 53.39
B86: Descripción | C86: largo
B87: eje 1'' | C87: 7.78
B88: eje 2 | C88: 1.05
B89: eje 3 | C89: 7.78
B90: eje 4'' | C90: 7.78
B91: eje A'' | C91: 5.8
B92: eje B | C92: 5.8
B93: eje C | C93: 5.8
B94: eje D | C94: 5.8
B95: eje E'' | C95: 5.8
B117: DESCRIPCIÓN | C117: UNIDAD | D117: CANTIDAD
A118: 6.1. | B118: =+#REF! -> #REF! | C118: m2 | D118: =ROUND(SUM(E122),1) -> 44.6
B121: Descripción | C121: largo | D121: Ancho | E121: Área
B122: área piso | C122: 7.74 | D122: 5.76 | E122: =+C122*D122 -> 44.5824
B146: DESCRIPCIÓN | C146: UNIDAD | D146: CANTIDAD
A147: 6.2. | B147: =+#REF! -> #REF! | C147: ML | D147: =ROUND(SUM(G151:G155),1) -> 69.4
B150: Descripción | C150: Altura piso 1 | D150: Altura piso 2 | E150: Altura total | F150: Cantidad | G150: Total
B151: Eje A | C151: 2.28 | D151: 2.2 | E151: =+C151+D151 -> 4.48 | F151: 3 | G151: =+E151*F151 -> 13.44
B152: Eje B | C152: 2.28 | D152: 2.2 | E152: =+C152+D152 -> 4.48 | F152: 3 | G152: =+E152*F152 -> 13.44
B153: Eje C | C153: 2.28 | D153: 2.93 | E153: =+C153+D153 -> 5.21 | F153: 3 | G153: =+E153*F153 -> 15.63
B154: Eje D | C154: 2.28 | D154: 2.2 | E154: =+C154+D154 -> 4.48 | F154: 3 | G154: =+E154*F154 -> 13.44
B155: Eje E | C155: 2.28 | D155: 2.2 | E155: =+C155+D155 -> 4.48 | F155: 3 | G155: =+E155*F155 -> 13.44
B197: DESCRIPCIÓN | C197: UNIDAD | D197: CANTIDAD
A198: 6.3. | B198: =+#REF! -> #REF! | C198: ML | D198: 0
B201: DESCRIPCIÓN | C201: UNIDAD | D201: CANTIDAD
A202: 6.4. | B202: =+#REF! -> #REF! | C202: ML | D202: =+SUM(E205:E213) -> 108.82
B204: Descripción | C204: Primer piso | D204: Segundo Piso | E204: Total
B205: Eje 1 | C205: 7.86 | D205: 8.28 | E205: =+C205+D205 -> 16.14
B206: Eje 2 | C206: 1.1 | D206: 1.1 | E206: =+C206+D206 -> 2.2
B207: Eje 3 | C207: 7.86 | D207: 8.28 | E207: =+C207+D207 -> 16.14
B208: Eje 4 | C208: 7.86 | D208: 8.28 | E208: =+C208+D208 -> 16.14
B209: Eje A | C209: 5.88 | D209: 5.76 | E209: =+C209+D209 -> 11.64
B210: Eje B | C210: 5.88 | D210: 5.76 | E210: =+C210+D210 -> 11.64
B211: Eje C | C211: 5.88 | D211: 5.76 | E211: =+C211+D211 -> 11.64
B212: Eje D | C212: 5.88 | D212: 5.76 | E212: =+C212+D212 -> 11.64
B213: Eje E | C213: 5.88 | D213: 5.76 | E213: =+C213+D213 -> 11.64
B236: DESCRIPCIÓN | C236: UNIDAD | D236: CANTIDAD
A237: 6.5. | B237: =+#REF! -> #REF! | C237: ML | D237: =ROUND(SUM(E241:E251)+G256+G257+G258+G259+G260,1) -> 86.2
B240: Vigas cinta cubierta | C240: Largo | D240: Cantidad | E240: Total
B241: eje 1 | C241: 7.3 | D241: 1 | E241: =+C241*D241 -> 7.3
B242: eje 2 | C242: 0 | D242: 0 | E242: =+C242*D242 -> 0
B243: eje 3 | C243: 7.3 | D243: 1 | E243: =+C243*D243 -> 7.3
B244: eje 4 | C244: 7.3 | D244: 1 | E244: =+C244*D244 -> 7.3
B245: eje A | C245: 0 | D245: 0 | E245: =+C245*D245 -> 0
B246: eje B | C246: 0 | D246: 0 | E246: =+C246*D246 -> 0
B247: eje C | C247: 5.76 | D247: 1 | E247: =+C247*D247 -> 5.76
B249: Vigas cinta ventanas | C249: Largo | D249: Cantidad | E249: Total
B250: eje A | C250: 1.2 | D250: 2 | E250: =+C250*D250 -> 2.4
B251: eje D | C251: 1.2 | D251: 2 | E251: =+C251*D251 -> 2.4
C254: Altura
B255: Columnetas | C255: Piso 1 | D255: Piso 2 | E255: Total | F255: Cantidad | G255: Total
B256: eje A | C256: 2.28 | D256: 2.2 | E256: =+C256+D256 -> 4.48 | F256: 4 | G256: =+E256*F256 -> 17.92
B257: eje B | C257: 2.28 | D257: 2.2 | E257: =+C257+D257 -> 4.48 | F257: 1 | G257: =+E257*F257 -> 4.48
B258: eje B' | C258: 2.28 | D258: 2.2 | E258: =+C258+D258 -> 4.48 | F258: 1 | G258: =+E258*F258 -> 4.48
B259: eje C | C259: 2.28 | D259: 2.2 | E259: =+C259+D259 -> 4.48 | F259: 2 | G259: =+E259*F259 -> 8.96
B260: eje D | C260: 2.28 | D260: 2.2 | E260: =+C260+D260 -> 4.48 | F260: 4 | G260: =+E260*F260 -> 17.92
B291: DESCRIPCIÓN | C291: UNIDAD | D291: CANTIDAD
A292: 6.6. | B292: =+#REF! -> #REF! | C292: ML | D292: 0
B294: Alfajia | C294: Largo | D294: Cantidad | E294: Total
B295: eje A | C295: 1.4 | D295: 4 | E295: =+C295*D295 -> 5.6
B296: eje B | E296: =+C296*D296 -> 0
B297: eje C | E297: =+C297*D297 -> 0
B298: eje D | C298: 1.4 | D298: 4 | E298: =+C298*D298 -> 5.6
B299: eje E | E299: =+C299*D299 -> 0
B302: DESCRIPCIÓN | C302: UNIDAD | D302: CANTIDAD
A303: 6.6. | B303: =+#REF! -> #REF! | C303: M2 | D303: =+ROUND(E306+E307,2) -> 44.12
B305: Zona | C305: Largo | D305: ancho | E305: Área
B306: Sala, comedor cocina, alcobas y baño | C306: 6.7 | D306: 6 | E306: =+C306*D306 -> 40.2
B307: Zona de ropas | C307: 3.06 | D307: 1.28 | E307: =+C307*D307 -> 3.9168
...

Sheet CANTIDADES  URBANISMO AGUADAS
B1: PROYECTO. "CONSTRUCCIÓN DE SOLUCIONES HABITACIONALES PARA LA REUBICACIÓN DE POBLACIÓN UBICADA EN ZONAS DE ALTO RIESGO NO MITIGABLE EN EL TERRITORIO DE OPORTUNIDADES DEL DEPARTAMENTO DE CALDAS - ZONA URBANA". CANTIDADES URBANISMO AGUADAS
B6: DESCRIPCIÓN | C6: UNIDAD | D6: CANTIDAD
A7: 1.1. | B7: =+#REF! -> #REF! | C7: DÍA | D7: =+C13 -> 3
B9: Descripción | C9: dedicación Días
B10: Cortes y/o llenos | C10: 1
B11: Nivelación | C11: 1
B12: trazado de redes y cunetas | C12: 1
B13: TOTAL= | C13: =+C10+C11+C12 -> 3
B16: DESCRIPCIÓN | C16: UNIDAD | D16: CANTIDAD
A17: 1.2. | B17: =+#REF! -> #REF! | C17: M2 | D17: 661
B23: DESCRIPCIÓN | C23: UNIDAD | D23: CANTIDAD
A24: 2.1. | B24: =+#REF! -> #REF! | C24: M3 | D24: 0
B28: DESCRIPCIÓN | C28: UNIDAD | D28: CANTIDAD
A29: 2.2. | B29: =+#REF! -> #REF! | C29: M3 | D29: =ROUND(SUM(F49:F64)+E43,1) -> 476.4
B31: DESCRIPCIÓN | C31: ÁREA CORTE | D31: LONGITUD | E31: VOL
B32: Previo a perfil 1 | C32: 0
D33: 3.5 | E33: =+((C32+C34)/2)*D33 -> 16.1
B34: Perfil 1 | C34: 9.2
D35: 7.5 | E35: =+((C34+C36)/2)*D35 -> 96.375
B36: Pefil 2 | C36: 16.5
D37: 7.5 | E37: =+((C36+C38)/2)*D37 -> 137.25
B38: Perfil 3 | C38: 20.1
D39: 1.5 | E39: =+((C38+C40)/2)*D39 -> 15.075
B40: Posterior a perfil 3 | C40: 0
B42: Factor por incertidumbre | E42: 1.05
B43: TOTAL= | E43: =+SUM(E33:E40)*E42 -> 278.04
B48: Descripción | C48: Longitud | D48: ancho | E48: alto | F48: volumen
B49: redes de acueducto | C49: =30+10+22+16 -> 78 | D49: 0.5 | E49: 1 | F49: =+C49*D49*E49 -> 39
B50: redes de alcantarillado
B51: tramo ca1- ca2 | C51: 7.3 | D51: 0.7 | E51: 1.2 | F51: =+C51*D51*E51 -> 6.132
B52: tramo ca2-ca3 | C52: 14.5 | D52: 0.7 | E52: 1.85 | F52: =+C52*D52*E52 -> 18.7775
B53: tramo ca3-ca4 | C53: 12.5 | D53: 0.7 | E53: 2.35 | F53: =+C53*D53*E53 -> 20.5625
B54: tramo ca4-ca5 | C54: 16.2 | D54: 0.7 | E54: 2.45 | F54: =+C54*D54*E54 -> 27.783
B55: tramo ca5-descarga | C55: 17.3 | D55: 0.7 | E55: 1.75 | F55: =+C55*D55*E55 -> 21.1925
B57: Cámaras deinspección | C57: =1.2+1.3+2.5+3+2.3 -> 10.3 | D57: 2.01 | F57: =+C57*D57 -> 20.703
B58: redes domiciliarias | C58: =10+4+5+10.5+5+8.2 -> 42.7 | D58: 0.6 | E58: 1 | F58: =+C58*D58*E58 -> 25.62
B59: Cajas domiciliarias | C59: 0.8 | D59: 0.8 | E59: 6 | F59: =+C59*D59*E59 -> 3.84
B60: redes aguas lluvias
B61: cunetas | C61: =17+15+14 -> 46 | D61: 0.7 | E61: 0.3 | F61: =+C61*D61*E61 -> 9.66
B62: canal escalonado 0.4x0.4m | C62: 14 | D62: 0.6 | E62: 0.6 | F62: =+C62*D62*E62 -> 5.04
B63: canal escalonado 0.4x0.6m | C63: 0 | D63: 0.8 | E63: 0.6 | F63: =+C63*D63*E63 -> 0
B67: DESCRIPCIÓN | C67: UNIDAD | D67: CANTIDAD
A68: 2.3. | B68: =+#REF! -> #REF! | C68: M3 | D68: =ROUND(SUM(G86:G95)+E80,1) -> 425.9
B70: DESCRIPCIÓN | C70: ÁREA CORTE | D70: LONGITUD | E70: VOL
B71: Previo a perfil 4 | C71: 0
D72: 6 | E72: =+((C71+C73)/2)*D72 -> 62.73
B73: Perfil 4 | C73: 20.91
D74: 10 | E74: =+((C73+C75)/2)*D74 -> 168.55
B75: Pefil 5 | C75: 12.8
D76: 4 | E76: =+((C75+C77)/2)*D76 -> 25.6
B77: Posterior a perfil 5 | C77: 0
B79: Factor por incertidumbre | E79: 1.05
B80: TOTAL= | E80: =+SUM(E72:E77)*E79 -> 269.724
B85: Descripción | C85: Longitud | D85: ancho | E85: alto | F85: Volumen tubería | G85: volumen
B86: redes de acueducto | C86: =+C49 -> 78 | D86: 0.5 | E86: 1 | F86: 0 | G86: =+C86*D86*E86-F86 -> 39
B87: redes de alcantarillado
B88: tramo ca1- ca2 | C88: 7.3 | D88: 0.7 | E88: 1.2 | F88: =0.03*C88 -> 0.219 | G88: =+C88*D88*E88-F88 -> 5.913
B89: tramo ca2-ca3 | C89: 14.5 | D89: 0.7 | E89: 1.85 | F89: =0.03*C89 -> 0.435 | G89: =+C89*D89*E89-F89 -> 18.3425
B90: tramo ca3-ca4 | C90: 12.5 | D90: 0.7 | E90: 2.35 | F90: =0.03*C90 -> 0.375 | G90: =+C90*D90*E90-F90 -> 20.1875
B91: tramo ca4-ca5 | C91: 16.2 | D91: 0.7 | E91: 2.45 | F91: =0.03*C91 -> 0.486 | G91: =+C91*D91*E91-F91 -> 27.297
B92: tramo ca5-descarga | C92: 17.3 | D92: 0.7 | E92: 1.75 | F92: =0.03*C92 -> 0.519 | G92: =+C92*D92*E92-F92 -> 20.6735
B93: redes domiciliarias | C93: =+C58 -> 42.7 | D93: 0.6 | E93: 1 | F93: =0.02*C93 -> 0.854 | G93: =+C93*D93*E93-F93 -> 24.766
B98: DESCRIPCIÓN | C98: UNIDAD | D98: CANTIDAD
A99: 2.4. | B99: =+#REF! -> #REF! | C99: M3 | D99: =+D24+D29-D68 -> 50.5
B102: DESCRIPCIÓN | C102: UNIDAD | D102: CANTIDAD
A103: 2.5. | B103: =+#REF! -> #REF! | C103: M2 | D103: 608
B109: DESCRIPCIÓN | C109: UNIDAD | D109: CANTIDAD
A110: 2.6. | B110: =+#REF! -> #REF! | C110: M2 | D110: 104
B114: DESCRIPCIÓN | C114: UNIDAD | D114: CANTIDAD
A115: 3.1. | B115: =+#REF! -> #REF! | C115: M3 | D115: =+F118+F119+F120 -> 61.29
B117: SECTOR | C117: LONGITUD | D117: ANCHO | E117: ESPESOR | F117: VOLUMEN
B118: VÍAS | C118: 63 | D118: 4 | E118: 0.15 | F118: =+C118*D118*E118 -> 37.8
B119: ANDENES | C119: =64.1+12 -> 76.1 | D119: 1.2 | E119: 0.1 | F119: =ROUND(C119*D119*E119,2) -> 9.13
B120: Afirmado de 5cm para vaciado contrapiso | C120: 7.98 | D120: =6*6 -> 36 | E120: 0.05 | F120: =ROUND(C120*D120*E120,2) -> 14.36
B126: DESCRIPCIÓN | C126: UNIDAD | D126: CANTIDAD
A127: 3.2. | B127: =+#REF! -> #REF! | C127: ML | D127: =+C130 -> 0
B129: SECTOR | C129: LONGITUD
B130: BORDILLOS | C130: 0
B133: DESCRIPCIÓN | C133: UNIDAD | D133: CANTIDAD
A134: 3.3. | B134: =+#REF! -> #REF! | C134: M2 | D134: =+E137 -> 91.32
C136: LONGITUD | D136: ANCHO | E136: ÁREA
B137: ANDENES | C137: =+C119 -> 76.1 | D137: 1.2 | E137: =+C137*D137 -> 91.32
B140: DESCRIPCIÓN | C140: UNIDAD | D140: CANTIDAD
A141: 3.4. | B141: =+#REF! -> #REF! | C141: M3 | D141: =ROUND(E144+E147,1) -> 37.7
C143: ÁREA (LXH) | D143: ANCHO | E143: VOLUMEN
B144: Muros para submuración por efectos de pendiente lote | C144: =8*0.6+12*0.95 -> 16.2 | D144: 0.3 | E144: =+C144*D144 -> 4.86
C146: ÁREA TRANS | D146: LARGO | E146: VOLUMEN
B147: Muro de confinamiento para lleno | C147: 1.58 | D147: 20.8 | E147: =+C147*D147 -> 32.864
B151: DESCRIPCIÓN | C151: UNIDAD | D151: CANTIDAD
A152: 4.1. | B152: =+#REF! -> #REF! | C152: UN | D152: 1
B155: DESCRIPCIÓN | C155: UNIDAD | D155: CANTIDAD
A156: 4.2. | B156: =+#REF! -> #REF! | C156: ML | D156: =+C159 -> 78
B158: Descripción | C158: Longitud
B159: redes de acueducto | C159: =+C49 -> 78
B162: DESCRIPCIÓN | C162: UNIDAD | D162: CANTIDAD
A163: 4.3. | B163: =+#REF! -> #REF! | C163: UN | D163: 1
B166: DESCRIPCIÓN | C166: UNIDAD | D166: CANTIDAD
A167: 4.4. | B167: =+#REF! -> #REF! | C167: ML | D167: =+C58 -> 42.7
B170: DESCRIPCIÓN | C170: UNIDAD | D170: CANTIDAD
A171: 4.5. | B171: =+#REF! -> #REF! | C171: ML | D171: =+SUM(C174:C178) -> 67.8
...

Sheet CANTIDADES URBANISMO MANZANARES
B1: PROYECTO. "CONSTRUCCIÓN DE SOLUCIONES HABITACIONALES PARA LA REUBICACIÓN DE POBLACIÓN UBICADA EN ZONAS DE ALTO RIESGO NO MITIGABLE EN EL TERRITORIO DE OPORTUNIDADES DEL DEPARTAMENTO DE CALDAS - ZONA URBANA". CANTIDADES URBANISMO MANZANARES
B6: DESCRIPCIÓN | C6: UNIDAD | D6: CANTIDAD
A7: 1.1. | B7: =+#REF! -> #REF! | C7: DÍA | D7: =+C12 -> 2
B9: Descripción | C9: dedicación Días
B10: Nivelación | C10: 1
B11: localización hiladeros | C11: 1
B12: TOTAL= | C12: =+C10+C11 -> 2
B15: DESCRIPCIÓN | C15: UNIDAD | D15: CANTIDAD
A16: 1.2. | B16: =+#REF! -> #REF! | C16: M2 | D16: =+E19 -> 300
B18: longitud | C18: ancho | D18: Número solares | E18: área
B19: 10 | C19: 6 | D19: 5 | E19: =+B19*C19*D19 -> 300
B22: DESCRIPCIÓN | C22: UNIDAD | D22: CANTIDAD
A23: 2.1. | B23: =+#REF! -> #REF! | C23: M3 | D23: 0
B27: DESCRIPCIÓN | C27: UNIDAD | D27: CANTIDAD
A28: 2.2. | B28: =+#REF! -> #REF! | C28: M3 | D28: =ROUND(SUM(G31:G32),1) -> 24.7
B30: Descripción | C30: Longitud | D30: ancho | E30: alto | F30: Cantidad | G30: volumen
B31: Cajas domiciliarias | C31: 0.8 | D31: 0.8 | E31: 1.4 | F31: 5 | G31: =+C31*D31*E31*F31 -> 4.48
B32: Acometidas alcantarillado | C32: 4.5 | D32: 0.6 | E32: 1.5 | F32: 5 | G32: =+C32*D32*E32*F32 -> 20.25
B35: DESCRIPCIÓN | C35: UNIDAD | D35: CANTIDAD
A36: 2.3. | B36: =+#REF! -> #REF! | C36: M3 | D36: =+G39 -> 23.94
B38: Descripción | C38: Longitud | D38: ancho | E38: alto | F38: Cantidad | G38: volumen
B39: Lleno para subir 10m nivel de piso con respecto a nivel inicial | C39: 7.98 | D39: 6 | E39: 0.1 | F39: 5 | G39: =+C39*D39*E39*F39 -> 23.94
B42: DESCRIPCIÓN | C42: UNIDAD | D42: CANTIDAD
A43: 2.4. | B43: =+#REF! -> #REF! | C43: M3 | D43: =+D28-D36 -> 0.76
B46: DESCRIPCIÓN | C46: UNIDAD | D46: CANTIDAD
A47: 2.5. | B47: =+#REF! -> #REF! | C47: M2 | D47: =+E50 -> 300
B49: longitud | C49: ancho | D49: Número solares | E49: área
B50: 10 | C50: 6 | D50: 5 | E50: =+B50*C50*D50 -> 300
B53: DESCRIPCIÓN | C53: UNIDAD | D53: CANTIDAD
A54: 2.6. | B54: =+#REF! -> #REF! | C54: M2 | D54: 0
B58: DESCRIPCIÓN | C58: UNIDAD | D58: CANTIDAD
A59: 3.1. | B59: =+#REF! -> #REF! | C59: M3 | D59: =+F63+F67 -> 2.1
B61: Contrapiso
B62: longitud | C62: ancho | D62: Número solares | E62: ESPESOR | F62: VOLUMEN
B63: 10 | C63: 6 | D63: 5 | E63: 0.05 | F63: =+C63*D63*E63 -> 1.5
B65: Andenes
B66: longitud | C66: ancho | D66: Número solares | E66: ESPESOR | F66: ÁREA
B67: 6 | C67: 1.2 | D67: 5 | E67: 0.1 | F67: =ROUND(C67*D67*E67,2) -> 0.6
B71: DESCRIPCIÓN | C71: UNIDAD | D71: CANTIDAD
A72: 3.2. | B72: =+#REF! -> #REF! | C72: ML | D72: =+C75 -> 30
B74: SECTOR | C74: LONGITUD
B75: BORDILLOS | C75: 30
B78: DESCRIPCIÓN | C78: UNIDAD | D78: CANTIDAD
A79: 3.3. | B79: =+#REF! -> #REF! | C79: M2 | D79: =+E82 -> 36
C81: LONGITUD | D81: ANCHO | E81: ÁREA
B82: ANDENES | C82: =+C75 -> 30 | D82: 1.2 | E82: =+C82*D82 -> 36
B85: DESCRIPCIÓN | C85: UNIDAD | D85: CANTIDAD
A86: 3.4. | B86: =+#REF! -> #REF! | C86: M2 | D86: =+G89 -> 18
C88: LONGITUD | D88: ANCHO | E88: ALTO | F88: CANTIDAD | G88: VOLUMEN
B89: Muros para submuración por efectos de pendiente lote | C89: 10 | D89: 0.3 | E89: 0.6 | F89: 10 | G89: =+C89*D89*E89*F89 -> 18
B93: DESCRIPCIÓN | C93: UNIDAD | D93: CANTIDAD
A94: 4.1. | B94: =+#REF! -> #REF! | C94: UN | D94: 0
B97: DESCRIPCIÓN | C97: UNIDAD | D97: CANTIDAD
A98: 4.2. | B98: =+#REF! -> #REF! | C98: ML | D98: 0
B100: Descripción | C100: Longitud
B101: redes de acueducto | C101: 0
B104: DESCRIPCIÓN | C104: UNIDAD | D104: CANTIDAD
A105: 4.3. | B105: =+#REF! -> #REF! | C105: UN | D105: 0
B108: DESCRIPCIÓN | C108: UNIDAD | D108: CANTIDAD
A109: 4.4. | B109: =+#REF! -> #REF! | C109: ML | D109: =+D112 -> 22.5
B111: longitud tubería por domiciliaría | C111: Número solares | D111: Longitud total
B112: 4.5 | C112: 5 | D112: =+B112*C112 -> 22.5
B115: DESCRIPCIÓN | C115: UNIDAD | D115: CANTIDAD
A116: 4.5. | B116: =+#REF! -> #REF! | C116: ML | D116: 0
B119: DESCRIPCIÓN | C119: UNIDAD | D119: CANTIDAD
A120: 4.6. | B120: =+#REF! -> #REF! | C120: ML | D120: 0
B123: DESCRIPCIÓN | C123: UNIDAD | D123: CANTIDAD
A124: 4.7. | B124: =+#REF! -> #REF! | C124: ML | D124: 0
B128: DESCRIPCIÓN | C128: UNIDAD | D128: CANTIDAD
A129: 4.8. | B129: =+#REF! -> #REF! | C129: ML | D129: =+SUM(C132:C133) -> 0
B132: DESCRIPCIÓN | C132: UNIDAD | D132: CANTIDAD
A133: 4.9. | B133: =+#REF! -> #REF! | C133: UN | D133: 5
B136: DESCRIPCIÓN | C136: UNIDAD | D136: CANTIDAD
A137: 4.10. | B137: =+#REF! -> #REF! | C137: ML | D137: 0
B141: DESCRIPCIÓN | C141: UNIDAD | D141: CANTIDAD
A142: 4.11. | B142: =+#REF! -> #REF! | C142: UN | D142: 0
B145: DESCRIPCIÓN | C145: UNIDAD | D145: CANTIDAD
A146: 4.12. | B146: =+#REF! -> #REF! | C146: UN | D146: 0
B149: DESCRIPCIÓN | C149: UNIDAD | D149: CANTIDAD
A150: 4.13. | B150: =+#REF! -> #REF! | C150: M3 | D150: 0
B153: DESCRIPCIÓN | C153: UNIDAD | D153: CANTIDAD
A154: 4.14. | B154: =+#REF! -> #REF! | C154: M3 | D154: 0

Sheet CANTIDADES URBANISMO LA MERCED
B1: PROYECTO. "CONSTRUCCIÓN DE SOLUCIONES HABITACIONALES PARA LA REUBICACIÓN DE POBLACIÓN UBICADA EN ZONAS DE ALTO RIESGO NO MITIGABLE EN EL TERRITORIO DE OPORTUNIDADES DEL DEPARTAMENTO DE CALDAS - ZONA URBANA". CANTIDADES URBANISMO LA MERCED
B6: DESCRIPCIÓN | C6: UNIDAD | D6: CANTIDAD
A7: 1.1. | B7: =+#REF! -> #REF! | C7: DÍA | D7: =+C13 -> 4
B9: Descripción | C9: dedicación Días
B10: Cortes y/o llenos | C10: 1
B11: Nivelación | C11: 1
B12: trazado de redes y cunetas | C12: 2
B13: TOTAL= | C13: =+C10+C11+C12 -> 4
B16: DESCRIPCIÓN | C16: UNIDAD | D16: CANTIDAD
A17: 1.2. | B17: =+#REF! -> #REF! | C17: M2 | D17: 870
B23: DESCRIPCIÓN | C23: UNIDAD | D23: CANTIDAD
A24: 2.1. | B24: =+#REF! -> #REF! | C24: M3 | D24: =ROUND(E38,1) -> 1356.5
B26: DESCRIPCIÓN | C26: ÁREA CORTE | D26: LONGITUD | E26: VOL
B27: previo a perfil 1 | C27: 0
D28: 1.5 | E28: =+((C27+C29)/2)*D28 -> 105.75
B29: Perfil 1 | C29: 141
B31: Vía peatonal + antejardín | C31: 141 | D31: 3 | E31: =+C31*D31 -> 423
B33: Perfil 2 | C33: 119.6
D34: 8 | E34: =+((C33+C35)/2)*D34 -> 763.2
B35: Perfil 3 | C35: 71.2
B37: Factor por incertidumbre | E37: 1.05
B38: TOTAL= | E38: =+SUM(E28:E35)*E37 -> 1356.5475
B41: DESCRIPCIÓN | C41: UNIDAD | D41: CANTIDAD
A42: 2.2. | B42: =+#REF! -> #REF! | C42: M3 | D42: =ROUND(SUM(F45:F55),1) -> 280.5
B44: Descripción | C44: Longitud | D44: ancho | E44: alto | F44: volumen
B45: redes de acueducto | C45: 73 | D45: 0.5 | E45: 1 | F45: =+C45*D45*E45 -> 36.5
B46: redes de alcantarillado
B47: tramo ca1- ca2 | C47: 61 | D47: 0.7 | E47: 1.5 | F47: =+C47*D47*E47 -> 64.05
B48: tramo ca2-ca3 | C48: 20 | D48: 0.7 | E48: 1.7 | F48: =+C48*D48*E48 -> 23.8
B49: tramo ca3-Ca4 | C49: 53 | D49: 0.7 | E49: 1.5 | F49: =+C49*D49*E49 -> 55.65
B50: Ca4-Descarga | C50: 12.7 | D50: 0.7 | E50: 1.75 | F50: =+C50*D50*E50 -> 15.5575
B51: Cámaras deinspección | C51: =1.5*3+2.5 -> 7 | D51: 2.01 | F51: =+C51*D51 -> 14.07
B52: redes domiciliarias | C52: =3.2*10 -> 32 | D52: 0.6 | E52: 1.5 | F52: =+C52*D52*E52 -> 28.8
B53: Cajas domiciliarias | C53: 0.8 | D53: 0.8 | E53: 10 | F53: =+C53*D53*E53 -> 6.4
B54: redes aguas lluvias
B55: cunetas | C55: =90+80 -> 170 | D55: 0.7 | E55: 0.3 | F55: =+C55*D55*E55 -> 35.7
B58: DESCRIPCIÓN | C58: UNIDAD | D58: CANTIDAD
A59: 2.3. | B59: =+#REF! -> #REF! | C59: M3 | D59: =ROUND(SUM(G62:G68),1) -> 201.3
B61: Descripción | C61: Longitud | D61: ancho | E61: alto | F61: Volumen tubería | G61: volumen
B62: redes de acueducto | C62: =+C45 -> 73 | D62: 0.5 | E62: 1 | F62: 0 | G62: =+C62*D62*E62-F62 -> 36.5
B63: redes de alcantarillado
B64: tramo ca1- ca2 | C64: 61 | D64: 0.7 | E64: 1.5 | F64: =0.03*C64 -> 1.83 | G64: =+C64*D64*E64-F64 -> 62.22
B65: tramo ca2-ca3 | C65: 20 | D65: 0.7 | E65: 1.5 | F65: =0.03*C65 -> 0.6 | G65: =+C65*D65*E65-F65 -> 20.4
B66: tramo ca3-Ca4 | C66: 53 | D66: 0.7 | E66: 1.5 | F66: =0.03*C66 -> 1.59 | G66: =+C66*D66*E66-F66 -> 54.06
B67: Ca4-Descarga | C67: 12.7 | D67: 0.7 | E67: 1.75 | F67: =0.03*C67 -> 0.381
B68: redes domiciliarias | C68: =3.2*10 -> 32 | D68: 0.6 | E68: 1.5 | F68: =0.02*C68 -> 0.64 | G68: =+C68*D68*E68-F68 -> 28.16
B71: DESCRIPCIÓN | C71: UNIDAD | D71: CANTIDAD
A72: 2.4. | B72: =+#REF! -> #REF! | C72: M3 | D72: =+D24+D42-D59 -> 1435.7
B75: DESCRIPCIÓN | C75: UNIDAD | D75: CANTIDAD
A76: 2.5. | B76: =+#REF! -> #REF! | C76: M2 | D76: =+E79+E82 -> 1149.4
B78: SECTOR | C78: LONGITUD | D78: ANCHO | E78: ÁREA
B79: Nivelación vía, andenes y antejardines | C79: 70 | D79: 2.85 | E79: 670.4
B81: SECTOR | C81: CANTIDAD | D81: ÁREA POR UN | E81: ÁREA
B82: Víviendas | C82: 10 | D82: 47.9 | E82: =+C82*D82 -> 479
B85: DESCRIPCIÓN | C85: UNIDAD | D85: CANTIDAD
A86: 2.6. | B86: =+#REF! -> #REF! | C86: M2 | D86: 90
B90: DESCRIPCIÓN | C90: UNIDAD | D90: CANTIDAD
A91: 3.1. | B91: =+#REF! -> #REF! | C91: M3 | D91: =ROUND(F94+G97,1) -> 33.8
B93: SECTOR | C93: LONGITUD | D93: ANCHO | E93: ESPESOR | F93: VOLUMEN
B94: vía peatonal + anden | C94: 82 | D94: 1.2 | E94: 0.1 | F94: =+C94*D94*E94 -> 9.84
B96: SECTOR | C96: LONGITUD | D96: ANCHO | E96: LOTES | F96: ESPESOR | G96: ÁREA
B97: Afirmado de 5cm para vaciado contrapiso | C97: 7.98 | D97: 6 | E97: 10 | F97: 0.05 | G97: =+C97*D97*E97*F97 -> 23.94
B100: DESCRIPCIÓN | C100: UNIDAD | D100: CANTIDAD
A101: 3.2. | B101: =+#REF! -> #REF! | C101: ML | D101: =+C104 -> 0
B103: SECTOR | C103: LONGITUD
B104: BORDILLOS | C104: 0
B107: DESCRIPCIÓN | C107: UNIDAD | D107: CANTIDAD
A108: 3.3. | B108: =+#REF! -> #REF! | C108: M2 | D108: =+E111 -> 98.4
C110: LONGITUD | D110: ANCHO | E110: ÁREA
B111: ANDENES | C111: 82 | D111: 1.2 | E111: =+C111*D111 -> 98.4
B114: DESCRIPCIÓN | C114: UNIDAD | D114: CANTIDAD
A115: 3.4. | B115: =+#REF! -> #REF! | C115: m3 | D115: =+E118 -> 11.04
C117: ÁREA (LXH) | D117: ANCHO | E117: VOLUMEN
B118: Muros para submuración por efectos de pendiente lote | C118: =8*1.15*4 -> 36.8 | D118: 0.3 | E118: =+C118*D118 -> 11.04
B122: DESCRIPCIÓN | C122: UNIDAD | D122: CANTIDAD
A123: 4.1. | B123: =+#REF! -> #REF! | C123: UN | D123: 1
B126: DESCRIPCIÓN | C126: UNIDAD | D126: CANTIDAD
A127: 4.2. | B127: =+#REF! -> #REF! | C127: ML | D127: =+C130 -> 73
B129: Descripción | C129: Longitud
B130: redes de acueducto | C130: =+C45 -> 73
B133: DESCRIPCIÓN | C133: UNIDAD | D133: CANTIDAD
A134: 4.3. | B134: =+#REF! -> #REF! | C134: UN | D134: 1
B137: DESCRIPCIÓN | C137: UNIDAD | D137: CANTIDAD
A138: 4.4. | B138: =+#REF! -> #REF! | C138: ML | D138: =+C52 -> 32
B141: DESCRIPCIÓN | C141: UNIDAD | D141: CANTIDAD
A142: 4.5. | B142: =+#REF! -> #REF! | C142: ML | D142: =+SUM(C145:C148) -> 146.7
B144: Descripción | C144: Longitud
B145: tramo ca1- ca2 | C145: 61
B146: tramo ca2-ca3 | C146: 20
B147: tramo ca3-Ca4 | C147: 53
B148: Ca4-Descarga | C148: 12.7
B150: DESCRIPCIÓN | C150: UNIDAD | D150: CANTIDAD
A151: 4.6. | B151: =+#REF! -> #REF! | C151: ML | D151: 0
B154: DESCRIPCIÓN | C154: UNIDAD | D154: CANTIDAD
A155: 4.7. | B155: =+#REF! -> #REF! | C155: ML | D155: 6
B159: DESCRIPCIÓN | C159: UNIDAD | D159: CANTIDAD
A160: 4.8. | B160: =+#REF! -> #REF! | C160: ML | D160: =+SUM(C163:C164) -> 0
B163: DESCRIPCIÓN | C163: UNIDAD | D163: CANTIDAD
A164: 4.9. | B164: =+#REF! -> #REF! | C164: UN | D164: 10
B167: DESCRIPCIÓN | C167: UNIDAD | D167: CANTIDAD
...

Sheet CANTIDADES URBANISMO LA DORADA
B1: PROYECTO. "CONSTRUCCIÓN DE SOLUCIONES HABITACIONALES PARA LA REUBICACIÓN DE POBLACIÓN UBICADA EN ZONAS DE ALTO RIESGO NO MITIGABLE EN EL TERRITORIO DE OPORTUNIDADES DEL DEPARTAMENTO DE CALDAS - ZONA URBANA". CANTIDADES URBANISMO LA DORADA
B6: DESCRIPCIÓN | C6: UNIDAD | D6: CANTIDAD
A7: 1.1. | B7: =+#REF! -> #REF! | C7: DÍA | D7: =+C12 -> 2
B9: Descripción | C9: dedicación Días
B10: Nivelación | C10: 1
B11: localización hiladeros | C11: 1
B12: TOTAL= | C12: =+C10+C11 -> 2
B15: DESCRIPCIÓN | C15: UNIDAD | D15: CANTIDAD
A16: 1.2. | B16: =+#REF! -> #REF! | C16: M2 | D16: =+E19 -> 1020
B18: longitud | C18: ancho | D18: Número solares | E18: área
B19: 10 | C19: 6 | D19: =9+8 -> 17 | E19: =+B19*C19*D19 -> 1020
B22: DESCRIPCIÓN | C22: UNIDAD | D22: CANTIDAD
A23: 2.1. | B23: =+#REF! -> #REF! | C23: M3 | D23: 0
B27: DESCRIPCIÓN | C27: UNIDAD | D27: CANTIDAD
A28: 2.2. | B28: =+#REF! -> #REF! | C28: M3 | D28: =ROUND(SUM(G31:G32),1) -> 64.3
B30: Descripción | C30: Longitud | D30: ancho | E30: alto | G30: volumen
B31: Cajas domiciliarias | C31: 0.8 | D31: 0.8 | E31: 1.4 | F31: 13 | G31: =+C31*D31*E31*F31 -> 11.648
B32: Acometidas alcantarillado | C32: 4.5 | D32: 0.6 | E32: 1.5 | F32: =4+9 -> 13 | G32: =+C32*D32*E32*F32 -> 52.65
B35: DESCRIPCIÓN | C35: UNIDAD | D35: CANTIDAD
A36: 2.3. | B36: =+#REF! -> #REF! | C36: M3 | D36: =+G39 -> 30
B38: Descripción | C38: Longitud | D38: ancho | E38: alto | F38: Cantidad | G38: volumen
B39: Lleno para subir 10 cm nivel de piso con respecto a nivel inicial | C39: 10 | D39: 6 | E39: 0.1 | F39: 5 | G39: =+C39*D39*E39*F39 -> 30
B42: DESCRIPCIÓN | C42: UNIDAD | D42: CANTIDAD
A43: 2.4. | B43: =+#REF! -> #REF! | C43: M3 | D43: =+D28-D36 -> 34.3
B46: DESCRIPCIÓN | C46: UNIDAD | D46: CANTIDAD
A47: 2.5. | B47: =+#REF! -> #REF! | C47: M2 | D47: =+E50 -> 1020
B49: longitud | C49: ancho | D49: Número solares | E49: área
B50: 10 | C50: 6 | D50: =9+8 -> 17 | E50: =+B50*C50*D50 -> 1020
B53: DESCRIPCIÓN | C53: UNIDAD | D53: CANTIDAD
A54: 2.6. | B54: =+#REF! -> #REF! | C54: M2 | D54: 0
B58: DESCRIPCIÓN | C58: UNIDAD | D58: CANTIDAD
A59: 3.1. | B59: =+#REF! -> #REF! | C59: M3 | D59: =+F63+F67 -> 7.14
B61: Contrapiso
B62: longitud | C62: ancho | D62: Número solares | E62: ESPESOR | F62: VOLUMEN
B63: 10 | C63: 6 | D63: =9+8 -> 17 | E63: 0.05 | F63: =+C63*D63*E63 -> 5.1
B65: Andenes
B66: longitud | C66: ancho | D66: Número solares | E66: ESPESOR | F66: ÁREA
B67: 6 | C67: 1.2 | D67: =9+8 -> 17 | E67: 0.1 | F67: =ROUND(C67*D67*E67,2) -> 2.04
B71: DESCRIPCIÓN | C71: UNIDAD | D71: CANTIDAD
A72: 3.2. | B72: =+#REF! -> #REF! | C72: ML | D72: =+C75 -> 102
B74: SECTOR | C74: LONGITUD
B75: BORDILLOS | C75: =6*17 -> 102
B78: DESCRIPCIÓN | C78: UNIDAD | D78: CANTIDAD
A79: 3.3. | B79: =+#REF! -> #REF! | C79: M2 | D79: =+E82 -> 122.4
C81: LONGITUD | D81: ANCHO | E81: ÁREA
B82: ANDENES | C82: =+C75 -> 102 | D82: 1.2 | E82: =+C82*D82 -> 122.4
B85: DESCRIPCIÓN | C85: UNIDAD | D85: CANTIDAD
A86: 3.4. | B86: =+#REF! -> #REF! | C86: M2 | D86: =+G89 -> 0
C88: LONGITUD | D88: ANCHO | E88: ALTO | F88: CANTIDAD | G88: VOLUMEN
B89: Muros para submuración por efectos de pendiente lote | C89: 0 | D89: 0 | E89: 0 | F89: 0 | G89: =+C89*D89*E89*F89 -> 0
B93: DESCRIPCIÓN | C93: UNIDAD | D93: CANTIDAD
A94: 4.1. | B94: =+#REF! -> #REF! | C94: UN | D94: 0
B97: DESCRIPCIÓN | C97: UNIDAD | D97: CANTIDAD
A98: 4.2. | B98: =+#REF! -> #REF! | C98: ML | D98: 0
B100: Descripción | C100: Longitud
B101: redes de acueducto | C101: 0
B104: DESCRIPCIÓN | C104: UNIDAD | D104: CANTIDAD
A105: 4.3. | B105: =+#REF! -> #REF! | C105: UN | D105: 0
B108: DESCRIPCIÓN | C108: UNIDAD | D108: CANTIDAD
A109: 4.4. | B109: =+#REF! -> #REF! | C109: ML | D109: =+D112 -> 58.5
B111: longitud tubería por domiciliaría | C111: Número solares | D111: Longitud total
B112: 4.5 | C112: 13 | D112: =+B112*C112 -> 58.5
B115: DESCRIPCIÓN | C115: UNIDAD | D115: CANTIDAD
A116: 4.5. | B116: =+#REF! -> #REF! | C116: ML | D116: 0
B119: DESCRIPCIÓN | C119: UNIDAD | D119: CANTIDAD
A120: 4.6. | B120: =+#REF! -> #REF! | C120: ML | D120: 0
B123: DESCRIPCIÓN | C123: UNIDAD | D123: CANTIDAD
A124: 4.7. | B124: =+#REF! -> #REF! | C124: ML | D124: 0
B128: DESCRIPCIÓN | C128: UNIDAD | D128: CANTIDAD
A129: 4.8. | B129: =+#REF! -> #REF! | C129: ML | D129: =+SUM(C132:C133) -> 0
B132: DESCRIPCIÓN | C132: UNIDAD | D132: CANTIDAD
A133: 4.9. | B133: =+#REF! -> #REF! | C133: UN | D133: 13
B136: DESCRIPCIÓN | C136: UNIDAD | D136: CANTIDAD
A137: 4.10. | B137: =+#REF! -> #REF! | C137: ML | D137: 0
B141: DESCRIPCIÓN | C141: UNIDAD | D141: CANTIDAD
A142: 4.11. | B142: =+#REF! -> #REF! | C142: UN | D142: 0
B145: DESCRIPCIÓN | C145: UNIDAD | D145: CANTIDAD
A146: 4.12. | B146: =+#REF! -> #REF! | C146: UN | D146: 0
B149: DESCRIPCIÓN | C149: UNIDAD | D149: CANTIDAD
A150: 4.13. | B150: =+#REF! -> #REF! | C150: M3 | D150: 0
B153: DESCRIPCIÓN | C153: UNIDAD | D153: CANTIDAD
A154: 4.14. | B154: =+#REF! -> #REF! | C154: M3 | D154: 0

Sheet CANTIDADES URBANISMO NORCASIA
B1: PROYECTO. "CONSTRUCCIÓN DE SOLUCIONES HABITACIONALES PARA LA REUBICACIÓN DE POBLACIÓN UBICADA EN ZONAS DE ALTO RIESGO NO MITIGABLE EN EL TERRITORIO DE OPORTUNIDADES DEL DEPARTAMENTO DE CALDAS - ZONA URBANA". CANTIDADES URBANISMO NORCASIA
B7: DESCRIPCIÓN | C7: UNIDAD | D7: CANTIDAD
A8: 1.1. | B8: =+#REF! -> #REF! | C8: DÍA | D8: =+C14 -> 4
B10: Descripción | C10: dedicación Días
B11: Cortes y/o llenos | C11: 1
B12: Nivelación | C12: 1
B13: trazado de redes y cunetas | C13: 2
B14: TOTAL= | C14: =+C11+C12+C13 -> 4
B17: DESCRIPCIÓN | C17: UNIDAD | D17: CANTIDAD
A18: 1.2. | B18: =+#REF! -> #REF! | C18: M2 | D18: 2023
B24: DESCRIPCIÓN | C24: UNIDAD | D24: CANTIDAD
A25: 2.1. | B25: =+#REF! -> #REF! | C25: M3 | D25: =+E39 -> 1443.12
B27: DESCRIPCIÓN | C27: ÁREA CORTE | D27: LONGITUD | E27: VOL
B28: previo a perfil 1 | C28: 0
D29: 5 | E29: =+((C28+C30)/2)*D29 -> 30
B30: Perfil 1 | C30: 12
D31: 8 | E31: =+((C30+C32)/2)*D31 -> 120
B32: Pefil 2 | C32: 18
D33: 9 | E33: =+((C32+C34)/2)*D33 -> 274.5
B34: Perfil 3 | C34: 43
D35: 14 | E35: =+((C34+C36)/2)*D35 -> 949.9
B36: posterior a perfil 3 | C36: 92.7
B38: Factor por incertidumbre | E38: 1.05
B39: TOTAL= | E39: =+SUM(E29:E36)*E38 -> 1443.12
B42: DESCRIPCIÓN | C42: UNIDAD | D42: CANTIDAD
A43: 2.2. | B43: =+#REF! -> #REF! | C43: M3 | D43: =ROUND(SUM(F46:F61),1) -> 263.1
B45: Descripción | C45: Longitud | D45: ancho | E45: alto | F45: volumen
B46: redes de acueducto | C46: =9.8+36+12.3+23.4+14.7+21.4 -> 117.6 | D46: 0.5 | E46: 1 | F46: =+C46*D46*E46 -> 58.8
B47: redes de alcantarillado
B48: tramo ca1- ca2 | C48: 24 | D48: 0.7 | E48: 1.35 | F48: =+C48*D48*E48 -> 22.68
B49: tramo ca2-ca3 | C49: 14.8 | D49: 0.7 | E49: 1.55 | F49: =+C49*D49*E49 -> 16.058
B50: tramo ca3-ca4 | C50: 13.4 | D50: 0.7 | E50: 1.55 | F50: =+C50*D50*E50 -> 14.539
B51: tramo ca4-entrega | C51: 7 | D51: 0.7 | E51: 1.55 | F51: =+C51*D51*E51 -> 7.595
B52: tramo ca3,1-ca3 | C52: 27 | D52: 0.7 | E52: 1.4 | F52: =+C52*D52*E52 -> 26.46
B53: tramo ca4,1-ca4 | C53: 41.9 | D53: 0.7 | E53: 1.3 | F53: =+C53*D53*E53 -> 38.129
B55: Cámaras de inspección | C55: 8.3 | D55: 2.01 | F55: =+C55*D55 -> 16.683
B56: redes domiciliarias | C56: =2*7+1.3*6 -> 21.8 | D56: 0.6 | E56: 1.5 | F56: =+C56*D56*E56 -> 19.62
B57: Cajas domiciliarias | C57: 0.8 | D57: 0.8 | E57: 13 | F57: =+C57*D57*E57 -> 8.32
B58: redes aguas lluvias
B59: cunetas | C59: =32.5+4+23.5+38 -> 98 | D59: 0.7 | E59: 0.3 | F59: =+C59*D59*E59 -> 20.58
B60: canal escalonado 0.4x0.4m | C60: 38 | D60: 0.6 | E60: 0.6 | F60: =+C60*D60*E60 -> 13.68
B61: canal escalonado 0.4x0.6m | C61: 0 | D61: 0.8 | E61: 0.6 | F61: =+C61*D61*E61 -> 0
B64: DESCRIPCIÓN | C64: UNIDAD | D64: CANTIDAD
A65: 2.3. | B65: =+#REF! -> #REF! | C65: M3 | D65: =ROUND(SUM(G68:G77),1) -> 199.5
B67: Descripción | C67: Longitud | D67: ancho | E67: alto | F67: Volumen tubería | G67: volumen
B68: redes de acueducto | C68: =+C46 -> 117.6 | D68: 0.5 | E68: 1 | F68: 0 | G68: =+C68*D68*E68-F68 -> 58.8
B69: redes de alcantarillado
B70: tramo ca1- ca2 | C70: =+C48 -> 24 | D70: 0.7 | E70: 1.35 | F70: =0.03*C70 -> 0.72 | G70: =+C70*D70*E70-F70 -> 21.96
B71: tramo ca2-ca3 | C71: =+C49 -> 14.8 | D71: 0.7 | E71: 1.55 | F71: =0.03*C71 -> 0.444 | G71: =+C71*D71*E71-F71 -> 15.614
B72: tramo ca3-ca4 | C72: =+C50 -> 13.4 | D72: 0.7 | E72: 1.55 | F72: =0.03*C72 -> 0.402 | G72: =+C72*D72*E72-F72 -> 14.137
B73: tramo ca4-entrega | C73: =+C51 -> 7 | D73: 0.7 | E73: 1.55 | F73: =0.049*C73 -> 0.343 | G73: =+C73*D73*E73-F73 -> 7.252
B74: tramo ca3,1-ca3 | C74: =+C52 -> 27 | D74: 0.7 | E74: 1.4 | F74: =0.03*C74 -> 0.81 | G74: =+C74*D74*E74-F74 -> 25.65
B75: tramo ca4,1-ca4 | C75: =+C53 -> 41.9 | D75: 0.7 | E75: 1.3 | F75: =0.03*C75 -> 1.257 | G75: =+C75*D75*E75-F75 -> 36.872
B77: redes domiciliarias | C77: =+C56 -> 21.8 | D77: 0.6 | E77: 1.5 | F77: =0.02*C77 -> 0.436 | G77: =+C77*D77*E77-F77 -> 19.184
B80: DESCRIPCIÓN | C80: UNIDAD | D80: CANTIDAD
A81: 2.4. | B81: =+#REF! -> #REF! | C81: M3 | D81: =+D25+D43-D65 -> 1506.72
B84: DESCRIPCIÓN | C84: UNIDAD | D84: CANTIDAD
A85: 2.5. | B85: =+#REF! -> #REF! | C85: M2 | D85: =+E88 -> 1250
B87: SECTOR | C87: LONGITUD | D87: ANCHO | E87: ÁREA
B88: Nivelación vía y andenes y viviendas | E88: 1250
B91: DESCRIPCIÓN | C91: UNIDAD | D91: CANTIDAD
A92: 2.6. | B92: =+#REF! -> #REF! | C92: M2 | D92: 578
B99: DESCRIPCIÓN | C99: UNIDAD | D99: CANTIDAD
A100: 3.1. | B100: =+#REF! -> #REF! | C100: M3 | D100: =ROUND(F103+F104+F105+F106,1) -> 46.4
B102: SECTOR | C102: LONGITUD | D102: ANCHO | E102: ESPESOR | F102: VOLUMEN
B103: VÍAS PEATONALES (ANDENES) | C103: 22 | D103: 1.2 | E103: 0.1 | F103: =+C103*D103*E103 -> 2.64
C104: 24 | D104: 1.2 | E104: 0.1 | F104: =+C104*D104*E104 -> 2.88
C105: 81 | D105: 1.2 | E105: 0.1 | F105: =+C105*D105*E105 -> 9.72
B106: Afirmado de 5cm para vaciado contrapiso | C106: 7.98 | D106: =6*13 -> 78 | E106: 0.05 | F106: =+C106*D106*E106 -> 31.122
B109: DESCRIPCIÓN | C109: UNIDAD | D109: CANTIDAD
A110: 3.2. | B110: =+#REF! -> #REF! | C110: ML | D110: =+C113 -> 45
B112: SECTOR | C112: LONGITUD
B113: BORDILLOS | C113: 45
B116: DESCRIPCIÓN | C116: UNIDAD | D116: CANTIDAD
A117: 3.3. | B117: =+#REF! -> #REF! | C117: M2 | D117: =+E120 -> 152.4
C119: LONGITUD | D119: ANCHO | E119: ÁREA
B120: ANDENES | C120: =+C103+C104+C105 -> 127 | D120: 1.2 | E120: =+C120*D120 -> 152.4
B123: DESCRIPCIÓN | C123: UNIDAD | D123: CANTIDAD
A124: 3.4. | B124: =+#REF! -> #REF! | C124: M2 | D124: =+G127 -> 0
C126: LONGITUD | D126: ANCHO | E126: ALTO | F126: CANTIDAD | G126: VOLUMEN
B127: Muros para submuración por efectos de pendiente lote | C127: 0 | D127: 0 | E127: 0 | F127: 0 | G127: =+C127*D127*E127*F127 -> 0
B131: DESCRIPCIÓN | C131: UNIDAD | D131: CANTIDAD
A132: 4.1. | B132: =+#REF! -> #REF! | C132: UN | D132: 1
B135: DESCRIPCIÓN | C135: UNIDAD | D135: CANTIDAD
A136: 4.2. | B136: =+#REF! -> #REF! | C136: ML | D136: =+C139 -> 117.6
B138: Descripción | C138: Longitud
B139: redes de acueducto | C139: =+C46 -> 117.6
B142: DESCRIPCIÓN | C142: UNIDAD | D142: CANTIDAD
A143: 4.3. | B143: =+#REF! -> #REF! | C143: UN | D143: 1
B146: DESCRIPCIÓN | C146: UNIDAD | D146: CANTIDAD
A147: 4.4. | B147: =+#REF! -> #REF! | C147: ML | D147: =+C56 -> 21.8
B150: DESCRIPCIÓN | C150: UNIDAD | D150: CANTIDAD
A151: 4.5. | B151: =+#REF! -> #REF! | C151: ML | D151: =+SUM(C154:C157) -> 79.2
B153: Descripción | C153: Longitud
B154: Tramo Ca1-Ca2 | C154: 24
B155: Tramo Ca2-Ca3 | C155: 14.8
B156: tramo ca3-ca4 | C156: 13.4
B157: Tramo Ca3,1-Ca3 | C157: 27
B159: DESCRIPCIÓN | C159: UNIDAD | D159: CANTIDAD
A160: 4.6. | B160: =+#REF! -> #REF! | C160: ML | D160: =+C163 -> 7
...

Sheet APOYO A LA SUPERVISIÓN
B1: PROYECTO. "CONSTRUCCIÓN DE SOLUCIONES HABITACIONALES PARA LA REUBICACIÓN DE POBLACIÓN UBICADA EN ZONAS DE ALTO RIESGO NO MITIGABLE EN EL TERRITORIO DE OPORTUNIDADES DEL DEPARTAMENTO DE CALDAS - ZONA URBANA".
D2: CALCULO COSTO APOYO A LA SUPERVISIÓN
A4: COSTOS DE PERSONAL PROFESIONAL.
A5: 1 | B5: PERSONAL | C5: Unidad | D5: Cantidad | E5: Tiempo Contrato/mes | F5: Dedicación | G5: Valor Unitario | H5: Factor Multiplicador | I5: Valor Total
A6: 1.1. | B6: Apoyo a la supervisión. Ingeniero Civil (experiencia mínima 2 años) | C6: Personas | D6: 1 | E6: 6 | F6: 1 | G6: 3160000 | H6: 1 | I6: =G6*E6*F6*H6 -> 18960000
A7: 1.2. | B7: Apoyo a la supervisión. Profesional social | C7: Personas | D7: 1 | E7: 6 | F7: 1 | G7: 2820000 | H7: 1 | I7: =D7*G7*E7*F7*H7 -> 16920000
B8: Subtotal personal | G8: =SUM(G6:G7) -> 5980000 | I8: =+SUM(I6:I7) -> 35880000
A10: OTROS COSTOS ASOCIADOS AL CONTRATO | B10: Otros costos
A11: 2 | B11: DESCRIPCIÓN DE COSTOS | C11: Unidad | D11: Cantidad | E11: Tiempo Contrato/mes | F11: Dedicación | G11: Valor Unitario | H11: Factor Multiplicador | I11: Valor Total
A12: 2.4. | B12: Componente variable (gastos de desplazamiento) | C12: Mes | D12: 1 | E12: 6 | F12: 1 | G12: =52026*12*2 -> 1248624 | H12: 1 | I12: =D12*E12*F12*G12*H12 -> 7491744
B13: Subtotal | G13: =SUM(G12:G12) -> 1248624 | H13: 1 | I13: =SUM(I12:I12) -> 7491744
B15: Total | I15: =ROUND(I8+I13,0) -> 43371744

Sheet Cantidades escalera
B2: CONCRETO
C4: longitud | D4: Área transversal | G4: volumen
B5: vigas 12*25 | C5: =(1.5+1.56)*1.21*2 -> 7.4052 | D5: =0.12*0.25 -> 0.03 | G5: =+C5*D5 -> 0.222156
C8: cantidad | D8: largo | E8: ancho | F8: espesor | G8: volumen
B9: escalones | C9: 17 | D9: 0.9 | E9: 0.28 | F9: 0.06 | G9: =+C9*D9*E9*F9 -> 0.25704
B10: descansos intermedio | C10: 1 | D10: 0.9 | E10: 0.9 | F10: 0.12 | G10: =+C10*D10*E10*F10 -> 0.0972
B11: descaso superior | C11: 1 | D11: 1 | E11: 0.9 | F11: 0.12 | G11: =+C11*D11*E11*F11 -> 0.108
B12: anclaje | C12: 1 | D12: 0.5 | E12: 0.4 | F12: 0.3 | G12: =+C12*D12*E12*F12 -> 0.06
D14: Total (incluye desperdicio 3%) | G14: =(SUM(G5:G12))*1.03 -> 0.76672788
B17: ACERO
D19: PESO | E19: DESPERDICIO | F19: TOTAL
B20: vigas 12*25 | C20: =(C5+2)*1.8*4 -> 67.71744 | D20: 0.56 | E20: 1.03 | F20: =+C20*D20*E20 -> 39.059419
B21: estribos | C21: =ROUND((C5/0.2),0)*0.7 -> 25.9 | D21: 0.56 | E21: 1.03 | F21: =+C21*D21*E21 -> 14.93912
B22: escalones | C22: =(0.8*4+4*0.22+4*0.6)*17 -> 110.16 | D22: 0.56 | E22: 1.03 | F22: =+C22*D22*E22 -> 63.540288
B23: descanso | C23: =12*0.85*2 -> 20.4 | D23: 0.56 | E23: 1.03 | F23: =+C23*D23*E23 -> 11.76672
B24: anclaje | C24: 2 | D24: 0.56 | E24: 1.03 | F24: =+C24*D24*E24 -> 1.1536
E26: TOTAL | F26: =+SUM(F20:F24) -> 130.45915
